Workbook
Name \c: [1]SID_NI_5!#REF!
Name \p: [1]SID_NI_5!#REF!
Name ______ms299: #REF!
Name ___ms299: #REF!
Name __ms299: #REF!
Name _3: #REF!
Name _ms299: #REF!
Name a: #REF!
Name aco: #REF!
Name adfhdfhsd: [1]SID_NI_5!#REF!
Name AGERGADO0: #REF!
Name AGREGADO: '[3]LISTAS - PLANILHA OCULTA'!$A$2:$A$6
Name AGREGADOS: #REF!
Name agua: #REF!
Name alt: #REF!
Name Área_impressão_IM: #REF!
Name ASCAS: #REF!
Name avenida: #REF!
Name BDI: [4]INVENTÁRIO!$B$3
Name BOLETIM: #REF!
Name CAP: '[3]LISTAS - PLANILHA OCULTA'!$E$2:$E$6
Name CASCALHO_MS_299: #REF!
Name ccc: #REF!
Name comp: #REF!
Name COMPOSIÇÃO: [5]cronograma!#REF!
Name consumo: [6]Inventário!$P$3
Name CONTRATO: [7]APONT!$B$5:$G$426
Name CREONOAOAOAOA: #REF!
Name Cronograma: [8]APONT!$B$5:$G$426
Name custo_energia: [6]Inventário!$V$6
Name custo_energiaB4a: [6]Inventário!$V$7
Name d: #REF!
Name des: #REF!
Name Desma: #REF!
Name dghdfhsdf: [1]SID_NI_5!#REF!
Name DIESEL1: '[3]LISTAS - PLANILHA OCULTA'!$K$2:$K$8
Name drenag: #REF!
Name drenagem: #REF!
Name dsghnfxgvnjxf: #REF!
Name edf: #REF!
Name Eu: #REF!
Name extenção: #REF!
Name ferramenta_eq_mensal: [6]Ref_Materiais_Equipe!$J$41
Name fhdfhsfd: [1]SID_NI_5!#REF!
Name FIRMA: [9]DADOS!$B$12
Name fudeu: [1]SID_NI_5!#REF!
Name GERADOR: #REF!
Name ghgh: #REF!
Name IMPRIMAÇÃO: #REF!
Name jnxcfhnxc: #REF!
Name Kincc: #REF!
Name Koae: #REF!
Name Kp: #REF!
Name Kt: #REF!
Name LOCALE1: [9]DADOS!$B$3
Name mmm: #REF!
Name MMMMM: #REF!
Name nivel_coordOeM: [11]Painel!$C$26
Name oac: #REF!
Name oc: #REF!

Sheet RESUMO
A2: OBRA: | B2: PROJETO EXECUTIVO DE CLIMATIZAÇÃO - AEROPORTO REGIONAL DE CÁCERES CCX - MT
A3: ENDEREÇO: | B3: AEROPORTO REGIONAL DE CÁCERES, CARRAPATINHO , CÁCERES-MT | C3: BDI: | D3: =BDI!E16 -> 0.252
A4: MUNICÍPIO: | B4: CÁCERES/MT | C4: DATA: | D4: 45603
A5: ASSUNTO: | B5: PLANILHA ORÇAMENTÁRIA - PROJETO EXECUTIVO DE CLIMATIZAÇÃO - AEROPORTO REGIONAL DE CÁCERES CCX - MT | C5: Boletim SINAPI / SETEMBRO 2024 (NÃO DESONERADO)
A9: RESUMO DA PLANILHA ORÇAMENTARIA
A11: ITEM | B11: ETAPAS | C11: VALOR | D11: %
A12: =ORÇAMENTO!A11 -> 1.0 | B12: =ORÇAMENTO!C11 -> ADMINISTRAÇÃO LOCAL | C12: =ORÇAMENTO!H13 -> 64760.32 | D12: =100*C12/C$17 -> 56.709405
A13: =ORÇAMENTO!A14 -> 2.0 | B13: =ORÇAMENTO!C14 -> MOBILIZAÇÃO E DESMOBILIZAÇÃO DE PESSOAL | C13: =ORÇAMENTO!H16 -> 858.38 | D13: =100*C13/C$17 -> 0.75166736
A14: =ORÇAMENTO!A17 -> 3.0 | B14: =ORÇAMENTO!C17 -> SERVIÇOS DE ALVENARIA E DREANAGEM - ARES-CONDICIONADOS | C14: =ORÇAMENTO!H22 -> 759.67 | D14: =100*C14/C$17 -> 0.66522886
A15: =ORÇAMENTO!A24 -> 4.0 | B15: =ORÇAMENTO!C24 -> SERVIÇOS DE BAIXA TENSÃO | C15: =ORÇAMENTO!H48 -> 46800.82 | D15: =100*C15/C$17 -> 40.982606
A16: =ORÇAMENTO!A49 -> 5.0 | B16: =ORÇAMENTO!C49 -> SERVIÇOS FINAIS | C16: =ORÇAMENTO!H51 -> 1017.6 | D16: =100*C16/C$17 -> 0.89109335
A17: TOTAL DA OBRA | C17: =SUM(C12:C16) -> 114196.79 | D17: =SUM(D12:D16) -> 100
A19: CÁCERES - MT / 07 DE NOVEMBRO DE 2024
A21: =ORÇAMENTO!A59 -> IMPORTA O VALOR TOTAL DO CONTRATO: CENTO E QUATORZE MIL CENTO E NOVENTA E SEIS REAIS E SETENTA E NOVE CENTAVOS.

Sheet ORÇAMENTO
A1: SECRETARIA DE ESTADO DE INFRAESTRUTURA E LOGÍSTICA - SINFRA
A2: =RESUMO!A2 -> OBRA: | B2: =RESUMO!B2 -> PROJETO EXECUTIVO DE CLIMATIZAÇÃO - AEROPORTO REGIONAL DE CÁCERES CCX - MT
A3: =RESUMO!A3 -> ENDEREÇO: | B3: =RESUMO!B3 -> AEROPORTO REGIONAL DE CÁCERES, CARRAPATINHO , CÁCERES-MT
A4: =RESUMO!A4 -> MUNICÍPIO: | B4: =RESUMO!B4 -> CÁCERES/MT | D4: =RESUMO!C5 -> Boletim SINAPI / SETEMBRO 2024 (NÃO DESONERADO) | G4: =RESUMO!C3 -> BDI: | H4: =BDI!E16 -> 0.252
A5: =RESUMO!A5 -> ASSUNTO: | B5: =RESUMO!B5 -> PLANILHA ORÇAMENTÁRIA - PROJETO EXECUTIVO DE CLIMATIZAÇÃO - AEROPORTO REGIONAL DE CÁCERES CCX - MT | G5: =RESUMO!C4 -> DATA: | H5: =RESUMO!D4 -> 45603
A7: PLANILHA ORÇAMENTÁRIA
A9: ITEM | B9: CÓDIGO /SINAPI | C9: DESCRIÇÃO | D9: UNIDADE | E9: QUANT. CONTRATO | F9: VALOR UNITÁRIO | G9: VALOR UNITÁRIO COM BDI | H9: VALOR TOTAL
A11: 1.0 | C11: ADMINISTRAÇÃO LOCAL
A12: 1.1 | B12: =COMPOSIÇÕES!A150 -> COMP 01 | C12: =COMPOSIÇÕES!D150 -> ADMINISTRAÇÃO LOCAL | D12: UND | E12: 2 | F12: =COMPOSIÇÕES!H164 -> 25862.75 | G12: =TRUNC((F12*(1+$H$6))*(1+$H$4),2) -> 32380.16 | H12: =TRUNC(G12*E12,2) -> 64760.32
A13: SUB-TOTAL | H13: =SUM(H12:H12) -> 64760.32
A14: 2.0 | C14: MOBILIZAÇÃO E DESMOBILIZAÇÃO DE PESSOAL
A15: 2.1 | B15: COMPMOB | C15: MOBILIZAÇÃO E DESMOBILIZAÇÃO DE PESSOAL | D15: UND | E15: 1 | F15: 685.61 | G15: =TRUNC((F15*(1+$H$6))*(1+$H$4),2) -> 858.38 | H15: =TRUNC(G15*E15,2) -> 858.38
A16: SUB-TOTAL | H16: =SUM(H15:H15) -> 858.38 | P16: =SUM(P15:P15) -> 0 | Q16: SUB-TOTAL | X16: =SUM(X15:X15) -> 0 | Y16: SUB-TOTAL | AF16: =SUM(AF15:AF15) -> 0 | AG16: SUB-TOTAL | AN16: =SUM(AN15:AN15) -> 0 | AO16: SUB-TOTAL | AV16: =SUM(AV15:AV15) -> 0 | AW16: SUB-TOTAL | BD16: =SUM(BD15:BD15) -> 0 | BE16: SUB-TOTAL | BL16: =SUM(BL15:BL15) -> 0 | BM16: SUB-TOTAL | BT16: =SUM(BT15:BT15) -> 0 | BU16: SUB-TOTAL | CB16: =SUM(CB15:CB15) -> 0 | CC16: SUB-TOTAL | CJ16: =SUM(CJ15:CJ15) -> 0 | CK16: SUB-TOTAL | CR16: =SUM(CR15:CR15) -> 0 | CS16: SUB-TOTAL | CZ16: =SUM(CZ15:CZ15) -> 0 | DA16: SUB-TOTAL | DH16: =SUM(DH15:DH15) -> 0 | DI16: SUB-TOTAL | DP16: =SUM(DP15:DP15) -> 0 | DQ16: SUB-TOTAL | DX16: =SUM(DX15:DX15) -> 0 | DY16: SUB-TOTAL | EF16: =SUM(EF15:EF15) -> 0 | EG16: SUB-TOTAL | EN16: =SUM(EN15:EN15) -> 0 | EO16: SUB-TOTAL | EV16: =SUM(EV15:EV15) -> 0 | EW16: SUB-TOTAL | FD16: =SUM(FD15:FD15) -> 0 | FE16: SUB-TOTAL | FL16: =SUM(FL15:FL15) -> 0 | FM16: SUB-TOTAL | FT16: =SUM(FT15:FT15) -> 0 | FU16: SUB-TOTAL | GB16: =SUM(GB15:GB15) -> 0 | GC16: SUB-TOTAL | GJ16: =SUM(GJ15:GJ15) -> 0 | GK16: SUB-TOTAL | GR16: =SUM(GR15:GR15) -> 0 | GS16: SUB-TOTAL | GZ16: =SUM(GZ15:GZ15) -> 0 | HA16: SUB-TOTAL | HH16: =SUM(HH15:HH15) -> 0 | HI16: SUB-TOTAL | HP16: =SUM(HP15:HP15) -> 0 | HQ16: SUB-TOTAL | HX16: =SUM(HX15:HX15) -> 0 | HY16: SUB-TOTAL | IF16: =SUM(IF15:IF15) -> 0 | IG16: SUB-TOTAL | IN16: =SUM(IN15:IN15) -> 0 | IO16: SUB-TOTAL | IV16: =SUM(IV15:IV15) -> 0 | IW16: SUB-TOTAL | JD16: =SUM(JD15:JD15) -> 0 | JE16: SUB-TOTAL | JL16: =SUM(JL15:JL15) -> 0 | JM16: SUB-TOTAL | JT16: =SUM(JT15:JT15) -> 0 | JU16: SUB-TOTAL | KB16: =SUM(KB15:KB15) -> 0 | KC16: SUB-TOTAL | KJ16: =SUM(KJ15:KJ15) -> 0 | KK16: SUB-TOTAL | KR16: =SUM(KR15:KR15) -> 0 | KS16: SUB-TOTAL | KZ16: =SUM(KZ15:KZ15) -> 0 | LA16: SUB-TOTAL | LH16: =SUM(LH15:LH15) -> 0 | LI16: SUB-TOTAL | LP16: =SUM(LP15:LP15) -> 0 | LQ16: SUB-TOTAL | LX16: =SUM(LX15:LX15) -> 0 | LY16: SUB-TOTAL | MF16: =SUM(MF15:MF15) -> 0 | MG16: SUB-TOTAL | MN16: =SUM(MN15:MN15) -> 0 | MO16: SUB-TOTAL | MV16: =SUM(MV15:MV15) -> 0 | MW16: SUB-TOTAL | ND16: =SUM(ND15:ND15) -> 0 | NE16: SUB-TOTAL | NL16: =SUM(NL15:NL15) -> 0 | NM16: SUB-TOTAL | NT16: =SUM(NT15:NT15) -> 0 | NU16: SUB-TOTAL | OB16: =SUM(OB15:OB15) -> 0 | OC16: SUB-TOTAL | OJ16: =SUM(OJ15:OJ15) -> 0 | OK16: SUB-TOTAL | OR16: =SUM(OR15:OR15) -> 0 | OS16: SUB-TOTAL | OZ16: =SUM(OZ15:OZ15) -> 0 | PA16: SUB-TOTAL | PH16: =SUM(PH15:PH15) -> 0 | PI16: SUB-TOTAL | PP16: =SUM(PP15:PP15) -> 0 | PQ16: SUB-TOTAL | PX16: =SUM(PX15:PX15) -> 0 | PY16: SUB-TOTAL | QF16: =SUM(QF15:QF15) -> 0 | QG16: SUB-TOTAL | QN16: =SUM(QN15:QN15) -> 0 | QO16: SUB-TOTAL | QV16: =SUM(QV15:QV15) -> 0 | QW16: SUB-TOTAL | RD16: =SUM(RD15:RD15) -> 0 | RE16: SUB-TOTAL | RL16: =SUM(RL15:RL15) -> 0 | RM16: SUB-TOTAL | RT16: =SUM(RT15:RT15) -> 0 | RU16: SUB-TOTAL | SB16: =SUM(SB15:SB15) -> 0 | SC16: SUB-TOTAL | SJ16: =SUM(SJ15:SJ15) -> 0 | SK16: SUB-TOTAL | SR16: =SUM(SR15:SR15) -> 0 | SS16: SUB-TOTAL | SZ16: =SUM(SZ15:SZ15) -> 0 | TA16: SUB-TOTAL | TH16: =SUM(TH15:TH15) -> 0 | TI16: SUB-TOTAL | TP16: =SUM(TP15:TP15) -> 0 | TQ16: SUB-TOTAL | TX16: =SUM(TX15:TX15) -> 0 | TY16: SUB-TOTAL | UF16: =SUM(UF15:UF15) -> 0 | UG16: SUB-TOTAL | UN16: =SUM(UN15:UN15) -> 0 | UO16: SUB-TOTAL | UV16: =SUM(UV15:UV15) -> 0 | UW16: SUB-TOTAL | VD16: =SUM(VD15:VD15) -> 0 | VE16: SUB-TOTAL | VL16: =SUM(VL15:VL15) -> 0 | VM16: SUB-TOTAL | VT16: =SUM(VT15:VT15) -> 0 | VU16: SUB-TOTAL | WB16: =SUM(WB15:WB15) -> 0 | WC16: SUB-TOTAL | WJ16: =SUM(WJ15:WJ15) -> 0 | WK16: SUB-TOTAL | WR16: =SUM(WR15:WR15) -> 0 | WS16: SUB-TOTAL | WZ16: =SUM(WZ15:WZ15) -> 0 | XA16: SUB-TOTAL | XH16: =SUM(XH15:XH15) -> 0 | XI16: SUB-TOTAL | XP16: =SUM(XP15:XP15) -> 0 | XQ16: SUB-TOTAL | XX16: =SUM(XX15:XX15) -> 0 | XY16: SUB-TOTAL | YF16: =SUM(YF15:YF15) -> 0 | YG16: SUB-TOTAL | YN16: =SUM(YN15:YN15) -> 0 | YO16: SUB-TOTAL | YV16: =SUM(YV15:YV15) -> 0 | YW16: SUB-TOTAL | ZD16: =SUM(ZD15:ZD15) -> 0 | ZE16: SUB-TOTAL | ZL16: =SUM(ZL15:ZL15) -> 0 | ZM16: SUB-TOTAL | ZT16: =SUM(ZT15:ZT15) -> 0 | ZU16: SUB-TOTAL | AAB16: =SUM(AAB15:AAB15) -> 0 | AAC16: SUB-TOTAL | AAJ16: =SUM(AAJ15:AAJ15) -> 0 | AAK16: SUB-TOTAL | AAR16: =SUM(AAR15:AAR15) -> 0 | AAS16: SUB-TOTAL | AAZ16: =SUM(AAZ15:AAZ15) -> 0 | ABA16: SUB-TOTAL | ABH16: =SUM(ABH15:ABH15) -> 0 | ABI16: SUB-TOTAL | ABP16: =SUM(ABP15:ABP15) -> 0 | ABQ16: SUB-TOTAL | ABX16: =SUM(ABX15:ABX15) -> 0 | ABY16: SUB-TOTAL | ACF16: =SUM(ACF15:ACF15) -> 0 | ACG16: SUB-TOTAL | ACN16: =SUM(ACN15:ACN15) -> 0 | ACO16: SUB-TOTAL | ACV16: =SUM(ACV15:ACV15) -> 0 | ACW16: SUB-TOTAL | ADD16: =SUM(ADD15:ADD15) -> 0 | ADE16: SUB-TOTAL | ADL16: =SUM(ADL15:ADL15) -> 0 | ADM16: SUB-TOTAL | ADT16: =SUM(ADT15:ADT15) -> 0 | ADU16: SUB-TOTAL | AEB16: =SUM(AEB15:AEB15) -> 0 | AEC16: SUB-TOTAL | AEJ16: =SUM(AEJ15:AEJ15) -> 0 | AEK16: SUB-TOTAL | AER16: =SUM(AER15:AER15) -> 0 | AES16: SUB-TOTAL | AEZ16: =SUM(AEZ15:AEZ15) -> 0 | AFA16: SUB-TOTAL | AFH16: =SUM(AFH15:AFH15) -> 0 | AFI16: SUB-TOTAL | AFP16: =SUM(AFP15:AFP15) -> 0 | AFQ16: SUB-TOTAL | AFX16: =SUM(AFX15:AFX15) -> 0 | AFY16: SUB-TOTAL | AGF16: =SUM(AGF15:AGF15) -> 0 | AGG16: SUB-TOTAL | AGN16: =SUM(AGN15:AGN15) -> 0 | AGO16: SUB-TOTAL | AGV16: =SUM(AGV15:AGV15) -> 0 | AGW16: SUB-TOTAL | AHD16: =SUM(AHD15:AHD15) -> 0 | AHE16: SUB-TOTAL | AHL16: =SUM(AHL15:AHL15) -> 0 | AHM16: SUB-TOTAL | AHT16: =SUM(AHT15:AHT15) -> 0 | AHU16: SUB-TOTAL | AIB16: =SUM(AIB15:AIB15) -> 0 | AIC16: SUB-TOTAL | AIJ16: =SUM(AIJ15:AIJ15) -> 0 | AIK16: SUB-TOTAL | AIR16: =SUM(AIR15:AIR15) -> 0 | AIS16: SUB-TOTAL | AIZ16: =SUM(AIZ15:AIZ15) -> 0 | AJA16: SUB-TOTAL | AJH16: =SUM(AJH15:AJH15) -> 0 | AJI16: SUB-TOTAL | AJP16: =SUM(AJP15:AJP15) -> 0 | AJQ16: SUB-TOTAL | AJX16: =SUM(AJX15:AJX15) -> 0 | AJY16: SUB-TOTAL | AKF16: =SUM(AKF15:AKF15) -> 0 | AKG16: SUB-TOTAL | AKN16: =SUM(AKN15:AKN15) -> 0 | AKO16: SUB-TOTAL | AKV16: =SUM(AKV15:AKV15) -> 0 | AKW16: SUB-TOTAL | ALD16: =SUM(ALD15:ALD15) -> 0 | ALE16: SUB-TOTAL | ALL16: =SUM(ALL15:ALL15) -> 0 | ALM16: SUB-TOTAL | ALT16: =SUM(ALT15:ALT15) -> 0 | ALU16: SUB-TOTAL | AMB16: =SUM(AMB15:AMB15) -> 0 | AMC16: SUB-TOTAL | AMJ16: =SUM(AMJ15:AMJ15) -> 0 | AMK16: SUB-TOTAL | AMR16: =SUM(AMR15:AMR15) -> 0 | AMS16: SUB-TOTAL | AMZ16: =SUM(AMZ15:AMZ15) -> 0 | ANA16: SUB-TOTAL | ANH16: =SUM(ANH15:ANH15) -> 0 | ANI16: SUB-TOTAL | ANP16: =SUM(ANP15:ANP15) -> 0 | ANQ16: SUB-TOTAL | ANX16: =SUM(ANX15:ANX15) -> 0 | ANY16: SUB-TOTAL | AOF16: =SUM(AOF15:AOF15) -> 0 | AOG16: SUB-TOTAL | AON16: =SUM(AON15:AON15) -> 0 | AOO16: SUB-TOTAL | AOV16: =SUM(AOV15:AOV15) -> 0 | AOW16: SUB-TOTAL | APD16: =SUM(APD15:APD15) -> 0 | APE16: SUB-TOTAL | APL16: =SUM(APL15:APL15) -> 0 | APM16: SUB-TOTAL | APT16: =SUM(APT15:APT15) -> 0 | APU16: SUB-TOTAL | AQB16: =SUM(AQB15:AQB15) -> 0 | AQC16: SUB-TOTAL | AQJ16: =SUM(AQJ15:AQJ15) -> 0 | AQK16: SUB-TOTAL | AQR16: =SUM(AQR15:AQR15) -> 0 | AQS16: SUB-TOTAL | AQZ16: =SUM(AQZ15:AQZ15) -> 0 | ARA16: SUB-TOTAL | ARH16: =SUM(ARH15:ARH15) -> 0 | ARI16: SUB-TOTAL | ARP16: =SUM(ARP15:ARP15) -> 0 | ARQ16: SUB-TOTAL | ARX16: =SUM(ARX15:ARX15) -> 0 | ARY16: SUB-TOTAL | ASF16: =SUM(ASF15:ASF15) -> 0 | ASG16: SUB-TOTAL | ASN16: =SUM(ASN15:ASN15) -> 0 | ASO16: SUB-TOTAL | ASV16: =SUM(ASV15:ASV15) -> 0 | ASW16: SUB-TOTAL | ATD16: =SUM(ATD15:ATD15) -> 0 | ATE16: SUB-TOTAL | ATL16: =SUM(ATL15:ATL15) -> 0 | ATM16: SUB-TOTAL | ATT16: =SUM(ATT15:ATT15) -> 0 | ATU16: SUB-TOTAL | AUB16: =SUM(AUB15:AUB15) -> 0 | AUC16: SUB-TOTAL | AUJ16: =SUM(AUJ15:AUJ15) -> 0 | AUK16: SUB-TOTAL | AUR16: =SUM(AUR15:AUR15) -> 0 | AUS16: SUB-TOTAL | AUZ16: =SUM(AUZ15:AUZ15) -> 0 | AVA16: SUB-TOTAL | AVH16: =SUM(AVH15:AVH15) -> 0 | AVI16: SUB-TOTAL | AVP16: =SUM(AVP15:AVP15) -> 0 | AVQ16: SUB-TOTAL | AVX16: =SUM(AVX15:AVX15) -> 0 | AVY16: SUB-TOTAL | AWF16: =SUM(AWF15:AWF15) -> 0 | AWG16: SUB-TOTAL | AWN16: =SUM(AWN15:AWN15) -> 0 | AWO16: SUB-TOTAL | AWV16: =SUM(AWV15:AWV15) -> 0 | AWW16: SUB-TOTAL | AXD16: =SUM(AXD15:AXD15) -> 0 | AXE16: SUB-TOTAL | AXL16: =SUM(AXL15:AXL15) -> 0 | AXM16: SUB-TOTAL | AXT16: =SUM(AXT15:AXT15) -> 0 | AXU16: SUB-TOTAL | AYB16: =SUM(AYB15:AYB15) -> 0 | AYC16: SUB-TOTAL | AYJ16: =SUM(AYJ15:AYJ15) -> 0 | AYK16: SUB-TOTAL | AYR16: =SUM(AYR15:AYR15) -> 0 | AYS16: SUB-TOTAL | AYZ16: =SUM(AYZ15:AYZ15) -> 0 | AZA16: SUB-TOTAL | AZH16: =SUM(AZH15:AZH15) -> 0 | AZI16: SUB-TOTAL | AZP16: =SUM(AZP15:AZP15) -> 0 | AZQ16: SUB-TOTAL | AZX16: =SUM(AZX15:AZX15) -> 0 | AZY16: SUB-TOTAL | BAF16: =SUM(BAF15:BAF15) -> 0 | BAG16: SUB-TOTAL | BAN16: =SUM(BAN15:BAN15) -> 0 | BAO16: SUB-TOTAL | BAV16: =SUM(BAV15:BAV15) -> 0 | BAW16: SUB-TOTAL | BBD16: =SUM(BBD15:BBD15) -> 0 | BBE16: SUB-TOTAL | BBL16: =SUM(BBL15:BBL15) -> 0 | BBM16: SUB-TOTAL | BBT16: =SUM(BBT15:BBT15) -> 0 | BBU16: SUB-TOTAL | BCB16: =SUM(BCB15:BCB15) -> 0 | BCC16: SUB-TOTAL | BCJ16: =SUM(BCJ15:BCJ15) -> 0 | BCK16: SUB-TOTAL | BCR16: =SUM(BCR15:BCR15) -> 0 | BCS16: SUB-TOTAL | BCZ16: =SUM(BCZ15:BCZ15) -> 0 | BDA16: SUB-TOTAL | BDH16: =SUM(BDH15:BDH15) -> 0 | BDI16: SUB-TOTAL | BDP16: =SUM(BDP15:BDP15) -> 0 | BDQ16: SUB-TOTAL | BDX16: =SUM(BDX15:BDX15) -> 0 | BDY16: SUB-TOTAL | BEF16: =SUM(BEF15:BEF15) -> 0 | BEG16: SUB-TOTAL | BEN16: =SUM(BEN15:BEN15) -> 0 | BEO16: SUB-TOTAL | BEV16: =SUM(BEV15:BEV15) -> 0 | BEW16: SUB-TOTAL | BFD16: =SUM(BFD15:BFD15) -> 0 | BFE16: SUB-TOTAL | BFL16: =SUM(BFL15:BFL15) -> 0 | BFM16: SUB-TOTAL | BFT16: =SUM(BFT15:BFT15) -> 0 | BFU16: SUB-TOTAL | BGB16: =SUM(BGB15:BGB15) -> 0 | BGC16: SUB-TOTAL | BGJ16: =SUM(BGJ15:BGJ15) -> 0 | BGK16: SUB-TOTAL | BGR16: =SUM(BGR15:BGR15) -> 0 | BGS16: SUB-TOTAL | BGZ16: =SUM(BGZ15:BGZ15) -> 0 | BHA16: SUB-TOTAL | BHH16: =SUM(BHH15:BHH15) -> 0 | BHI16: SUB-TOTAL | BHP16: =SUM(BHP15:BHP15) -> 0 | BHQ16: SUB-TOTAL | BHX16: =SUM(BHX15:BHX15) -> 0 | BHY16: SUB-TOTAL | BIF16: =SUM(BIF15:BIF15) -> 0 | BIG16: SUB-TOTAL | BIN16: =SUM(BIN15:BIN15) -> 0 | BIO16: SUB-TOTAL | BIV16: =SUM(BIV15:BIV15) -> 0 | BIW16: SUB-TOTAL | BJD16: =SUM(BJD15:BJD15) -> 0 | BJE16: SUB-TOTAL | BJL16: =SUM(BJL15:BJL15) -> 0 | BJM16: SUB-TOTAL | BJT16: =SUM(BJT15:BJT15) -> 0 | BJU16: SUB-TOTAL | BKB16: =SUM(BKB15:BKB15) -> 0 | BKC16: SUB-TOTAL | BKJ16: =SUM(BKJ15:BKJ15) -> 0 | BKK16: SUB-TOTAL | BKR16: =SUM(BKR15:BKR15) -> 0 | BKS16: SUB-TOTAL | BKZ16: =SUM(BKZ15:BKZ15) -> 0 | BLA16: SUB-TOTAL | BLH16: =SUM(BLH15:BLH15) -> 0 | BLI16: SUB-TOTAL | BLP16: =SUM(BLP15:BLP15) -> 0 | BLQ16: SUB-TOTAL | BLX16: =SUM(BLX15:BLX15) -> 0 | BLY16: SUB-TOTAL | BMF16: =SUM(BMF15:BMF15) -> 0 | BMG16: SUB-TOTAL | BMN16: =SUM(BMN15:BMN15) -> 0 | BMO16: SUB-TOTAL | BMV16: =SUM(BMV15:BMV15) -> 0 | BMW16: SUB-TOTAL | BND16: =SUM(BND15:BND15) -> 0 | BNE16: SUB-TOTAL | BNL16: =SUM(BNL15:BNL15) -> 0 | BNM16: SUB-TOTAL | BNT16: =SUM(BNT15:BNT15) -> 0 | BNU16: SUB-TOTAL | BOB16: =SUM(BOB15:BOB15) -> 0 | BOC16: SUB-TOTAL | BOJ16: =SUM(BOJ15:BOJ15) -> 0 | BOK16: SUB-TOTAL | BOR16: =SUM(BOR15:BOR15) -> 0 | BOS16: SUB-TOTAL | BOZ16: =SUM(BOZ15:BOZ15) -> 0 | BPA16: SUB-TOTAL | BPH16: =SUM(BPH15:BPH15) -> 0 | BPI16: SUB-TOTAL | BPP16: =SUM(BPP15:BPP15) -> 0 | BPQ16: SUB-TOTAL | BPX16: =SUM(BPX15:BPX15) -> 0 | BPY16: SUB-TOTAL | BQF16: =SUM(BQF15:BQF15) -> 0 | BQG16: SUB-TOTAL | BQN16: =SUM(BQN15:BQN15) -> 0 | BQO16: SUB-TOTAL | BQV16: =SUM(BQV15:BQV15) -> 0 | BQW16: SUB-TOTAL | BRD16: =SUM(BRD15:BRD15) -> 0 | BRE16: SUB-TOTAL | BRL16: =SUM(BRL15:BRL15) -> 0 | BRM16: SUB-TOTAL | BRT16: =SUM(BRT15:BRT15) -> 0 | BRU16: SUB-TOTAL | BSB16: =SUM(BSB15:BSB15) -> 0 | BSC16: SUB-TOTAL | BSJ16: =SUM(BSJ15:BSJ15) -> 0 | BSK16: SUB-TOTAL | BSR16: =SUM(BSR15:BSR15) -> 0 | BSS16: SUB-TOTAL | BSZ16: =SUM(BSZ15:BSZ15) -> 0 | BTA16: SUB-TOTAL | BTH16: =SUM(BTH15:BTH15) -> 0 | BTI16: SUB-TOTAL | BTP16: =SUM(BTP15:BTP15) -> 0 | BTQ16: SUB-TOTAL | BTX16: =SUM(BTX15:BTX15) -> 0 | BTY16: SUB-TOTAL | BUF16: =SUM(BUF15:BUF15) -> 0 | BUG16: SUB-TOTAL | BUN16: =SUM(BUN15:BUN15) -> 0 | BUO16: SUB-TOTAL | BUV16: =SUM(BUV15:BUV15) -> 0 | BUW16: SUB-TOTAL | BVD16: =SUM(BVD15:BVD15) -> 0 | BVE16: SUB-TOTAL | BVL16: =SUM(BVL15:BVL15) -> 0 | BVM16: SUB-TOTAL | BVT16: =SUM(BVT15:BVT15) -> 0 | BVU16: SUB-TOTAL | BWB16: =SUM(BWB15:BWB15) -> 0 | BWC16: SUB-TOTAL | BWJ16: =SUM(BWJ15:BWJ15) -> 0 | BWK16: SUB-TOTAL | BWR16: =SUM(BWR15:BWR15) -> 0 | BWS16: SUB-TOTAL | BWZ16: =SUM(BWZ15:BWZ15) -> 0 | BXA16: SUB-TOTAL | BXH16: =SUM(BXH15:BXH15) -> 0 | BXI16: SUB-TOTAL | BXP16: =SUM(BXP15:BXP15) -> 0 | BXQ16: SUB-TOTAL | BXX16: =SUM(BXX15:BXX15) -> 0 | BXY16: SUB-TOTAL | BYF16: =SUM(BYF15:BYF15) -> 0 | BYG16: SUB-TOTAL | BYN16: =SUM(BYN15:BYN15) -> 0 | BYO16: SUB-TOTAL | BYV16: =SUM(BYV15:BYV15) -> 0 | BYW16: SUB-TOTAL | BZD16: =SUM(BZD15:BZD15) -> 0 | BZE16: SUB-TOTAL | BZL16: =SUM(BZL15:BZL15) -> 0 | BZM16: SUB-TOTAL | BZT16: =SUM(BZT15:BZT15) -> 0 | BZU16: SUB-TOTAL | CAB16: =SUM(CAB15:CAB15) -> 0 | CAC16: SUB-TOTAL | CAJ16: =SUM(CAJ15:CAJ15) -> 0 | CAK16: SUB-TOTAL | CAR16: =SUM(CAR15:CAR15) -> 0 | CAS16: SUB-TOTAL | CAZ16: =SUM(CAZ15:CAZ15) -> 0 | CBA16: SUB-TOTAL | CBH16: =SUM(CBH15:CBH15) -> 0 | CBI16: SUB-TOTAL | CBP16: =SUM(CBP15:CBP15) -> 0 | CBQ16: SUB-TOTAL | CBX16: =SUM(CBX15:CBX15) -> 0 | CBY16: SUB-TOTAL | CCF16: =SUM(CCF15:CCF15) -> 0 | CCG16: SUB-TOTAL | CCN16: =SUM(CCN15:CCN15) -> 0 | CCO16: SUB-TOTAL | CCV16: =SUM(CCV15:CCV15) -> 0 | CCW16: SUB-TOTAL | CDD16: =SUM(CDD15:CDD15) -> 0 | CDE16: SUB-TOTAL | CDL16: =SUM(CDL15:CDL15) -> 0 | CDM16: SUB-TOTAL | CDT16: =SUM(CDT15:CDT15) -> 0 | CDU16: SUB-TOTAL | CEB16: =SUM(CEB15:CEB15) -> 0 | CEC16: SUB-TOTAL | CEJ16: =SUM(CEJ15:CEJ15) -> 0 | CEK16: SUB-TOTAL | CER16: =SUM(CER15:CER15) -> 0 | CES16: SUB-TOTAL | CEZ16: =SUM(CEZ15:CEZ15) -> 0 | CFA16: SUB-TOTAL | CFH16: =SUM(CFH15:CFH15) -> 0 | CFI16: SUB-TOTAL | CFP16: =SUM(CFP15:CFP15) -> 0 | CFQ16: SUB-TOTAL | CFX16: =SUM(CFX15:CFX15) -> 0 | CFY16: SUB-TOTAL | CGF16: =SUM(CGF15:CGF15) -> 0 | CGG16: SUB-TOTAL | CGN16: =SUM(CGN15:CGN15) -> 0 | CGO16: SUB-TOTAL | CGV16: =SUM(CGV15:CGV15) -> 0 | CGW16: SUB-TOTAL | CHD16: =SUM(CHD15:CHD15) -> 0 | CHE16: SUB-TOTAL | CHL16: =SUM(CHL15:CHL15) -> 0 | CHM16: SUB-TOTAL | CHT16: =SUM(CHT15:CHT15) -> 0 | CHU16: SUB-TOTAL | CIB16: =SUM(CIB15:CIB15) -> 0 | CIC16: SUB-TOTAL | CIJ16: =SUM(CIJ15:CIJ15) -> 0 | CIK16: SUB-TOTAL | CIR16: =SUM(CIR15:CIR15) -> 0 | CIS16: SUB-TOTAL | CIZ16: =SUM(CIZ15:CIZ15) -> 0 | CJA16: SUB-TOTAL | CJH16: =SUM(CJH15:CJH15) -> 0 | CJI16: SUB-TOTAL | CJP16: =SUM(CJP15:CJP15) -> 0 | CJQ16: SUB-TOTAL | CJX16: =SUM(CJX15:CJX15) -> 0 | CJY16: SUB-TOTAL | CKF16: =SUM(CKF15:CKF15) -> 0 | CKG16: SUB-TOTAL | CKN16: =SUM(CKN15:CKN15) -> 0 | CKO16: SUB-TOTAL | CKV16: =SUM(CKV15:CKV15) -> 0 | CKW16: SUB-TOTAL | CLD16: =SUM(CLD15:CLD15) -> 0 | CLE16: SUB-TOTAL | CLL16: =SUM(CLL15:CLL15) -> 0 | CLM16: SUB-TOTAL | CLT16: =SUM(CLT15:CLT15) -> 0 | CLU16: SUB-TOTAL | CMB16: =SUM(CMB15:CMB15) -> 0 | CMC16: SUB-TOTAL | CMJ16: =SUM(CMJ15:CMJ15) -> 0 | CMK16: SUB-TOTAL | CMR16: =SUM(CMR15:CMR15) -> 0 | CMS16: SUB-TOTAL | CMZ16: =SUM(CMZ15:CMZ15) -> 0 | CNA16: SUB-TOTAL | CNH16: =SUM(CNH15:CNH15) -> 0 | CNI16: SUB-TOTAL | CNP16: =SUM(CNP15:CNP15) -> 0 | CNQ16: SUB-TOTAL | CNX16: =SUM(CNX15:CNX15) -> 0 | CNY16: SUB-TOTAL | COF16: =SUM(COF15:COF15) -> 0 | COG16: SUB-TOTAL | CON16: =SUM(CON15:CON15) -> 0 | COO16: SUB-TOTAL | COV16: =SUM(COV15:COV15) -> 0 | COW16: SUB-TOTAL | CPD16: =SUM(CPD15:CPD15) -> 0 | CPE16: SUB-TOTAL | CPL16: =SUM(CPL15:CPL15) -> 0 | CPM16: SUB-TOTAL | CPT16: =SUM(CPT15:CPT15) -> 0 | CPU16: SUB-TOTAL | CQB16: =SUM(CQB15:CQB15) -> 0 | CQC16: SUB-TOTAL | CQJ16: =SUM(CQJ15:CQJ15) -> 0 | CQK16: SUB-TOTAL | CQR16: =SUM(CQR15:CQR15) -> 0 | CQS16: SUB-TOTAL | CQZ16: =SUM(CQZ15:CQZ15) -> 0 | CRA16: SUB-TOTAL | CRH16: =SUM(CRH15:CRH15) -> 0 | CRI16: SUB-TOTAL | CRP16: =SUM(CRP15:CRP15) -> 0 | CRQ16: SUB-TOTAL | CRX16: =SUM(CRX15:CRX15) -> 0 | CRY16: SUB-TOTAL | CSF16: =SUM(CSF15:CSF15) -> 0 | CSG16: SUB-TOTAL | CSN16: =SUM(CSN15:CSN15) -> 0 | CSO16: SUB-TOTAL | CSV16: =SUM(CSV15:CSV15) -> 0 | CSW16: SUB-TOTAL | CTD16: =SUM(CTD15:CTD15) -> 0 | CTE16: SUB-TOTAL | CTL16: =SUM(CTL15:CTL15) -> 0 | CTM16: SUB-TOTAL | CTT16: =SUM(CTT15:CTT15) -> 0 | CTU16: SUB-TOTAL | CUB16: =SUM(CUB15:CUB15) -> 0 | CUC16: SUB-TOTAL | CUJ16: =SUM(CUJ15:CUJ15) -> 0 | CUK16: SUB-TOTAL | CUR16: =SUM(CUR15:CUR15) -> 0 | CUS16: SUB-TOTAL | CUZ16: =SUM(CUZ15:CUZ15) -> 0 | CVA16: SUB-TOTAL | CVH16: =SUM(CVH15:CVH15) -> 0 | CVI16: SUB-TOTAL | CVP16: =SUM(CVP15:CVP15) -> 0 | CVQ16: SUB-TOTAL | CVX16: =SUM(CVX15:CVX15) -> 0 | CVY16: SUB-TOTAL | CWF16: =SUM(CWF15:CWF15) -> 0 | CWG16: SUB-TOTAL | CWN16: =SUM(CWN15:CWN15) -> 0 | CWO16: SUB-TOTAL | CWV16: =SUM(CWV15:CWV15) -> 0 | CWW16: SUB-TOTAL | CXD16: =SUM(CXD15:CXD15) -> 0 | CXE16: SUB-TOTAL | CXL16: =SUM(CXL15:CXL15) -> 0 | CXM16: SUB-TOTAL | CXT16: =SUM(CXT15:CXT15) -> 0 | CXU16: SUB-TOTAL | CYB16: =SUM(CYB15:CYB15) -> 0 | CYC16: SUB-TOTAL | CYJ16: =SUM(CYJ15:CYJ15) -> 0 | CYK16: SUB-TOTAL | CYR16: =SUM(CYR15:CYR15) -> 0 | CYS16: SUB-TOTAL | CYZ16: =SUM(CYZ15:CYZ15) -> 0 | CZA16: SUB-TOTAL | CZH16: =SUM(CZH15:CZH15) -> 0 | CZI16: SUB-TOTAL | CZP16: =SUM(CZP15:CZP15) -> 0 | CZQ16: SUB-TOTAL | CZX16: =SUM(CZX15:CZX15) -> 0 | CZY16: SUB-TOTAL | DAF16: =SUM(DAF15:DAF15) -> 0 | DAG16: SUB-TOTAL | DAN16: =SUM(DAN15:DAN15) -> 0 | DAO16: SUB-TOTAL | DAV16: =SUM(DAV15:DAV15) -> 0 | DAW16: SUB-TOTAL | DBD16: =SUM(DBD15:DBD15) -> 0 | DBE16: SUB-TOTAL | DBL16: =SUM(DBL15:DBL15) -> 0 | DBM16: SUB-TOTAL | DBT16: =SUM(DBT15:DBT15) -> 0 | DBU16: SUB-TOTAL | DCB16: =SUM(DCB15:DCB15) -> 0 | DCC16: SUB-TOTAL | DCJ16: =SUM(DCJ15:DCJ15) -> 0 | DCK16: SUB-TOTAL | DCR16: =SUM(DCR15:DCR15) -> 0 | DCS16: SUB-TOTAL | DCZ16: =SUM(DCZ15:DCZ15) -> 0 | DDA16: SUB-TOTAL | DDH16: =SUM(DDH15:DDH15) -> 0 | DDI16: SUB-TOTAL | DDP16: =SUM(DDP15:DDP15) -> 0 | DDQ16: SUB-TOTAL | DDX16: =SUM(DDX15:DDX15) -> 0 | DDY16: SUB-TOTAL | DEF16: =SUM(DEF15:DEF15) -> 0 | DEG16: SUB-TOTAL | DEN16: =SUM(DEN15:DEN15) -> 0 | DEO16: SUB-TOTAL | DEV16: =SUM(DEV15:DEV15) -> 0 | DEW16: SUB-TOTAL | DFD16: =SUM(DFD15:DFD15) -> 0 | DFE16: SUB-TOTAL | DFL16: =SUM(DFL15:DFL15) -> 0 | DFM16: SUB-TOTAL | DFT16: =SUM(DFT15:DFT15) -> 0 | DFU16: SUB-TOTAL | DGB16: =SUM(DGB15:DGB15) -> 0 | DGC16: SUB-TOTAL | DGJ16: =SUM(DGJ15:DGJ15) -> 0 | DGK16: SUB-TOTAL | DGR16: =SUM(DGR15:DGR15) -> 0 | DGS16: SUB-TOTAL | DGZ16: =SUM(DGZ15:DGZ15) -> 0 | DHA16: SUB-TOTAL | DHH16: =SUM(DHH15:DHH15) -> 0 | DHI16: SUB-TOTAL | DHP16: =SUM(DHP15:DHP15) -> 0 | DHQ16: SUB-TOTAL | DHX16: =SUM(DHX15:DHX15) -> 0 | DHY16: SUB-TOTAL | DIF16: =SUM(DIF15:DIF15) -> 0 | DIG16: SUB-TOTAL | DIN16: =SUM(DIN15:DIN15) -> 0 | DIO16: SUB-TOTAL | DIV16: =SUM(DIV15:DIV15) -> 0 | DIW16: SUB-TOTAL | DJD16: =SUM(DJD15:DJD15) -> 0 | DJE16: SUB-TOTAL | DJL16: =SUM(DJL15:DJL15) -> 0 | DJM16: SUB-TOTAL | DJT16: =SUM(DJT15:DJT15) -> 0 | DJU16: SUB-TOTAL | DKB16: =SUM(DKB15:DKB15) -> 0 | DKC16: SUB-TOTAL | DKJ16: =SUM(DKJ15:DKJ15) -> 0 | DKK16: SUB-TOTAL | DKR16: =SUM(DKR15:DKR15) -> 0 | DKS16: SUB-TOTAL | DKZ16: =SUM(DKZ15:DKZ15) -> 0 | DLA16: SUB-TOTAL | DLH16: =SUM(DLH15:DLH15) -> 0 | DLI16: SUB-TOTAL | DLP16: =SUM(DLP15:DLP15) -> 0 | DLQ16: SUB-TOTAL | DLX16: =SUM(DLX15:DLX15) -> 0 | DLY16: SUB-TOTAL | DMF16: =SUM(DMF15:DMF15) -> 0 | DMG16: SUB-TOTAL | DMN16: =SUM(DMN15:DMN15) -> 0 | DMO16: SUB-TOTAL | DMV16: =SUM(DMV15:DMV15) -> 0 | DMW16: SUB-TOTAL | DND16: =SUM(DND15:DND15) -> 0 | DNE16: SUB-TOTAL | DNL16: =SUM(DNL15:DNL15) -> 0 | DNM16: SUB-TOTAL | DNT16: =SUM(DNT15:DNT15) -> 0 | DNU16: SUB-TOTAL | DOB16: =SUM(DOB15:DOB15) -> 0 | DOC16: SUB-TOTAL | DOJ16: =SUM(DOJ15:DOJ15) -> 0 | DOK16: SUB-TOTAL | DOR16: =SUM(DOR15:DOR15) -> 0 | DOS16: SUB-TOTAL | DOZ16: =SUM(DOZ15:DOZ15) -> 0 | DPA16: SUB-TOTAL | DPH16: =SUM(DPH15:DPH15) -> 0 | DPI16: SUB-TOTAL | DPP16: =SUM(DPP15:DPP15) -> 0 | DPQ16: SUB-TOTAL | DPX16: =SUM(DPX15:DPX15) -> 0 | DPY16: SUB-TOTAL | DQF16: =SUM(DQF15:DQF15) -> 0 | DQG16: SUB-TOTAL | DQN16: =SUM(DQN15:DQN15) -> 0 | DQO16: SUB-TOTAL | DQV16: =SUM(DQV15:DQV15) -> 0 | DQW16: SUB-TOTAL | DRD16: =SUM(DRD15:DRD15) -> 0 | DRE16: SUB-TOTAL | DRL16: =SUM(DRL15:DRL15) -> 0 | DRM16: SUB-TOTAL | DRT16: =SUM(DRT15:DRT15) -> 0 | DRU16: SUB-TOTAL | DSB16: =SUM(DSB15:DSB15) -> 0 | DSC16: SUB-TOTAL | DSJ16: =SUM(DSJ15:DSJ15) -> 0 | DSK16: SUB-TOTAL | DSR16: =SUM(DSR15:DSR15) -> 0 | DSS16: SUB-TOTAL | DSZ16: =SUM(DSZ15:DSZ15) -> 0 | DTA16: SUB-TOTAL | DTH16: =SUM(DTH15:DTH15) -> 0 | DTI16: SUB-TOTAL | DTP16: =SUM(DTP15:DTP15) -> 0 | DTQ16: SUB-TOTAL | DTX16: =SUM(DTX15:DTX15) -> 0 | DTY16: SUB-TOTAL | DUF16: =SUM(DUF15:DUF15) -> 0 | DUG16: SUB-TOTAL | DUN16: =SUM(DUN15:DUN15) -> 0 | DUO16: SUB-TOTAL | DUV16: =SUM(DUV15:DUV15) -> 0 | DUW16: SUB-TOTAL | DVD16: =SUM(DVD15:DVD15) -> 0 | DVE16: SUB-TOTAL | DVL16: =SUM(DVL15:DVL15) -> 0 | DVM16: SUB-TOTAL | DVT16: =SUM(DVT15:DVT15) -> 0 | DVU16: SUB-TOTAL | DWB16: =SUM(DWB15:DWB15) -> 0 | DWC16: SUB-TOTAL | DWJ16: =SUM(DWJ15:DWJ15) -> 0 | DWK16: SUB-TOTAL | DWR16: =SUM(DWR15:DWR15) -> 0 | DWS16: SUB-TOTAL | DWZ16: =SUM(DWZ15:DWZ15) -> 0 | DXA16: SUB-TOTAL | DXH16: =SUM(DXH15:DXH15) -> 0 | DXI16: SUB-TOTAL | DXP16: =SUM(DXP15:DXP15) -> 0 | DXQ16: SUB-TOTAL | DXX16: =SUM(DXX15:DXX15) -> 0 | DXY16: SUB-TOTAL | DYF16: =SUM(DYF15:DYF15) -> 0 | DYG16: SUB-TOTAL | DYN16: =SUM(DYN15:DYN15) -> 0 | DYO16: SUB-TOTAL | DYV16: =SUM(DYV15:DYV15) -> 0 | DYW16: SUB-TOTAL | DZD16: =SUM(DZD15:DZD15) -> 0 | DZE16: SUB-TOTAL | DZL16: =SUM(DZL15:DZL15) -> 0 | DZM16: SUB-TOTAL | DZT16: =SUM(DZT15:DZT15) -> 0 | DZU16: SUB-TOTAL | EAB16: =SUM(EAB15:EAB15) -> 0 | EAC16: SUB-TOTAL | EAJ16: =SUM(EAJ15:EAJ15) -> 0 | EAK16: SUB-TOTAL | EAR16: =SUM(EAR15:EAR15) -> 0 | EAS16: SUB-TOTAL | EAZ16: =SUM(EAZ15:EAZ15) -> 0 | EBA16: SUB-TOTAL | EBH16: =SUM(EBH15:EBH15) -> 0 | EBI16: SUB-TOTAL | EBP16: =SUM(EBP15:EBP15) -> 0 | EBQ16: SUB-TOTAL | EBX16: =SUM(EBX15:EBX15) -> 0 | EBY16: SUB-TOTAL | ECF16: =SUM(ECF15:ECF15) -> 0 | ECG16: SUB-TOTAL | ECN16: =SUM(ECN15:ECN15) -> 0 | ECO16: SUB-TOTAL | ECV16: =SUM(ECV15:ECV15) -> 0 | ECW16: SUB-TOTAL | EDD16: =SUM(EDD15:EDD15) -> 0 | EDE16: SUB-TOTAL | EDL16: =SUM(EDL15:EDL15) -> 0 | EDM16: SUB-TOTAL | EDT16: =SUM(EDT15:EDT15) -> 0 | EDU16: SUB-TOTAL | EEB16: =SUM(EEB15:EEB15) -> 0 | EEC16: SUB-TOTAL | EEJ16: =SUM(EEJ15:EEJ15) -> 0 | EEK16: SUB-TOTAL | EER16: =SUM(EER15:EER15) -> 0 | EES16: SUB-TOTAL | EEZ16: =SUM(EEZ15:EEZ15) -> 0 | EFA16: SUB-TOTAL | EFH16: =SUM(EFH15:EFH15) -> 0 | EFI16: SUB-TOTAL | EFP16: =SUM(EFP15:EFP15) -> 0 | EFQ16: SUB-TOTAL | EFX16: =SUM(EFX15:EFX15) -> 0 | EFY16: SUB-TOTAL | EGF16: =SUM(EGF15:EGF15) -> 0 | EGG16: SUB-TOTAL | EGN16: =SUM(EGN15:EGN15) -> 0 | EGO16: SUB-TOTAL | EGV16: =SUM(EGV15:EGV15) -> 0 | EGW16: SUB-TOTAL | EHD16: =SUM(EHD15:EHD15) -> 0 | EHE16: SUB-TOTAL | EHL16: =SUM(EHL15:EHL15) -> 0 | EHM16: SUB-TOTAL | EHT16: =SUM(EHT15:EHT15) -> 0 | EHU16: SUB-TOTAL | EIB16: =SUM(EIB15:EIB15) -> 0 | EIC16: SUB-TOTAL | EIJ16: =SUM(EIJ15:EIJ15) -> 0 | EIK16: SUB-TOTAL | EIR16: =SUM(EIR15:EIR15) -> 0 | EIS16: SUB-TOTAL | EIZ16: =SUM(EIZ15:EIZ15) -> 0 | EJA16: SUB-TOTAL | EJH16: =SUM(EJH15:EJH15) -> 0 | EJI16: SUB-TOTAL | EJP16: =SUM(EJP15:EJP15) -> 0 | EJQ16: SUB-TOTAL | EJX16: =SUM(EJX15:EJX15) -> 0 | EJY16: SUB-TOTAL | EKF16: =SUM(EKF15:EKF15) -> 0 | EKG16: SUB-TOTAL | EKN16: =SUM(EKN15:EKN15) -> 0 | EKO16: SUB-TOTAL | EKV16: =SUM(EKV15:EKV15) -> 0 | EKW16: SUB-TOTAL | ELD16: =SUM(ELD15:ELD15) -> 0 | ELE16: SUB-TOTAL | ELL16: =SUM(ELL15:ELL15) -> 0 | ELM16: SUB-TOTAL | ELT16: =SUM(ELT15:ELT15) -> 0 | ELU16: SUB-TOTAL | EMB16: =SUM(EMB15:EMB15) -> 0 | EMC16: SUB-TOTAL | EMJ16: =SUM(EMJ15:EMJ15) -> 0 | EMK16: SUB-TOTAL | EMR16: =SUM(EMR15:EMR15) -> 0 | EMS16: SUB-TOTAL | EMZ16: =SUM(EMZ15:EMZ15) -> 0 | ENA16: SUB-TOTAL | ENH16: =SUM(ENH15:ENH15) -> 0 | ENI16: SUB-TOTAL | ENP16: =SUM(ENP15:ENP15) -> 0 | ENQ16: SUB-TOTAL | ENX16: =SUM(ENX15:ENX15) -> 0 | ENY16: SUB-TOTAL | EOF16: =SUM(EOF15:EOF15) -> 0 | EOG16: SUB-TOTAL | EON16: =SUM(EON15:EON15) -> 0 | EOO16: SUB-TOTAL | EOV16: =SUM(EOV15:EOV15) -> 0 | EOW16: SUB-TOTAL | EPD16: =SUM(EPD15:EPD15) -> 0 | EPE16: SUB-TOTAL | EPL16: =SUM(EPL15:EPL15) -> 0 | EPM16: SUB-TOTAL | EPT16: =SUM(EPT15:EPT15) -> 0 | EPU16: SUB-TOTAL | EQB16: =SUM(EQB15:EQB15) -> 0 | EQC16: SUB-TOTAL | EQJ16: =SUM(EQJ15:EQJ15) -> 0 | EQK16: SUB-TOTAL | EQR16: =SUM(EQR15:EQR15) -> 0 | EQS16: SUB-TOTAL | EQZ16: =SUM(EQZ15:EQZ15) -> 0 | ERA16: SUB-TOTAL | ERH16: =SUM(ERH15:ERH15) -> 0 | ERI16: SUB-TOTAL | ERP16: =SUM(ERP15:ERP15) -> 0 | ERQ16: SUB-TOTAL | ERX16: =SUM(ERX15:ERX15) -> 0 | ERY16: SUB-TOTAL | ESF16: =SUM(ESF15:ESF15) -> 0 | ESG16: SUB-TOTAL | ESN16: =SUM(ESN15:ESN15) -> 0 | ESO16: SUB-TOTAL | ESV16: =SUM(ESV15:ESV15) -> 0 | ESW16: SUB-TOTAL | ETD16: =SUM(ETD15:ETD15) -> 0 | ETE16: SUB-TOTAL | ETL16: =SUM(ETL15:ETL15) -> 0 | ETM16: SUB-TOTAL | ETT16: =SUM(ETT15:ETT15) -> 0 | ETU16: SUB-TOTAL | EUB16: =SUM(EUB15:EUB15) -> 0 | EUC16: SUB-TOTAL | EUJ16: =SUM(EUJ15:EUJ15) -> 0 | EUK16: SUB-TOTAL | EUR16: =SUM(EUR15:EUR15) -> 0 | EUS16: SUB-TOTAL | EUZ16: =SUM(EUZ15:EUZ15) -> 0 | EVA16: SUB-TOTAL | EVH16: =SUM(EVH15:EVH15) -> 0 | EVI16: SUB-TOTAL | EVP16: =SUM(EVP15:EVP15) -> 0 | EVQ16: SUB-TOTAL | EVX16: =SUM(EVX15:EVX15) -> 0 | EVY16: SUB-TOTAL | EWF16: =SUM(EWF15:EWF15) -> 0 | EWG16: SUB-TOTAL | EWN16: =SUM(EWN15:EWN15) -> 0 | EWO16: SUB-TOTAL | EWV16: =SUM(EWV15:EWV15) -> 0 | EWW16: SUB-TOTAL | EXD16: =SUM(EXD15:EXD15) -> 0 | EXE16: SUB-TOTAL | EXL16: =SUM(EXL15:EXL15) -> 0 | EXM16: SUB-TOTAL | EXT16: =SUM(EXT15:EXT15) -> 0 | EXU16: SUB-TOTAL | EYB16: =SUM(EYB15:EYB15) -> 0 | EYC16: SUB-TOTAL | EYJ16: =SUM(EYJ15:EYJ15) -> 0 | EYK16: SUB-TOTAL | EYR16: =SUM(EYR15:EYR15) -> 0 | EYS16: SUB-TOTAL | EYZ16: =SUM(EYZ15:EYZ15) -> 0 | EZA16: SUB-TOTAL | EZH16: =SUM(EZH15:EZH15) -> 0 | EZI16: SUB-TOTAL | EZP16: =SUM(EZP15:EZP15) -> 0 | EZQ16: SUB-TOTAL | EZX16: =SUM(EZX15:EZX15) -> 0 | EZY16: SUB-TOTAL | FAF16: =SUM(FAF15:FAF15) -> 0 | FAG16: SUB-TOTAL | FAN16: =SUM(FAN15:FAN15) -> 0 | FAO16: SUB-TOTAL | FAV16: =SUM(FAV15:FAV15) -> 0 | FAW16: SUB-TOTAL | FBD16: =SUM(FBD15:FBD15) -> 0 | FBE16: SUB-TOTAL | FBL16: =SUM(FBL15:FBL15) -> 0 | FBM16: SUB-TOTAL | FBT16: =SUM(FBT15:FBT15) -> 0 | FBU16: SUB-TOTAL | FCB16: =SUM(FCB15:FCB15) -> 0 | FCC16: SUB-TOTAL | FCJ16: =SUM(FCJ15:FCJ15) -> 0 | FCK16: SUB-TOTAL | FCR16: =SUM(FCR15:FCR15) -> 0 | FCS16: SUB-TOTAL | FCZ16: =SUM(FCZ15:FCZ15) -> 0 | FDA16: SUB-TOTAL | FDH16: =SUM(FDH15:FDH15) -> 0 | FDI16: SUB-TOTAL | FDP16: =SUM(FDP15:FDP15) -> 0 | FDQ16: SUB-TOTAL | FDX16: =SUM(FDX15:FDX15) -> 0 | FDY16: SUB-TOTAL | FEF16: =SUM(FEF15:FEF15) -> 0 | FEG16: SUB-TOTAL | FEN16: =SUM(FEN15:FEN15) -> 0 | FEO16: SUB-TOTAL | FEV16: =SUM(FEV15:FEV15) -> 0 | FEW16: SUB-TOTAL | FFD16: =SUM(FFD15:FFD15) -> 0 | FFE16: SUB-TOTAL | FFL16: =SUM(FFL15:FFL15) -> 0 | FFM16: SUB-TOTAL | FFT16: =SUM(FFT15:FFT15) -> 0 | FFU16: SUB-TOTAL | FGB16: =SUM(FGB15:FGB15) -> 0 | FGC16: SUB-TOTAL | FGJ16: =SUM(FGJ15:FGJ15) -> 0 | FGK16: SUB-TOTAL | FGR16: =SUM(FGR15:FGR15) -> 0 | FGS16: SUB-TOTAL | FGZ16: =SUM(FGZ15:FGZ15) -> 0 | FHA16: SUB-TOTAL | FHH16: =SUM(FHH15:FHH15) -> 0 | FHI16: SUB-TOTAL | FHP16: =SUM(FHP15:FHP15) -> 0 | FHQ16: SUB-TOTAL | FHX16: =SUM(FHX15:FHX15) -> 0 | FHY16: SUB-TOTAL | FIF16: =SUM(FIF15:FIF15) -> 0 | FIG16: SUB-TOTAL | FIN16: =SUM(FIN15:FIN15) -> 0 | FIO16: SUB-TOTAL | FIV16: =SUM(FIV15:FIV15) -> 0 | FIW16: SUB-TOTAL | FJD16: =SUM(FJD15:FJD15) -> 0 | FJE16: SUB-TOTAL | FJL16: =SUM(FJL15:FJL15) -> 0 | FJM16: SUB-TOTAL | FJT16: =SUM(FJT15:FJT15) -> 0 | FJU16: SUB-TOTAL | FKB16: =SUM(FKB15:FKB15) -> 0 | FKC16: SUB-TOTAL | FKJ16: =SUM(FKJ15:FKJ15) -> 0 | FKK16: SUB-TOTAL | FKR16: =SUM(FKR15:FKR15) -> 0 | FKS16: SUB-TOTAL | FKZ16: =SUM(FKZ15:FKZ15) -> 0 | FLA16: SUB-TOTAL | FLH16: =SUM(FLH15:FLH15) -> 0 | FLI16: SUB-TOTAL | FLP16: =SUM(FLP15:FLP15) -> 0 | FLQ16: SUB-TOTAL | FLX16: =SUM(FLX15:FLX15) -> 0 | FLY16: SUB-TOTAL | FMF16: =SUM(FMF15:FMF15) -> 0 | FMG16: SUB-TOTAL | FMN16: =SUM(FMN15:FMN15) -> 0 | FMO16: SUB-TOTAL | FMV16: =SUM(FMV15:FMV15) -> 0 | FMW16: SUB-TOTAL | FND16: =SUM(FND15:FND15) -> 0 | FNE16: SUB-TOTAL | FNL16: =SUM(FNL15:FNL15) -> 0 | FNM16: SUB-TOTAL | FNT16: =SUM(FNT15:FNT15) -> 0 | FNU16: SUB-TOTAL | FOB16: =SUM(FOB15:FOB15) -> 0 | FOC16: SUB-TOTAL | FOJ16: =SUM(FOJ15:FOJ15) -> 0 | FOK16: SUB-TOTAL | FOR16: =SUM(FOR15:FOR15) -> 0 | FOS16: SUB-TOTAL | FOZ16: =SUM(FOZ15:FOZ15) -> 0 | FPA16: SUB-TOTAL | FPH16: =SUM(FPH15:FPH15) -> 0 | FPI16: SUB-TOTAL | FPP16: =SUM(FPP15:FPP15) -> 0 | FPQ16: SUB-TOTAL | FPX16: =SUM(FPX15:FPX15) -> 0 | FPY16: SUB-TOTAL | FQF16: =SUM(FQF15:FQF15) -> 0 | FQG16: SUB-TOTAL | FQN16: =SUM(FQN15:FQN15) -> 0 | FQO16: SUB-TOTAL | FQV16: =SUM(FQV15:FQV15) -> 0 | FQW16: SUB-TOTAL | FRD16: =SUM(FRD15:FRD15) -> 0 | FRE16: SUB-TOTAL | FRL16: =SUM(FRL15:FRL15) -> 0 | FRM16: SUB-TOTAL | FRT16: =SUM(FRT15:FRT15) -> 0 | FRU16: SUB-TOTAL | FSB16: =SUM(FSB15:FSB15) -> 0 | FSC16: SUB-TOTAL | FSJ16: =SUM(FSJ15:FSJ15) -> 0 | FSK16: SUB-TOTAL | FSR16: =SUM(FSR15:FSR15) -> 0 | FSS16: SUB-TOTAL | FSZ16: =SUM(FSZ15:FSZ15) -> 0 | FTA16: SUB-TOTAL | FTH16: =SUM(FTH15:FTH15) -> 0 | FTI16: SUB-TOTAL | FTP16: =SUM(FTP15:FTP15) -> 0 | FTQ16: SUB-TOTAL | FTX16: =SUM(FTX15:FTX15) -> 0 | FTY16: SUB-TOTAL | FUF16: =SUM(FUF15:FUF15) -> 0 | FUG16: SUB-TOTAL | FUN16: =SUM(FUN15:FUN15) -> 0 | FUO16: SUB-TOTAL | FUV16: =SUM(FUV15:FUV15) -> 0 | FUW16: SUB-TOTAL | FVD16: =SUM(FVD15:FVD15) -> 0 | FVE16: SUB-TOTAL | FVL16: =SUM(FVL15:FVL15) -> 0 | FVM16: SUB-TOTAL | FVT16: =SUM(FVT15:FVT15) -> 0 | FVU16: SUB-TOTAL | FWB16: =SUM(FWB15:FWB15) -> 0 | FWC16: SUB-TOTAL | FWJ16: =SUM(FWJ15:FWJ15) -> 0 | FWK16: SUB-TOTAL | FWR16: =SUM(FWR15:FWR15) -> 0 | FWS16: SUB-TOTAL | FWZ16: =SUM(FWZ15:FWZ15) -> 0 | FXA16: SUB-TOTAL | FXH16: =SUM(FXH15:FXH15) -> 0 | FXI16: SUB-TOTAL | FXP16: =SUM(FXP15:FXP15) -> 0 | FXQ16: SUB-TOTAL | FXX16: =SUM(FXX15:FXX15) -> 0 | FXY16: SUB-TOTAL | FYF16: =SUM(FYF15:FYF15) -> 0 | FYG16: SUB-TOTAL | FYN16: =SUM(FYN15:FYN15) -> 0 | FYO16: SUB-TOTAL | FYV16: =SUM(FYV15:FYV15) -> 0 | FYW16: SUB-TOTAL | FZD16: =SUM(FZD15:FZD15) -> 0 | FZE16: SUB-TOTAL | FZL16: =SUM(FZL15:FZL15) -> 0 | FZM16: SUB-TOTAL | FZT16: =SUM(FZT15:FZT15) -> 0 | FZU16: SUB-TOTAL | GAB16: =SUM(GAB15:GAB15) -> 0 | GAC16: SUB-TOTAL | GAJ16: =SUM(GAJ15:GAJ15) -> 0 | GAK16: SUB-TOTAL | GAR16: =SUM(GAR15:GAR15) -> 0 | GAS16: SUB-TOTAL | GAZ16: =SUM(GAZ15:GAZ15) -> 0 | GBA16: SUB-TOTAL | GBH16: =SUM(GBH15:GBH15) -> 0 | GBI16: SUB-TOTAL | GBP16: =SUM(GBP15:GBP15) -> 0 | GBQ16: SUB-TOTAL | GBX16: =SUM(GBX15:GBX15) -> 0 | GBY16: SUB-TOTAL | GCF16: =SUM(GCF15:GCF15) -> 0 | GCG16: SUB-TOTAL | GCN16: =SUM(GCN15:GCN15) -> 0 | GCO16: SUB-TOTAL | GCV16: =SUM(GCV15:GCV15) -> 0 | GCW16: SUB-TOTAL | GDD16: =SUM(GDD15:GDD15) -> 0 | GDE16: SUB-TOTAL | GDL16: =SUM(GDL15:GDL15) -> 0 | GDM16: SUB-TOTAL | GDT16: =SUM(GDT15:GDT15) -> 0 | GDU16: SUB-TOTAL | GEB16: =SUM(GEB15:GEB15) -> 0 | GEC16: SUB-TOTAL | GEJ16: =SUM(GEJ15:GEJ15) -> 0 | GEK16: SUB-TOTAL | GER16: =SUM(GER15:GER15) -> 0 | GES16: SUB-TOTAL | GEZ16: =SUM(GEZ15:GEZ15) -> 0 | GFA16: SUB-TOTAL | GFH16: =SUM(GFH15:GFH15) -> 0 | GFI16: SUB-TOTAL | GFP16: =SUM(GFP15:GFP15) -> 0 | GFQ16: SUB-TOTAL | GFX16: =SUM(GFX15:GFX15) -> 0 | GFY16: SUB-TOTAL | GGF16: =SUM(GGF15:GGF15) -> 0 | GGG16: SUB-TOTAL | GGN16: =SUM(GGN15:GGN15) -> 0 | GGO16: SUB-TOTAL | GGV16: =SUM(GGV15:GGV15) -> 0 | GGW16: SUB-TOTAL | GHD16: =SUM(GHD15:GHD15) -> 0 | GHE16: SUB-TOTAL | GHL16: =SUM(GHL15:GHL15) -> 0 | GHM16: SUB-TOTAL | GHT16: =SUM(GHT15:GHT15) -> 0 | GHU16: SUB-TOTAL | GIB16: =SUM(GIB15:GIB15) -> 0 | GIC16: SUB-TOTAL | GIJ16: =SUM(GIJ15:GIJ15) -> 0 | GIK16: SUB-TOTAL | GIR16: =SUM(GIR15:GIR15) -> 0 | GIS16: SUB-TOTAL | GIZ16: =SUM(GIZ15:GIZ15) -> 0 | GJA16: SUB-TOTAL | GJH16: =SUM(GJH15:GJH15) -> 0 | GJI16: SUB-TOTAL | GJP16: =SUM(GJP15:GJP15) -> 0 | GJQ16: SUB-TOTAL | GJX16: =SUM(GJX15:GJX15) -> 0 | GJY16: SUB-TOTAL | GKF16: =SUM(GKF15:GKF15) -> 0 | GKG16: SUB-TOTAL | GKN16: =SUM(GKN15:GKN15) -> 0 | GKO16: SUB-TOTAL | GKV16: =SUM(GKV15:GKV15) -> 0 | GKW16: SUB-TOTAL | GLD16: =SUM(GLD15:GLD15) -> 0 | GLE16: SUB-TOTAL | GLL16: =SUM(GLL15:GLL15) -> 0 | GLM16: SUB-TOTAL | GLT16: =SUM(GLT15:GLT15) -> 0 | GLU16: SUB-TOTAL | GMB16: =SUM(GMB15:GMB15) -> 0 | GMC16: SUB-TOTAL | GMJ16: =SUM(GMJ15:GMJ15) -> 0 | GMK16: SUB-TOTAL | GMR16: =SUM(GMR15:GMR15) -> 0 | GMS16: SUB-TOTAL | GMZ16: =SUM(GMZ15:GMZ15) -> 0 | GNA16: SUB-TOTAL | GNH16: =SUM(GNH15:GNH15) -> 0 | GNI16: SUB-TOTAL | GNP16: =SUM(GNP15:GNP15) -> 0 | GNQ16: SUB-TOTAL | GNX16: =SUM(GNX15:GNX15) -> 0 | GNY16: SUB-TOTAL | GOF16: =SUM(GOF15:GOF15) -> 0 | GOG16: SUB-TOTAL | GON16: =SUM(GON15:GON15) -> 0 | GOO16: SUB-TOTAL | GOV16: =SUM(GOV15:GOV15) -> 0 | GOW16: SUB-TOTAL | GPD16: =SUM(GPD15:GPD15) -> 0 | GPE16: SUB-TOTAL | GPL16: =SUM(GPL15:GPL15) -> 0 | GPM16: SUB-TOTAL | GPT16: =SUM(GPT15:GPT15) -> 0 | GPU16: SUB-TOTAL | GQB16: =SUM(GQB15:GQB15) -> 0 | GQC16: SUB-TOTAL | GQJ16: =SUM(GQJ15:GQJ15) -> 0 | GQK16: SUB-TOTAL | GQR16: =SUM(GQR15:GQR15) -> 0 | GQS16: SUB-TOTAL | GQZ16: =SUM(GQZ15:GQZ15) -> 0 | GRA16: SUB-TOTAL | GRH16: =SUM(GRH15:GRH15) -> 0 | GRI16: SUB-TOTAL | GRP16: =SUM(GRP15:GRP15) -> 0 | GRQ16: SUB-TOTAL | GRX16: =SUM(GRX15:GRX15) -> 0 | GRY16: SUB-TOTAL | GSF16: =SUM(GSF15:GSF15) -> 0 | GSG16: SUB-TOTAL | GSN16: =SUM(GSN15:GSN15) -> 0 | GSO16: SUB-TOTAL | GSV16: =SUM(GSV15:GSV15) -> 0 | GSW16: SUB-TOTAL | GTD16: =SUM(GTD15:GTD15) -> 0 | GTE16: SUB-TOTAL | GTL16: =SUM(GTL15:GTL15) -> 0 | GTM16: SUB-TOTAL | GTT16: =SUM(GTT15:GTT15) -> 0 | GTU16: SUB-TOTAL | GUB16: =SUM(GUB15:GUB15) -> 0 | GUC16: SUB-TOTAL | GUJ16: =SUM(GUJ15:GUJ15) -> 0 | GUK16: SUB-TOTAL | GUR16: =SUM(GUR15:GUR15) -> 0 | GUS16: SUB-TOTAL | GUZ16: =SUM(GUZ15:GUZ15) -> 0 | GVA16: SUB-TOTAL | GVH16: =SUM(GVH15:GVH15) -> 0 | GVI16: SUB-TOTAL | GVP16: =SUM(GVP15:GVP15) -> 0 | GVQ16: SUB-TOTAL | GVX16: =SUM(GVX15:GVX15) -> 0 | GVY16: SUB-TOTAL | GWF16: =SUM(GWF15:GWF15) -> 0 | GWG16: SUB-TOTAL | GWN16: =SUM(GWN15:GWN15) -> 0 | GWO16: SUB-TOTAL | GWV16: =SUM(GWV15:GWV15) -> 0 | GWW16: SUB-TOTAL | GXD16: =SUM(GXD15:GXD15) -> 0 | GXE16: SUB-TOTAL | GXL16: =SUM(GXL15:GXL15) -> 0 | GXM16: SUB-TOTAL | GXT16: =SUM(GXT15:GXT15) -> 0 | GXU16: SUB-TOTAL | GYB16: =SUM(GYB15:GYB15) -> 0 | GYC16: SUB-TOTAL | GYJ16: =SUM(GYJ15:GYJ15) -> 0 | GYK16: SUB-TOTAL | GYR16: =SUM(GYR15:GYR15) -> 0 | GYS16: SUB-TOTAL | GYZ16: =SUM(GYZ15:GYZ15) -> 0 | GZA16: SUB-TOTAL | GZH16: =SUM(GZH15:GZH15) -> 0 | GZI16: SUB-TOTAL | GZP16: =SUM(GZP15:GZP15) -> 0 | GZQ16: SUB-TOTAL | GZX16: =SUM(GZX15:GZX15) -> 0 | GZY16: SUB-TOTAL | HAF16: =SUM(HAF15:HAF15) -> 0 | HAG16: SUB-TOTAL | HAN16: =SUM(HAN15:HAN15) -> 0 | HAO16: SUB-TOTAL | HAV16: =SUM(HAV15:HAV15) -> 0 | HAW16: SUB-TOTAL | HBD16: =SUM(HBD15:HBD15) -> 0 | HBE16: SUB-TOTAL | HBL16: =SUM(HBL15:HBL15) -> 0 | HBM16: SUB-TOTAL | HBT16: =SUM(HBT15:HBT15) -> 0 | HBU16: SUB-TOTAL | HCB16: =SUM(HCB15:HCB15) -> 0 | HCC16: SUB-TOTAL | HCJ16: =SUM(HCJ15:HCJ15) -> 0 | HCK16: SUB-TOTAL | HCR16: =SUM(HCR15:HCR15) -> 0 | HCS16: SUB-TOTAL | HCZ16: =SUM(HCZ15:HCZ15) -> 0 | HDA16: SUB-TOTAL | HDH16: =SUM(HDH15:HDH15) -> 0 | HDI16: SUB-TOTAL | HDP16: =SUM(HDP15:HDP15) -> 0 | HDQ16: SUB-TOTAL | HDX16: =SUM(HDX15:HDX15) -> 0 | HDY16: SUB-TOTAL | HEF16: =SUM(HEF15:HEF15) -> 0 | HEG16: SUB-TOTAL | HEN16: =SUM(HEN15:HEN15) -> 0 | HEO16: SUB-TOTAL | HEV16: =SUM(HEV15:HEV15) -> 0 | HEW16: SUB-TOTAL | HFD16: =SUM(HFD15:HFD15) -> 0 | HFE16: SUB-TOTAL | HFL16: =SUM(HFL15:HFL15) -> 0 | HFM16: SUB-TOTAL | HFT16: =SUM(HFT15:HFT15) -> 0 | HFU16: SUB-TOTAL | HGB16: =SUM(HGB15:HGB15) -> 0 | HGC16: SUB-TOTAL | HGJ16: =SUM(HGJ15:HGJ15) -> 0 | HGK16: SUB-TOTAL | HGR16: =SUM(HGR15:HGR15) -> 0 | HGS16: SUB-TOTAL | HGZ16: =SUM(HGZ15:HGZ15) -> 0 | HHA16: SUB-TOTAL | HHH16: =SUM(HHH15:HHH15) -> 0 | HHI16: SUB-TOTAL | HHP16: =SUM(HHP15:HHP15) -> 0 | HHQ16: SUB-TOTAL | HHX16: =SUM(HHX15:HHX15) -> 0 | HHY16: SUB-TOTAL | HIF16: =SUM(HIF15:HIF15) -> 0 | HIG16: SUB-TOTAL | HIN16: =SUM(HIN15:HIN15) -> 0 | HIO16: SUB-TOTAL | HIV16: =SUM(HIV15:HIV15) -> 0 | HIW16: SUB-TOTAL | HJD16: =SUM(HJD15:HJD15) -> 0 | HJE16: SUB-TOTAL | HJL16: =SUM(HJL15:HJL15) -> 0 | HJM16: SUB-TOTAL | HJT16: =SUM(HJT15:HJT15) -> 0 | HJU16: SUB-TOTAL | HKB16: =SUM(HKB15:HKB15) -> 0 | HKC16: SUB-TOTAL | HKJ16: =SUM(HKJ15:HKJ15) -> 0 | HKK16: SUB-TOTAL | HKR16: =SUM(HKR15:HKR15) -> 0 | HKS16: SUB-TOTAL | HKZ16: =SUM(HKZ15:HKZ15) -> 0 | HLA16: SUB-TOTAL | HLH16: =SUM(HLH15:HLH15) -> 0 | HLI16: SUB-TOTAL | HLP16: =SUM(HLP15:HLP15) -> 0 | HLQ16: SUB-TOTAL | HLX16: =SUM(HLX15:HLX15) -> 0 | HLY16: SUB-TOTAL | HMF16: =SUM(HMF15:HMF15) -> 0 | HMG16: SUB-TOTAL | HMN16: =SUM(HMN15:HMN15) -> 0 | HMO16: SUB-TOTAL | HMV16: =SUM(HMV15:HMV15) -> 0 | HMW16: SUB-TOTAL | HND16: =SUM(HND15:HND15) -> 0 | HNE16: SUB-TOTAL | HNL16: =SUM(HNL15:HNL15) -> 0 | HNM16: SUB-TOTAL | HNT16: =SUM(HNT15:HNT15) -> 0 | HNU16: SUB-TOTAL | HOB16: =SUM(HOB15:HOB15) -> 0 | HOC16: SUB-TOTAL | HOJ16: =SUM(HOJ15:HOJ15) -> 0 | HOK16: SUB-TOTAL | HOR16: =SUM(HOR15:HOR15) -> 0 | HOS16: SUB-TOTAL | HOZ16: =SUM(HOZ15:HOZ15) -> 0 | HPA16: SUB-TOTAL | HPH16: =SUM(HPH15:HPH15) -> 0 | HPI16: SUB-TOTAL | HPP16: =SUM(HPP15:HPP15) -> 0 | HPQ16: SUB-TOTAL | HPX16: =SUM(HPX15:HPX15) -> 0 | HPY16: SUB-TOTAL | HQF16: =SUM(HQF15:HQF15) -> 0 | HQG16: SUB-TOTAL | HQN16: =SUM(HQN15:HQN15) -> 0 | HQO16: SUB-TOTAL | HQV16: =SUM(HQV15:HQV15) -> 0 | HQW16: SUB-TOTAL | HRD16: =SUM(HRD15:HRD15) -> 0 | HRE16: SUB-TOTAL | HRL16: =SUM(HRL15:HRL15) -> 0 | HRM16: SUB-TOTAL | HRT16: =SUM(HRT15:HRT15) -> 0 | HRU16: SUB-TOTAL | HSB16: =SUM(HSB15:HSB15) -> 0 | HSC16: SUB-TOTAL | HSJ16: =SUM(HSJ15:HSJ15) -> 0 | HSK16: SUB-TOTAL | HSR16: =SUM(HSR15:HSR15) -> 0 | HSS16: SUB-TOTAL | HSZ16: =SUM(HSZ15:HSZ15) -> 0 | HTA16: SUB-TOTAL | HTH16: =SUM(HTH15:HTH15) -> 0 | HTI16: SUB-TOTAL | HTP16: =SUM(HTP15:HTP15) -> 0 | HTQ16: SUB-TOTAL | HTX16: =SUM(HTX15:HTX15) -> 0 | HTY16: SUB-TOTAL | HUF16: =SUM(HUF15:HUF15) -> 0 | HUG16: SUB-TOTAL | HUN16: =SUM(HUN15:HUN15) -> 0 | HUO16: SUB-TOTAL | HUV16: =SUM(HUV15:HUV15) -> 0 | HUW16: SUB-TOTAL | HVD16: =SUM(HVD15:HVD15) -> 0 | HVE16: SUB-TOTAL | HVL16: =SUM(HVL15:HVL15) -> 0 | HVM16: SUB-TOTAL | HVT16: =SUM(HVT15:HVT15) -> 0 | HVU16: SUB-TOTAL | HWB16: =SUM(HWB15:HWB15) -> 0 | HWC16: SUB-TOTAL | HWJ16: =SUM(HWJ15:HWJ15) -> 0 | HWK16: SUB-TOTAL | HWR16: =SUM(HWR15:HWR15) -> 0 | HWS16: SUB-TOTAL | HWZ16: =SUM(HWZ15:HWZ15) -> 0 | HXA16: SUB-TOTAL | HXH16: =SUM(HXH15:HXH15) -> 0 | HXI16: SUB-TOTAL | HXP16: =SUM(HXP15:HXP15) -> 0 | HXQ16: SUB-TOTAL | HXX16: =SUM(HXX15:HXX15) -> 0 | HXY16: SUB-TOTAL | HYF16: =SUM(HYF15:HYF15) -> 0 | HYG16: SUB-TOTAL | HYN16: =SUM(HYN15:HYN15) -> 0 | HYO16: SUB-TOTAL | HYV16: =SUM(HYV15:HYV15) -> 0 | HYW16: SUB-TOTAL | HZD16: =SUM(HZD15:HZD15) -> 0 | HZE16: SUB-TOTAL | HZL16: =SUM(HZL15:HZL15) -> 0 | HZM16: SUB-TOTAL | HZT16: =SUM(HZT15:HZT15) -> 0 | HZU16: SUB-TOTAL | IAB16: =SUM(IAB15:IAB15) -> 0 | IAC16: SUB-TOTAL | IAJ16: =SUM(IAJ15:IAJ15) -> 0 | IAK16: SUB-TOTAL | IAR16: =SUM(IAR15:IAR15) -> 0 | IAS16: SUB-TOTAL | IAZ16: =SUM(IAZ15:IAZ15) -> 0 | IBA16: SUB-TOTAL | IBH16: =SUM(IBH15:IBH15) -> 0 | IBI16: SUB-TOTAL | IBP16: =SUM(IBP15:IBP15) -> 0 | IBQ16: SUB-TOTAL | IBX16: =SUM(IBX15:IBX15) -> 0 | IBY16: SUB-TOTAL | ICF16: =SUM(ICF15:ICF15) -> 0 | ICG16: SUB-TOTAL | ICN16: =SUM(ICN15:ICN15) -> 0 | ICO16: SUB-TOTAL | ICV16: =SUM(ICV15:ICV15) -> 0 | ICW16: SUB-TOTAL | IDD16: =SUM(IDD15:IDD15) -> 0 | IDE16: SUB-TOTAL | IDL16: =SUM(IDL15:IDL15) -> 0 | IDM16: SUB-TOTAL | IDT16: =SUM(IDT15:IDT15) -> 0 | IDU16: SUB-TOTAL | IEB16: =SUM(IEB15:IEB15) -> 0 | IEC16: SUB-TOTAL | IEJ16: =SUM(IEJ15:IEJ15) -> 0 | IEK16: SUB-TOTAL | IER16: =SUM(IER15:IER15) -> 0 | IES16: SUB-TOTAL | IEZ16: =SUM(IEZ15:IEZ15) -> 0 | IFA16: SUB-TOTAL | IFH16: =SUM(IFH15:IFH15) -> 0 | IFI16: SUB-TOTAL | IFP16: =SUM(IFP15:IFP15) -> 0 | IFQ16: SUB-TOTAL | IFX16: =SUM(IFX15:IFX15) -> 0 | IFY16: SUB-TOTAL | IGF16: =SUM(IGF15:IGF15) -> 0 | IGG16: SUB-TOTAL | IGN16: =SUM(IGN15:IGN15) -> 0 | IGO16: SUB-TOTAL | IGV16: =SUM(IGV15:IGV15) -> 0 | IGW16: SUB-TOTAL | IHD16: =SUM(IHD15:IHD15) -> 0 | IHE16: SUB-TOTAL | IHL16: =SUM(IHL15:IHL15) -> 0 | IHM16: SUB-TOTAL | IHT16: =SUM(IHT15:IHT15) -> 0 | IHU16: SUB-TOTAL | IIB16: =SUM(IIB15:IIB15) -> 0 | IIC16: SUB-TOTAL | IIJ16: =SUM(IIJ15:IIJ15) -> 0 | IIK16: SUB-TOTAL | IIR16: =SUM(IIR15:IIR15) -> 0 | IIS16: SUB-TOTAL | IIZ16: =SUM(IIZ15:IIZ15) -> 0 | IJA16: SUB-TOTAL | IJH16: =SUM(IJH15:IJH15) -> 0 | IJI16: SUB-TOTAL | IJP16: =SUM(IJP15:IJP15) -> 0 | IJQ16: SUB-TOTAL | IJX16: =SUM(IJX15:IJX15) -> 0 | IJY16: SUB-TOTAL | IKF16: =SUM(IKF15:IKF15) -> 0 | IKG16: SUB-TOTAL | IKN16: =SUM(IKN15:IKN15) -> 0 | IKO16: SUB-TOTAL | IKV16: =SUM(IKV15:IKV15) -> 0 | IKW16: SUB-TOTAL | ILD16: =SUM(ILD15:ILD15) -> 0 | ILE16: SUB-TOTAL | ILL16: =SUM(ILL15:ILL15) -> 0 | ILM16: SUB-TOTAL | ILT16: =SUM(ILT15:ILT15) -> 0 | ILU16: SUB-TOTAL | IMB16: =SUM(IMB15:IMB15) -> 0 | IMC16: SUB-TOTAL | IMJ16: =SUM(IMJ15:IMJ15) -> 0 | IMK16: SUB-TOTAL | IMR16: =SUM(IMR15:IMR15) -> 0 | IMS16: SUB-TOTAL | IMZ16: =SUM(IMZ15:IMZ15) -> 0 | INA16: SUB-TOTAL | INH16: =SUM(INH15:INH15) -> 0 | INI16: SUB-TOTAL | INP16: =SUM(INP15:INP15) -> 0 | INQ16: SUB-TOTAL | INX16: =SUM(INX15:INX15) -> 0 | INY16: SUB-TOTAL | IOF16: =SUM(IOF15:IOF15) -> 0 | IOG16: SUB-TOTAL | ION16: =SUM(ION15:ION15) -> 0 | IOO16: SUB-TOTAL | IOV16: =SUM(IOV15:IOV15) -> 0 | IOW16: SUB-TOTAL | IPD16: =SUM(IPD15:IPD15) -> 0 | IPE16: SUB-TOTAL | IPL16: =SUM(IPL15:IPL15) -> 0 | IPM16: SUB-TOTAL | IPT16: =SUM(IPT15:IPT15) -> 0 | IPU16: SUB-TOTAL | IQB16: =SUM(IQB15:IQB15) -> 0 | IQC16: SUB-TOTAL | IQJ16: =SUM(IQJ15:IQJ15) -> 0 | IQK16: SUB-TOTAL | IQR16: =SUM(IQR15:IQR15) -> 0 | IQS16: SUB-TOTAL | IQZ16: =SUM(IQZ15:IQZ15) -> 0 | IRA16: SUB-TOTAL | IRH16: =SUM(IRH15:IRH15) -> 0 | IRI16: SUB-TOTAL | IRP16: =SUM(IRP15:IRP15) -> 0 | IRQ16: SUB-TOTAL | IRX16: =SUM(IRX15:IRX15) -> 0 | IRY16: SUB-TOTAL | ISF16: =SUM(ISF15:ISF15) -> 0 | ISG16: SUB-TOTAL | ISN16: =SUM(ISN15:ISN15) -> 0 | ISO16: SUB-TOTAL | ISV16: =SUM(ISV15:ISV15) -> 0 | ISW16: SUB-TOTAL | ITD16: =SUM(ITD15:ITD15) -> 0 | ITE16: SUB-TOTAL | ITL16: =SUM(ITL15:ITL15) -> 0 | ITM16: SUB-TOTAL | ITT16: =SUM(ITT15:ITT15) -> 0 | ITU16: SUB-TOTAL | IUB16: =SUM(IUB15:IUB15) -> 0 | IUC16: SUB-TOTAL | IUJ16: =SUM(IUJ15:IUJ15) -> 0 | IUK16: SUB-TOTAL | IUR16: =SUM(IUR15:IUR15) -> 0 | IUS16: SUB-TOTAL | IUZ16: =SUM(IUZ15:IUZ15) -> 0 | IVA16: SUB-TOTAL | IVH16: =SUM(IVH15:IVH15) -> 0 | IVI16: SUB-TOTAL | IVP16: =SUM(IVP15:IVP15) -> 0 | IVQ16: SUB-TOTAL | IVX16: =SUM(IVX15:IVX15) -> 0 | IVY16: SUB-TOTAL | IWF16: =SUM(IWF15:IWF15) -> 0 | IWG16: SUB-TOTAL | IWN16: =SUM(IWN15:IWN15) -> 0 | IWO16: SUB-TOTAL | IWV16: =SUM(IWV15:IWV15) -> 0 | IWW16: SUB-TOTAL | IXD16: =SUM(IXD15:IXD15) -> 0 | IXE16: SUB-TOTAL | IXL16: =SUM(IXL15:IXL15) -> 0 | IXM16: SUB-TOTAL | IXT16: =SUM(IXT15:IXT15) -> 0 | IXU16: SUB-TOTAL | IYB16: =SUM(IYB15:IYB15) -> 0 | IYC16: SUB-TOTAL | IYJ16: =SUM(IYJ15:IYJ15) -> 0 | IYK16: SUB-TOTAL | IYR16: =SUM(IYR15:IYR15) -> 0 | IYS16: SUB-TOTAL | IYZ16: =SUM(IYZ15:IYZ15) -> 0 | IZA16: SUB-TOTAL | IZH16: =SUM(IZH15:IZH15) -> 0 | IZI16: SUB-TOTAL | IZP16: =SUM(IZP15:IZP15) -> 0 | IZQ16: SUB-TOTAL | IZX16: =SUM(IZX15:IZX15) -> 0 | IZY16: SUB-TOTAL | JAF16: =SUM(JAF15:JAF15) -> 0 | JAG16: SUB-TOTAL | JAN16: =SUM(JAN15:JAN15) -> 0 | JAO16: SUB-TOTAL | JAV16: =SUM(JAV15:JAV15) -> 0 | JAW16: SUB-TOTAL | JBD16: =SUM(JBD15:JBD15) -> 0 | JBE16: SUB-TOTAL | JBL16: =SUM(JBL15:JBL15) -> 0 | JBM16: SUB-TOTAL | JBT16: =SUM(JBT15:JBT15) -> 0 | JBU16: SUB-TOTAL | JCB16: =SUM(JCB15:JCB15) -> 0 | JCC16: SUB-TOTAL | JCJ16: =SUM(JCJ15:JCJ15) -> 0 | JCK16: SUB-TOTAL | JCR16: =SUM(JCR15:JCR15) -> 0 | JCS16: SUB-TOTAL | JCZ16: =SUM(JCZ15:JCZ15) -> 0 | JDA16: SUB-TOTAL | JDH16: =SUM(JDH15:JDH15) -> 0 | JDI16: SUB-TOTAL | JDP16: =SUM(JDP15:JDP15) -> 0 | JDQ16: SUB-TOTAL | JDX16: =SUM(JDX15:JDX15) -> 0 | JDY16: SUB-TOTAL | JEF16: =SUM(JEF15:JEF15) -> 0 | JEG16: SUB-TOTAL | JEN16: =SUM(JEN15:JEN15) -> 0 | JEO16: SUB-TOTAL | JEV16: =SUM(JEV15:JEV15) -> 0 | JEW16: SUB-TOTAL | JFD16: =SUM(JFD15:JFD15) -> 0 | JFE16: SUB-TOTAL | JFL16: =SUM(JFL15:JFL15) -> 0 | JFM16: SUB-TOTAL | JFT16: =SUM(JFT15:JFT15) -> 0 | JFU16: SUB-TOTAL | JGB16: =SUM(JGB15:JGB15) -> 0 | JGC16: SUB-TOTAL | JGJ16: =SUM(JGJ15:JGJ15) -> 0 | JGK16: SUB-TOTAL | JGR16: =SUM(JGR15:JGR15) -> 0 | JGS16: SUB-TOTAL | JGZ16: =SUM(JGZ15:JGZ15) -> 0 | JHA16: SUB-TOTAL | JHH16: =SUM(JHH15:JHH15) -> 0 | JHI16: SUB-TOTAL | JHP16: =SUM(JHP15:JHP15) -> 0 | JHQ16: SUB-TOTAL | JHX16: =SUM(JHX15:JHX15) -> 0 | JHY16: SUB-TOTAL | JIF16: =SUM(JIF15:JIF15) -> 0 | JIG16: SUB-TOTAL | JIN16: =SUM(JIN15:JIN15) -> 0 | JIO16: SUB-TOTAL | JIV16: =SUM(JIV15:JIV15) -> 0 | JIW16: SUB-TOTAL | JJD16: =SUM(JJD15:JJD15) -> 0 | JJE16: SUB-TOTAL | JJL16: =SUM(JJL15:JJL15) -> 0 | JJM16: SUB-TOTAL | JJT16: =SUM(JJT15:JJT15) -> 0 | JJU16: SUB-TOTAL | JKB16: =SUM(JKB15:JKB15) -> 0 | JKC16: SUB-TOTAL | JKJ16: =SUM(JKJ15:JKJ15) -> 0 | JKK16: SUB-TOTAL | JKR16: =SUM(JKR15:JKR15) -> 0 | JKS16: SUB-TOTAL | JKZ16: =SUM(JKZ15:JKZ15) -> 0 | JLA16: SUB-TOTAL | JLH16: =SUM(JLH15:JLH15) -> 0 | JLI16: SUB-TOTAL | JLP16: =SUM(JLP15:JLP15) -> 0 | JLQ16: SUB-TOTAL | JLX16: =SUM(JLX15:JLX15) -> 0 | JLY16: SUB-TOTAL | JMF16: =SUM(JMF15:JMF15) -> 0 | JMG16: SUB-TOTAL | JMN16: =SUM(JMN15:JMN15) -> 0 | JMO16: SUB-TOTAL | JMV16: =SUM(JMV15:JMV15) -> 0 | JMW16: SUB-TOTAL | JND16: =SUM(JND15:JND15) -> 0 | JNE16: SUB-TOTAL | JNL16: =SUM(JNL15:JNL15) -> 0 | JNM16: SUB-TOTAL | JNT16: =SUM(JNT15:JNT15) -> 0 | JNU16: SUB-TOTAL | JOB16: =SUM(JOB15:JOB15) -> 0 | JOC16: SUB-TOTAL | JOJ16: =SUM(JOJ15:JOJ15) -> 0 | JOK16: SUB-TOTAL | JOR16: =SUM(JOR15:JOR15) -> 0 | JOS16: SUB-TOTAL | JOZ16: =SUM(JOZ15:JOZ15) -> 0 | JPA16: SUB-TOTAL | JPH16: =SUM(JPH15:JPH15) -> 0 | JPI16: SUB-TOTAL | JPP16: =SUM(JPP15:JPP15) -> 0 | JPQ16: SUB-TOTAL | JPX16: =SUM(JPX15:JPX15) -> 0 | JPY16: SUB-TOTAL | JQF16: =SUM(JQF15:JQF15) -> 0 | JQG16: SUB-TOTAL | JQN16: =SUM(JQN15:JQN15) -> 0 | JQO16: SUB-TOTAL | JQV16: =SUM(JQV15:JQV15) -> 0 | JQW16: SUB-TOTAL | JRD16: =SUM(JRD15:JRD15) -> 0 | JRE16: SUB-TOTAL | JRL16: =SUM(JRL15:JRL15) -> 0 | JRM16: SUB-TOTAL | JRT16: =SUM(JRT15:JRT15) -> 0 | JRU16: SUB-TOTAL | JSB16: =SUM(JSB15:JSB15) -> 0 | JSC16: SUB-TOTAL | JSJ16: =SUM(JSJ15:JSJ15) -> 0 | JSK16: SUB-TOTAL | JSR16: =SUM(JSR15:JSR15) -> 0 | JSS16: SUB-TOTAL | JSZ16: =SUM(JSZ15:JSZ15) -> 0 | JTA16: SUB-TOTAL | JTH16: =SUM(JTH15:JTH15) -> 0 | JTI16: SUB-TOTAL | JTP16: =SUM(JTP15:JTP15) -> 0 | JTQ16: SUB-TOTAL | JTX16: =SUM(JTX15:JTX15) -> 0 | JTY16: SUB-TOTAL | JUF16: =SUM(JUF15:JUF15) -> 0 | JUG16: SUB-TOTAL | JUN16: =SUM(JUN15:JUN15) -> 0 | JUO16: SUB-TOTAL | JUV16: =SUM(JUV15:JUV15) -> 0 | JUW16: SUB-TOTAL | JVD16: =SUM(JVD15:JVD15) -> 0 | JVE16: SUB-TOTAL | JVL16: =SUM(JVL15:JVL15) -> 0 | JVM16: SUB-TOTAL | JVT16: =SUM(JVT15:JVT15) -> 0 | JVU16: SUB-TOTAL | JWB16: =SUM(JWB15:JWB15) -> 0 | JWC16: SUB-TOTAL | JWJ16: =SUM(JWJ15:JWJ15) -> 0 | JWK16: SUB-TOTAL | JWR16: =SUM(JWR15:JWR15) -> 0 | JWS16: SUB-TOTAL | JWZ16: =SUM(JWZ15:JWZ15) -> 0 | JXA16: SUB-TOTAL | JXH16: =SUM(JXH15:JXH15) -> 0 | JXI16: SUB-TOTAL | JXP16: =SUM(JXP15:JXP15) -> 0 | JXQ16: SUB-TOTAL | JXX16: =SUM(JXX15:JXX15) -> 0 | JXY16: SUB-TOTAL | JYF16: =SUM(JYF15:JYF15) -> 0 | JYG16: SUB-TOTAL | JYN16: =SUM(JYN15:JYN15) -> 0 | JYO16: SUB-TOTAL | JYV16: =SUM(JYV15:JYV15) -> 0 | JYW16: SUB-TOTAL | JZD16: =SUM(JZD15:JZD15) -> 0 | JZE16: SUB-TOTAL | JZL16: =SUM(JZL15:JZL15) -> 0 | JZM16: SUB-TOTAL | JZT16: =SUM(JZT15:JZT15) -> 0 | JZU16: SUB-TOTAL | KAB16: =SUM(KAB15:KAB15) -> 0 | KAC16: SUB-TOTAL | KAJ16: =SUM(KAJ15:KAJ15) -> 0 | KAK16: SUB-TOTAL | KAR16: =SUM(KAR15:KAR15) -> 0 | KAS16: SUB-TOTAL | KAZ16: =SUM(KAZ15:KAZ15) -> 0 | KBA16: SUB-TOTAL | KBH16: =SUM(KBH15:KBH15) -> 0 | KBI16: SUB-TOTAL | KBP16: =SUM(KBP15:KBP15) -> 0 | KBQ16: SUB-TOTAL | KBX16: =SUM(KBX15:KBX15) -> 0 | KBY16: SUB-TOTAL | KCF16: =SUM(KCF15:KCF15) -> 0 | KCG16: SUB-TOTAL | KCN16: =SUM(KCN15:KCN15) -> 0 | KCO16: SUB-TOTAL | KCV16: =SUM(KCV15:KCV15) -> 0 | KCW16: SUB-TOTAL | KDD16: =SUM(KDD15:KDD15) -> 0 | KDE16: SUB-TOTAL | KDL16: =SUM(KDL15:KDL15) -> 0 | KDM16: SUB-TOTAL | KDT16: =SUM(KDT15:KDT15) -> 0 | KDU16: SUB-TOTAL | KEB16: =SUM(KEB15:KEB15) -> 0 | KEC16: SUB-TOTAL | KEJ16: =SUM(KEJ15:KEJ15) -> 0 | KEK16: SUB-TOTAL | KER16: =SUM(KER15:KER15) -> 0 | KES16: SUB-TOTAL | KEZ16: =SUM(KEZ15:KEZ15) -> 0 | KFA16: SUB-TOTAL | KFH16: =SUM(KFH15:KFH15) -> 0 | KFI16: SUB-TOTAL | KFP16: =SUM(KFP15:KFP15) -> 0 | KFQ16: SUB-TOTAL | KFX16: =SUM(KFX15:KFX15) -> 0 | KFY16: SUB-TOTAL | KGF16: =SUM(KGF15:KGF15) -> 0 | KGG16: SUB-TOTAL | KGN16: =SUM(KGN15:KGN15) -> 0 | KGO16: SUB-TOTAL | KGV16: =SUM(KGV15:KGV15) -> 0 | KGW16: SUB-TOTAL | KHD16: =SUM(KHD15:KHD15) -> 0 | KHE16: SUB-TOTAL | KHL16: =SUM(KHL15:KHL15) -> 0 | KHM16: SUB-TOTAL | KHT16: =SUM(KHT15:KHT15) -> 0 | KHU16: SUB-TOTAL | KIB16: =SUM(KIB15:KIB15) -> 0 | KIC16: SUB-TOTAL | KIJ16: =SUM(KIJ15:KIJ15) -> 0 | KIK16: SUB-TOTAL | KIR16: =SUM(KIR15:KIR15) -> 0 | KIS16: SUB-TOTAL | KIZ16: =SUM(KIZ15:KIZ15) -> 0 | KJA16: SUB-TOTAL | KJH16: =SUM(KJH15:KJH15) -> 0 | KJI16: SUB-TOTAL | KJP16: =SUM(KJP15:KJP15) -> 0 | KJQ16: SUB-TOTAL | KJX16: =SUM(KJX15:KJX15) -> 0 | KJY16: SUB-TOTAL | KKF16: =SUM(KKF15:KKF15) -> 0 | KKG16: SUB-TOTAL | KKN16: =SUM(KKN15:KKN15) -> 0 | KKO16: SUB-TOTAL | KKV16: =SUM(KKV15:KKV15) -> 0 | KKW16: SUB-TOTAL | KLD16: =SUM(KLD15:KLD15) -> 0 | KLE16: SUB-TOTAL | KLL16: =SUM(KLL15:KLL15) -> 0 | KLM16: SUB-TOTAL | KLT16: =SUM(KLT15:KLT15) -> 0 | KLU16: SUB-TOTAL | KMB16: =SUM(KMB15:KMB15) -> 0 | KMC16: SUB-TOTAL | KMJ16: =SUM(KMJ15:KMJ15) -> 0 | KMK16: SUB-TOTAL | KMR16: =SUM(KMR15:KMR15) -> 0 | KMS16: SUB-TOTAL | KMZ16: =SUM(KMZ15:KMZ15) -> 0 | KNA16: SUB-TOTAL | KNH16: =SUM(KNH15:KNH15) -> 0 | KNI16: SUB-TOTAL | KNP16: =SUM(KNP15:KNP15) -> 0 | KNQ16: SUB-TOTAL | KNX16: =SUM(KNX15:KNX15) -> 0 | KNY16: SUB-TOTAL | KOF16: =SUM(KOF15:KOF15) -> 0 | KOG16: SUB-TOTAL | KON16: =SUM(KON15:KON15) -> 0 | KOO16: SUB-TOTAL | KOV16: =SUM(KOV15:KOV15) -> 0 | KOW16: SUB-TOTAL | KPD16: =SUM(KPD15:KPD15) -> 0 | KPE16: SUB-TOTAL | KPL16: =SUM(KPL15:KPL15) -> 0 | KPM16: SUB-TOTAL | KPT16: =SUM(KPT15:KPT15) -> 0 | KPU16: SUB-TOTAL | KQB16: =SUM(KQB15:KQB15) -> 0 | KQC16: SUB-TOTAL | KQJ16: =SUM(KQJ15:KQJ15) -> 0 | KQK16: SUB-TOTAL | KQR16: =SUM(KQR15:KQR15) -> 0 | KQS16: SUB-TOTAL | KQZ16: =SUM(KQZ15:KQZ15) -> 0 | KRA16: SUB-TOTAL | KRH16: =SUM(KRH15:KRH15) -> 0 | KRI16: SUB-TOTAL | KRP16: =SUM(KRP15:KRP15) -> 0 | KRQ16: SUB-TOTAL | KRX16: =SUM(KRX15:KRX15) -> 0 | KRY16: SUB-TOTAL | KSF16: =SUM(KSF15:KSF15) -> 0 | KSG16: SUB-TOTAL | KSN16: =SUM(KSN15:KSN15) -> 0 | KSO16: SUB-TOTAL | KSV16: =SUM(KSV15:KSV15) -> 0 | KSW16: SUB-TOTAL | KTD16: =SUM(KTD15:KTD15) -> 0 | KTE16: SUB-TOTAL | KTL16: =SUM(KTL15:KTL15) -> 0 | KTM16: SUB-TOTAL | KTT16: =SUM(KTT15:KTT15) -> 0 | KTU16: SUB-TOTAL | KUB16: =SUM(KUB15:KUB15) -> 0 | KUC16: SUB-TOTAL | KUJ16: =SUM(KUJ15:KUJ15) -> 0 | KUK16: SUB-TOTAL | KUR16: =SUM(KUR15:KUR15) -> 0 | KUS16: SUB-TOTAL | KUZ16: =SUM(KUZ15:KUZ15) -> 0 | KVA16: SUB-TOTAL | KVH16: =SUM(KVH15:KVH15) -> 0 | KVI16: SUB-TOTAL | KVP16: =SUM(KVP15:KVP15) -> 0 | KVQ16: SUB-TOTAL | KVX16: =SUM(KVX15:KVX15) -> 0 | KVY16: SUB-TOTAL | KWF16: =SUM(KWF15:KWF15) -> 0 | KWG16: SUB-TOTAL | KWN16: =SUM(KWN15:KWN15) -> 0 | KWO16: SUB-TOTAL | KWV16: =SUM(KWV15:KWV15) -> 0 | KWW16: SUB-TOTAL | KXD16: =SUM(KXD15:KXD15) -> 0 | KXE16: SUB-TOTAL | KXL16: =SUM(KXL15:KXL15) -> 0 | KXM16: SUB-TOTAL | KXT16: =SUM(KXT15:KXT15) -> 0 | KXU16: SUB-TOTAL | KYB16: =SUM(KYB15:KYB15) -> 0 | KYC16: SUB-TOTAL | KYJ16: =SUM(KYJ15:KYJ15) -> 0 | KYK16: SUB-TOTAL | KYR16: =SUM(KYR15:KYR15) -> 0 | KYS16: SUB-TOTAL | KYZ16: =SUM(KYZ15:KYZ15) -> 0 | KZA16: SUB-TOTAL | KZH16: =SUM(KZH15:KZH15) -> 0 | KZI16: SUB-TOTAL | KZP16: =SUM(KZP15:KZP15) -> 0 | KZQ16: SUB-TOTAL | KZX16: =SUM(KZX15:KZX15) -> 0 | KZY16: SUB-TOTAL | LAF16: =SUM(LAF15:LAF15) -> 0 | LAG16: SUB-TOTAL | LAN16: =SUM(LAN15:LAN15) -> 0 | LAO16: SUB-TOTAL | LAV16: =SUM(LAV15:LAV15) -> 0 | LAW16: SUB-TOTAL | LBD16: =SUM(LBD15:LBD15) -> 0 | LBE16: SUB-TOTAL | LBL16: =SUM(LBL15:LBL15) -> 0 | LBM16: SUB-TOTAL | LBT16: =SUM(LBT15:LBT15) -> 0 | LBU16: SUB-TOTAL | LCB16: =SUM(LCB15:LCB15) -> 0 | LCC16: SUB-TOTAL | LCJ16: =SUM(LCJ15:LCJ15) -> 0 | LCK16: SUB-TOTAL | LCR16: =SUM(LCR15:LCR15) -> 0 | LCS16: SUB-TOTAL | LCZ16: =SUM(LCZ15:LCZ15) -> 0 | LDA16: SUB-TOTAL | LDH16: =SUM(LDH15:LDH15) -> 0 | LDI16: SUB-TOTAL | LDP16: =SUM(LDP15:LDP15) -> 0 | LDQ16: SUB-TOTAL | LDX16: =SUM(LDX15:LDX15) -> 0 | LDY16: SUB-TOTAL | LEF16: =SUM(LEF15:LEF15) -> 0 | LEG16: SUB-TOTAL | LEN16: =SUM(LEN15:LEN15) -> 0 | LEO16: SUB-TOTAL | LEV16: =SUM(LEV15:LEV15) -> 0 | LEW16: SUB-TOTAL | LFD16: =SUM(LFD15:LFD15) -> 0 | LFE16: SUB-TOTAL | LFL16: =SUM(LFL15:LFL15) -> 0 | LFM16: SUB-TOTAL | LFT16: =SUM(LFT15:LFT15) -> 0 | LFU16: SUB-TOTAL | LGB16: =SUM(LGB15:LGB15) -> 0 | LGC16: SUB-TOTAL | LGJ16: =SUM(LGJ15:LGJ15) -> 0 | LGK16: SUB-TOTAL | LGR16: =SUM(LGR15:LGR15) -> 0 | LGS16: SUB-TOTAL | LGZ16: =SUM(LGZ15:LGZ15) -> 0 | LHA16: SUB-TOTAL | LHH16: =SUM(LHH15:LHH15) -> 0 | LHI16: SUB-TOTAL | LHP16: =SUM(LHP15:LHP15) -> 0 | LHQ16: SUB-TOTAL | LHX16: =SUM(LHX15:LHX15) -> 0 | LHY16: SUB-TOTAL | LIF16: =SUM(LIF15:LIF15) -> 0 | LIG16: SUB-TOTAL | LIN16: =SUM(LIN15:LIN15) -> 0 | LIO16: SUB-TOTAL | LIV16: =SUM(LIV15:LIV15) -> 0 | LIW16: SUB-TOTAL | LJD16: =SUM(LJD15:LJD15) -> 0 | LJE16: SUB-TOTAL | LJL16: =SUM(LJL15:LJL15) -> 0 | LJM16: SUB-TOTAL | LJT16: =SUM(LJT15:LJT15) -> 0 | LJU16: SUB-TOTAL | LKB16: =SUM(LKB15:LKB15) -> 0 | LKC16: SUB-TOTAL | LKJ16: =SUM(LKJ15:LKJ15) -> 0 | LKK16: SUB-TOTAL | LKR16: =SUM(LKR15:LKR15) -> 0 | LKS16: SUB-TOTAL | LKZ16: =SUM(LKZ15:LKZ15) -> 0 | LLA16: SUB-TOTAL | LLH16: =SUM(LLH15:LLH15) -> 0 | LLI16: SUB-TOTAL | LLP16: =SUM(LLP15:LLP15) -> 0 | LLQ16: SUB-TOTAL | LLX16: =SUM(LLX15:LLX15) -> 0 | LLY16: SUB-TOTAL | LMF16: =SUM(LMF15:LMF15) -> 0 | LMG16: SUB-TOTAL | LMN16: =SUM(LMN15:LMN15) -> 0 | LMO16: SUB-TOTAL | LMV16: =SUM(LMV15:LMV15) -> 0 | LMW16: SUB-TOTAL | LND16: =SUM(LND15:LND15) -> 0 | LNE16: SUB-TOTAL | LNL16: =SUM(LNL15:LNL15) -> 0 | LNM16: SUB-TOTAL | LNT16: =SUM(LNT15:LNT15) -> 0 | LNU16: SUB-TOTAL | LOB16: =SUM(LOB15:LOB15) -> 0 | LOC16: SUB-TOTAL | LOJ16: =SUM(LOJ15:LOJ15) -> 0 | LOK16: SUB-TOTAL | LOR16: =SUM(LOR15:LOR15) -> 0 | LOS16: SUB-TOTAL | LOZ16: =SUM(LOZ15:LOZ15) -> 0 | LPA16: SUB-TOTAL | LPH16: =SUM(LPH15:LPH15) -> 0 | LPI16: SUB-TOTAL | LPP16: =SUM(LPP15:LPP15) -> 0 | LPQ16: SUB-TOTAL | LPX16: =SUM(LPX15:LPX15) -> 0 | LPY16: SUB-TOTAL | LQF16: =SUM(LQF15:LQF15) -> 0 | LQG16: SUB-TOTAL | LQN16: =SUM(LQN15:LQN15) -> 0 | LQO16: SUB-TOTAL | LQV16: =SUM(LQV15:LQV15) -> 0 | LQW16: SUB-TOTAL | LRD16: =SUM(LRD15:LRD15) -> 0 | LRE16: SUB-TOTAL | LRL16: =SUM(LRL15:LRL15) -> 0 | LRM16: SUB-TOTAL | LRT16: =SUM(LRT15:LRT15) -> 0 | LRU16: SUB-TOTAL | LSB16: =SUM(LSB15:LSB15) -> 0 | LSC16: SUB-TOTAL | LSJ16: =SUM(LSJ15:LSJ15) -> 0 | LSK16: SUB-TOTAL | LSR16: =SUM(LSR15:LSR15) -> 0 | LSS16: SUB-TOTAL | LSZ16: =SUM(LSZ15:LSZ15) -> 0 | LTA16: SUB-TOTAL | LTH16: =SUM(LTH15:LTH15) -> 0 | LTI16: SUB-TOTAL | LTP16: =SUM(LTP15:LTP15) -> 0 | LTQ16: SUB-TOTAL | LTX16: =SUM(LTX15:LTX15) -> 0 | LTY16: SUB-TOTAL | LUF16: =SUM(LUF15:LUF15) -> 0 | LUG16: SUB-TOTAL | LUN16: =SUM(LUN15:LUN15) -> 0 | LUO16: SUB-TOTAL | LUV16: =SUM(LUV15:LUV15) -> 0 | LUW16: SUB-TOTAL | LVD16: =SUM(LVD15:LVD15) -> 0 | LVE16: SUB-TOTAL | LVL16: =SUM(LVL15:LVL15) -> 0 | LVM16: SUB-TOTAL | LVT16: =SUM(LVT15:LVT15) -> 0 | LVU16: SUB-TOTAL | LWB16: =SUM(LWB15:LWB15) -> 0 | LWC16: SUB-TOTAL | LWJ16: =SUM(LWJ15:LWJ15) -> 0 | LWK16: SUB-TOTAL | LWR16: =SUM(LWR15:LWR15) -> 0 | LWS16: SUB-TOTAL | LWZ16: =SUM(LWZ15:LWZ15) -> 0 | LXA16: SUB-TOTAL | LXH16: =SUM(LXH15:LXH15) -> 0 | LXI16: SUB-TOTAL | LXP16: =SUM(LXP15:LXP15) -> 0 | LXQ16: SUB-TOTAL | LXX16: =SUM(LXX15:LXX15) -> 0 | LXY16: SUB-TOTAL | LYF16: =SUM(LYF15:LYF15) -> 0 | LYG16: SUB-TOTAL | LYN16: =SUM(LYN15:LYN15) -> 0 | LYO16: SUB-TOTAL | LYV16: =SUM(LYV15:LYV15) -> 0 | LYW16: SUB-TOTAL | LZD16: =SUM(LZD15:LZD15) -> 0 | LZE16: SUB-TOTAL | LZL16: =SUM(LZL15:LZL15) -> 0 | LZM16: SUB-TOTAL | LZT16: =SUM(LZT15:LZT15) -> 0 | LZU16: SUB-TOTAL | MAB16: =SUM(MAB15:MAB15) -> 0 | MAC16: SUB-TOTAL | MAJ16: =SUM(MAJ15:MAJ15) -> 0 | MAK16: SUB-TOTAL | MAR16: =SUM(MAR15:MAR15) -> 0 | MAS16: SUB-TOTAL | MAZ16: =SUM(MAZ15:MAZ15) -> 0 | MBA16: SUB-TOTAL | MBH16: =SUM(MBH15:MBH15) -> 0 | MBI16: SUB-TOTAL | MBP16: =SUM(MBP15:MBP15) -> 0 | MBQ16: SUB-TOTAL | MBX16: =SUM(MBX15:MBX15) -> 0 | MBY16: SUB-TOTAL | MCF16: =SUM(MCF15:MCF15) -> 0 | MCG16: SUB-TOTAL | MCN16: =SUM(MCN15:MCN15) -> 0 | MCO16: SUB-TOTAL | MCV16: =SUM(MCV15:MCV15) -> 0 | MCW16: SUB-TOTAL | MDD16: =SUM(MDD15:MDD15) -> 0 | MDE16: SUB-TOTAL | MDL16: =SUM(MDL15:MDL15) -> 0 | MDM16: SUB-TOTAL | MDT16: =SUM(MDT15:MDT15) -> 0 | MDU16: SUB-TOTAL | MEB16: =SUM(MEB15:MEB15) -> 0 | MEC16: SUB-TOTAL | MEJ16: =SUM(MEJ15:MEJ15) -> 0 | MEK16: SUB-TOTAL | MER16: =SUM(MER15:MER15) -> 0 | MES16: SUB-TOTAL | MEZ16: =SUM(MEZ15:MEZ15) -> 0 | MFA16: SUB-TOTAL | MFH16: =SUM(MFH15:MFH15) -> 0 | MFI16: SUB-TOTAL | MFP16: =SUM(MFP15:MFP15) -> 0 | MFQ16: SUB-TOTAL | MFX16: =SUM(MFX15:MFX15) -> 0 | MFY16: SUB-TOTAL | MGF16: =SUM(MGF15:MGF15) -> 0 | MGG16: SUB-TOTAL | MGN16: =SUM(MGN15:MGN15) -> 0 | MGO16: SUB-TOTAL | MGV16: =SUM(MGV15:MGV15) -> 0 | MGW16: SUB-TOTAL | MHD16: =SUM(MHD15:MHD15) -> 0 | MHE16: SUB-TOTAL | MHL16: =SUM(MHL15:MHL15) -> 0 | MHM16: SUB-TOTAL | MHT16: =SUM(MHT15:MHT15) -> 0 | MHU16: SUB-TOTAL | MIB16: =SUM(MIB15:MIB15) -> 0 | MIC16: SUB-TOTAL | MIJ16: =SUM(MIJ15:MIJ15) -> 0 | MIK16: SUB-TOTAL | MIR16: =SUM(MIR15:MIR15) -> 0 | MIS16: SUB-TOTAL | MIZ16: =SUM(MIZ15:MIZ15) -> 0 | MJA16: SUB-TOTAL | MJH16: =SUM(MJH15:MJH15) -> 0 | MJI16: SUB-TOTAL | MJP16: =SUM(MJP15:MJP15) -> 0 | MJQ16: SUB-TOTAL | MJX16: =SUM(MJX15:MJX15) -> 0 | MJY16: SUB-TOTAL | MKF16: =SUM(MKF15:MKF15) -> 0 | MKG16: SUB-TOTAL | MKN16: =SUM(MKN15:MKN15) -> 0 | MKO16: SUB-TOTAL | MKV16: =SUM(MKV15:MKV15) -> 0 | MKW16: SUB-TOTAL | MLD16: =SUM(MLD15:MLD15) -> 0 | MLE16: SUB-TOTAL | MLL16: =SUM(MLL15:MLL15) -> 0 | MLM16: SUB-TOTAL | MLT16: =SUM(MLT15:MLT15) -> 0 | MLU16: SUB-TOTAL | MMB16: =SUM(MMB15:MMB15) -> 0 | MMC16: SUB-TOTAL | MMJ16: =SUM(MMJ15:MMJ15) -> 0 | MMK16: SUB-TOTAL | MMR16: =SUM(MMR15:MMR15) -> 0 | MMS16: SUB-TOTAL | MMZ16: =SUM(MMZ15:MMZ15) -> 0 | MNA16: SUB-TOTAL | MNH16: =SUM(MNH15:MNH15) -> 0 | MNI16: SUB-TOTAL | MNP16: =SUM(MNP15:MNP15) -> 0 | MNQ16: SUB-TOTAL | MNX16: =SUM(MNX15:MNX15) -> 0 | MNY16: SUB-TOTAL | MOF16: =SUM(MOF15:MOF15) -> 0 | MOG16: SUB-TOTAL | MON16: =SUM(MON15:MON15) -> 0 | MOO16: SUB-TOTAL | MOV16: =SUM(MOV15:MOV15) -> 0 | MOW16: SUB-TOTAL | MPD16: =SUM(MPD15:MPD15) -> 0 | MPE16: SUB-TOTAL | MPL16: =SUM(MPL15:MPL15) -> 0 | MPM16: SUB-TOTAL | MPT16: =SUM(MPT15:MPT15) -> 0 | MPU16: SUB-TOTAL | MQB16: =SUM(MQB15:MQB15) -> 0 | MQC16: SUB-TOTAL | MQJ16: =SUM(MQJ15:MQJ15) -> 0 | MQK16: SUB-TOTAL | MQR16: =SUM(MQR15:MQR15) -> 0 | MQS16: SUB-TOTAL | MQZ16: =SUM(MQZ15:MQZ15) -> 0 | MRA16: SUB-TOTAL | MRH16: =SUM(MRH15:MRH15) -> 0 | MRI16: SUB-TOTAL | MRP16: =SUM(MRP15:MRP15) -> 0 | MRQ16: SUB-TOTAL | MRX16: =SUM(MRX15:MRX15) -> 0 | MRY16: SUB-TOTAL | MSF16: =SUM(MSF15:MSF15) -> 0 | MSG16: SUB-TOTAL | MSN16: =SUM(MSN15:MSN15) -> 0 | MSO16: SUB-TOTAL | MSV16: =SUM(MSV15:MSV15) -> 0 | MSW16: SUB-TOTAL | MTD16: =SUM(MTD15:MTD15) -> 0 | MTE16: SUB-TOTAL | MTL16: =SUM(MTL15:MTL15) -> 0 | MTM16: SUB-TOTAL | MTT16: =SUM(MTT15:MTT15) -> 0 | MTU16: SUB-TOTAL | MUB16: =SUM(MUB15:MUB15) -> 0 | MUC16: SUB-TOTAL | MUJ16: =SUM(MUJ15:MUJ15) -> 0 | MUK16: SUB-TOTAL | MUR16: =SUM(MUR15:MUR15) -> 0 | MUS16: SUB-TOTAL | MUZ16: =SUM(MUZ15:MUZ15) -> 0 | MVA16: SUB-TOTAL | MVH16: =SUM(MVH15:MVH15) -> 0 | MVI16: SUB-TOTAL | MVP16: =SUM(MVP15:MVP15) -> 0 | MVQ16: SUB-TOTAL | MVX16: =SUM(MVX15:MVX15) -> 0 | MVY16: SUB-TOTAL | MWF16: =SUM(MWF15:MWF15) -> 0 | MWG16: SUB-TOTAL | MWN16: =SUM(MWN15:MWN15) -> 0 | MWO16: SUB-TOTAL | MWV16: =SUM(MWV15:MWV15) -> 0 | MWW16: SUB-TOTAL | MXD16: =SUM(MXD15:MXD15) -> 0 | MXE16: SUB-TOTAL | MXL16: =SUM(MXL15:MXL15) -> 0 | MXM16: SUB-TOTAL | MXT16: =SUM(MXT15:MXT15) -> 0 | MXU16: SUB-TOTAL | MYB16: =SUM(MYB15:MYB15) -> 0 | MYC16: SUB-TOTAL | MYJ16: =SUM(MYJ15:MYJ15) -> 0 | MYK16: SUB-TOTAL | MYR16: =SUM(MYR15:MYR15) -> 0 | MYS16: SUB-TOTAL | MYZ16: =SUM(MYZ15:MYZ15) -> 0 | MZA16: SUB-TOTAL | MZH16: =SUM(MZH15:MZH15) -> 0 | MZI16: SUB-TOTAL | MZP16: =SUM(MZP15:MZP15) -> 0 | MZQ16: SUB-TOTAL | MZX16: =SUM(MZX15:MZX15) -> 0 | MZY16: SUB-TOTAL | NAF16: =SUM(NAF15:NAF15) -> 0 | NAG16: SUB-TOTAL | NAN16: =SUM(NAN15:NAN15) -> 0 | NAO16: SUB-TOTAL | NAV16: =SUM(NAV15:NAV15) -> 0 | NAW16: SUB-TOTAL | NBD16: =SUM(NBD15:NBD15) -> 0 | NBE16: SUB-TOTAL | NBL16: =SUM(NBL15:NBL15) -> 0 | NBM16: SUB-TOTAL | NBT16: =SUM(NBT15:NBT15) -> 0 | NBU16: SUB-TOTAL | NCB16: =SUM(NCB15:NCB15) -> 0 | NCC16: SUB-TOTAL | NCJ16: =SUM(NCJ15:NCJ15) -> 0 | NCK16: SUB-TOTAL | NCR16: =SUM(NCR15:NCR15) -> 0 | NCS16: SUB-TOTAL | NCZ16: =SUM(NCZ15:NCZ15) -> 0 | NDA16: SUB-TOTAL | NDH16: =SUM(NDH15:NDH15) -> 0 | NDI16: SUB-TOTAL | NDP16: =SUM(NDP15:NDP15) -> 0 | NDQ16: SUB-TOTAL | NDX16: =SUM(NDX15:NDX15) -> 0 | NDY16: SUB-TOTAL | NEF16: =SUM(NEF15:NEF15) -> 0 | NEG16: SUB-TOTAL | NEN16: =SUM(NEN15:NEN15) -> 0 | NEO16: SUB-TOTAL | NEV16: =SUM(NEV15:NEV15) -> 0 | NEW16: SUB-TOTAL | NFD16: =SUM(NFD15:NFD15) -> 0 | NFE16: SUB-TOTAL | NFL16: =SUM(NFL15:NFL15) -> 0 | NFM16: SUB-TOTAL | NFT16: =SUM(NFT15:NFT15) -> 0 | NFU16: SUB-TOTAL | NGB16: =SUM(NGB15:NGB15) -> 0 | NGC16: SUB-TOTAL | NGJ16: =SUM(NGJ15:NGJ15) -> 0 | NGK16: SUB-TOTAL | NGR16: =SUM(NGR15:NGR15) -> 0 | NGS16: SUB-TOTAL | NGZ16: =SUM(NGZ15:NGZ15) -> 0 | NHA16: SUB-TOTAL | NHH16: =SUM(NHH15:NHH15) -> 0 | NHI16: SUB-TOTAL | NHP16: =SUM(NHP15:NHP15) -> 0 | NHQ16: SUB-TOTAL | NHX16: =SUM(NHX15:NHX15) -> 0 | NHY16: SUB-TOTAL | NIF16: =SUM(NIF15:NIF15) -> 0 | NIG16: SUB-TOTAL | NIN16: =SUM(NIN15:NIN15) -> 0 | NIO16: SUB-TOTAL | NIV16: =SUM(NIV15:NIV15) -> 0 | NIW16: SUB-TOTAL | NJD16: =SUM(NJD15:NJD15) -> 0 | NJE16: SUB-TOTAL | NJL16: =SUM(NJL15:NJL15) -> 0 | NJM16: SUB-TOTAL | NJT16: =SUM(NJT15:NJT15) -> 0 | NJU16: SUB-TOTAL | NKB16: =SUM(NKB15:NKB15) -> 0 | NKC16: SUB-TOTAL | NKJ16: =SUM(NKJ15:NKJ15) -> 0 | NKK16: SUB-TOTAL | NKR16: =SUM(NKR15:NKR15) -> 0 | NKS16: SUB-TOTAL | NKZ16: =SUM(NKZ15:NKZ15) -> 0 | NLA16: SUB-TOTAL | NLH16: =SUM(NLH15:NLH15) -> 0 | NLI16: SUB-TOTAL | NLP16: =SUM(NLP15:NLP15) -> 0 | NLQ16: SUB-TOTAL | NLX16: =SUM(NLX15:NLX15) -> 0 | NLY16: SUB-TOTAL | NMF16: =SUM(NMF15:NMF15) -> 0 | NMG16: SUB-TOTAL | NMN16: =SUM(NMN15:NMN15) -> 0 | NMO16: SUB-TOTAL | NMV16: =SUM(NMV15:NMV15) -> 0 | NMW16: SUB-TOTAL | NND16: =SUM(NND15:NND15) -> 0 | NNE16: SUB-TOTAL | NNL16: =SUM(NNL15:NNL15) -> 0 | NNM16: SUB-TOTAL | NNT16: =SUM(NNT15:NNT15) -> 0 | NNU16: SUB-TOTAL | NOB16: =SUM(NOB15:NOB15) -> 0 | NOC16: SUB-TOTAL | NOJ16: =SUM(NOJ15:NOJ15) -> 0 | NOK16: SUB-TOTAL | NOR16: =SUM(NOR15:NOR15) -> 0 | NOS16: SUB-TOTAL | NOZ16: =SUM(NOZ15:NOZ15) -> 0 | NPA16: SUB-TOTAL | NPH16: =SUM(NPH15:NPH15) -> 0 | NPI16: SUB-TOTAL | NPP16: =SUM(NPP15:NPP15) -> 0 | NPQ16: SUB-TOTAL | NPX16: =SUM(NPX15:NPX15) -> 0 | NPY16: SUB-TOTAL | NQF16: =SUM(NQF15:NQF15) -> 0 | NQG16: SUB-TOTAL | NQN16: =SUM(NQN15:NQN15) -> 0 | NQO16: SUB-TOTAL | NQV16: =SUM(NQV15:NQV15) -> 0 | NQW16: SUB-TOTAL | NRD16: =SUM(NRD15:NRD15) -> 0 | NRE16: SUB-TOTAL | NRL16: =SUM(NRL15:NRL15) -> 0 | NRM16: SUB-TOTAL | NRT16: =SUM(NRT15:NRT15) -> 0 | NRU16: SUB-TOTAL | NSB16: =SUM(NSB15:NSB15) -> 0 | NSC16: SUB-TOTAL | NSJ16: =SUM(NSJ15:NSJ15) -> 0 | NSK16: SUB-TOTAL | NSR16: =SUM(NSR15:NSR15) -> 0 | NSS16: SUB-TOTAL | NSZ16: =SUM(NSZ15:NSZ15) -> 0 | NTA16: SUB-TOTAL | NTH16: =SUM(NTH15:NTH15) -> 0 | NTI16: SUB-TOTAL | NTP16: =SUM(NTP15:NTP15) -> 0 | NTQ16: SUB-TOTAL | NTX16: =SUM(NTX15:NTX15) -> 0 | NTY16: SUB-TOTAL | NUF16: =SUM(NUF15:NUF15) -> 0 | NUG16: SUB-TOTAL | NUN16: =SUM(NUN15:NUN15) -> 0 | NUO16: SUB-TOTAL | NUV16: =SUM(NUV15:NUV15) -> 0 | NUW16: SUB-TOTAL | NVD16: =SUM(NVD15:NVD15) -> 0 | NVE16: SUB-TOTAL | NVL16: =SUM(NVL15:NVL15) -> 0 | NVM16: SUB-TOTAL | NVT16: =SUM(NVT15:NVT15) -> 0 | NVU16: SUB-TOTAL | NWB16: =SUM(NWB15:NWB15) -> 0 | NWC16: SUB-TOTAL | NWJ16: =SUM(NWJ15:NWJ15) -> 0 | NWK16: SUB-TOTAL | NWR16: =SUM(NWR15:NWR15) -> 0 | NWS16: SUB-TOTAL | NWZ16: =SUM(NWZ15:NWZ15) -> 0 | NXA16: SUB-TOTAL | NXH16: =SUM(NXH15:NXH15) -> 0 | NXI16: SUB-TOTAL | NXP16: =SUM(NXP15:NXP15) -> 0 | NXQ16: SUB-TOTAL | NXX16: =SUM(NXX15:NXX15) -> 0 | NXY16: SUB-TOTAL | NYF16: =SUM(NYF15:NYF15) -> 0 | NYG16: SUB-TOTAL | NYN16: =SUM(NYN15:NYN15) -> 0 | NYO16: SUB-TOTAL | NYV16: =SUM(NYV15:NYV15) -> 0 | NYW16: SUB-TOTAL | NZD16: =SUM(NZD15:NZD15) -> 0 | NZE16: SUB-TOTAL | NZL16: =SUM(NZL15:NZL15) -> 0 | NZM16: SUB-TOTAL | NZT16: =SUM(NZT15:NZT15) -> 0 | NZU16: SUB-TOTAL | OAB16: =SUM(OAB15:OAB15) -> 0 | OAC16: SUB-TOTAL | OAJ16: =SUM(OAJ15:OAJ15) -> 0 | OAK16: SUB-TOTAL | OAR16: =SUM(OAR15:OAR15) -> 0 | OAS16: SUB-TOTAL | OAZ16: =SUM(OAZ15:OAZ15) -> 0 | OBA16: SUB-TOTAL | OBH16: =SUM(OBH15:OBH15) -> 0 | OBI16: SUB-TOTAL | OBP16: =SUM(OBP15:OBP15) -> 0 | OBQ16: SUB-TOTAL | OBX16: =SUM(OBX15:OBX15) -> 0 | OBY16: SUB-TOTAL | OCF16: =SUM(OCF15:OCF15) -> 0 | OCG16: SUB-TOTAL | OCN16: =SUM(OCN15:OCN15) -> 0 | OCO16: SUB-TOTAL | OCV16: =SUM(OCV15:OCV15) -> 0 | OCW16: SUB-TOTAL | ODD16: =SUM(ODD15:ODD15) -> 0 | ODE16: SUB-TOTAL | ODL16: =SUM(ODL15:ODL15) -> 0 | ODM16: SUB-TOTAL | ODT16: =SUM(ODT15:ODT15) -> 0 | ODU16: SUB-TOTAL | OEB16: =SUM(OEB15:OEB15) -> 0 | OEC16: SUB-TOTAL | OEJ16: =SUM(OEJ15:OEJ15) -> 0 | OEK16: SUB-TOTAL | OER16: =SUM(OER15:OER15) -> 0 | OES16: SUB-TOTAL | OEZ16: =SUM(OEZ15:OEZ15) -> 0 | OFA16: SUB-TOTAL | OFH16: =SUM(OFH15:OFH15) -> 0 | OFI16: SUB-TOTAL | OFP16: =SUM(OFP15:OFP15) -> 0 | OFQ16: SUB-TOTAL | OFX16: =SUM(OFX15:OFX15) -> 0 | OFY16: SUB-TOTAL | OGF16: =SUM(OGF15:OGF15) -> 0 | OGG16: SUB-TOTAL | OGN16: =SUM(OGN15:OGN15) -> 0 | OGO16: SUB-TOTAL | OGV16: =SUM(OGV15:OGV15) -> 0 | OGW16: SUB-TOTAL | OHD16: =SUM(OHD15:OHD15) -> 0 | OHE16: SUB-TOTAL | OHL16: =SUM(OHL15:OHL15) -> 0 | OHM16: SUB-TOTAL | OHT16: =SUM(OHT15:OHT15) -> 0 | OHU16: SUB-TOTAL | OIB16: =SUM(OIB15:OIB15) -> 0 | OIC16: SUB-TOTAL | OIJ16: =SUM(OIJ15:OIJ15) -> 0 | OIK16: SUB-TOTAL | OIR16: =SUM(OIR15:OIR15) -> 0 | OIS16: SUB-TOTAL | OIZ16: =SUM(OIZ15:OIZ15) -> 0 | OJA16: SUB-TOTAL | OJH16: =SUM(OJH15:OJH15) -> 0 | OJI16: SUB-TOTAL | OJP16: =SUM(OJP15:OJP15) -> 0 | OJQ16: SUB-TOTAL | OJX16: =SUM(OJX15:OJX15) -> 0 | OJY16: SUB-TOTAL | OKF16: =SUM(OKF15:OKF15) -> 0 | OKG16: SUB-TOTAL | OKN16: =SUM(OKN15:OKN15) -> 0 | OKO16: SUB-TOTAL | OKV16: =SUM(OKV15:OKV15) -> 0 | OKW16: SUB-TOTAL | OLD16: =SUM(OLD15:OLD15) -> 0 | OLE16: SUB-TOTAL | OLL16: =SUM(OLL15:OLL15) -> 0 | OLM16: SUB-TOTAL | OLT16: =SUM(OLT15:OLT15) -> 0 | OLU16: SUB-TOTAL | OMB16: =SUM(OMB15:OMB15) -> 0 | OMC16: SUB-TOTAL | OMJ16: =SUM(OMJ15:OMJ15) -> 0 | OMK16: SUB-TOTAL | OMR16: =SUM(OMR15:OMR15) -> 0 | OMS16: SUB-TOTAL | OMZ16: =SUM(OMZ15:OMZ15) -> 0 | ONA16: SUB-TOTAL | ONH16: =SUM(ONH15:ONH15) -> 0 | ONI16: SUB-TOTAL | ONP16: =SUM(ONP15:ONP15) -> 0 | ONQ16: SUB-TOTAL | ONX16: =SUM(ONX15:ONX15) -> 0 | ONY16: SUB-TOTAL | OOF16: =SUM(OOF15:OOF15) -> 0 | OOG16: SUB-TOTAL | OON16: =SUM(OON15:OON15) -> 0 | OOO16: SUB-TOTAL | OOV16: =SUM(OOV15:OOV15) -> 0 | OOW16: SUB-TOTAL | OPD16: =SUM(OPD15:OPD15) -> 0 | OPE16: SUB-TOTAL | OPL16: =SUM(OPL15:OPL15) -> 0 | OPM16: SUB-TOTAL | OPT16: =SUM(OPT15:OPT15) -> 0 | OPU16: SUB-TOTAL | OQB16: =SUM(OQB15:OQB15) -> 0 | OQC16: SUB-TOTAL | OQJ16: =SUM(OQJ15:OQJ15) -> 0 | OQK16: SUB-TOTAL | OQR16: =SUM(OQR15:OQR15) -> 0 | OQS16: SUB-TOTAL | OQZ16: =SUM(OQZ15:OQZ15) -> 0 | ORA16: SUB-TOTAL | ORH16: =SUM(ORH15:ORH15) -> 0 | ORI16: SUB-TOTAL | ORP16: =SUM(ORP15:ORP15) -> 0 | ORQ16: SUB-TOTAL | ORX16: =SUM(ORX15:ORX15) -> 0 | ORY16: SUB-TOTAL | OSF16: =SUM(OSF15:OSF15) -> 0 | OSG16: SUB-TOTAL | OSN16: =SUM(OSN15:OSN15) -> 0 | OSO16: SUB-TOTAL | OSV16: =SUM(OSV15:OSV15) -> 0 | OSW16: SUB-TOTAL | OTD16: =SUM(OTD15:OTD15) -> 0 | OTE16: SUB-TOTAL | OTL16: =SUM(OTL15:OTL15) -> 0 | OTM16: SUB-TOTAL | OTT16: =SUM(OTT15:OTT15) -> 0 | OTU16: SUB-TOTAL | OUB16: =SUM(OUB15:OUB15) -> 0 | OUC16: SUB-TOTAL | OUJ16: =SUM(OUJ15:OUJ15) -> 0 | OUK16: SUB-TOTAL | OUR16: =SUM(OUR15:OUR15) -> 0 | OUS16: SUB-TOTAL | OUZ16: =SUM(OUZ15:OUZ15) -> 0 | OVA16: SUB-TOTAL | OVH16: =SUM(OVH15:OVH15) -> 0 | OVI16: SUB-TOTAL | OVP16: =SUM(OVP15:OVP15) -> 0 | OVQ16: SUB-TOTAL | OVX16: =SUM(OVX15:OVX15) -> 0 | OVY16: SUB-TOTAL | OWF16: =SUM(OWF15:OWF15) -> 0 | OWG16: SUB-TOTAL | OWN16: =SUM(OWN15:OWN15) -> 0 | OWO16: SUB-TOTAL | OWV16: =SUM(OWV15:OWV15) -> 0 | OWW16: SUB-TOTAL | OXD16: =SUM(OXD15:OXD15) -> 0 | OXE16: SUB-TOTAL | OXL16: =SUM(OXL15:OXL15) -> 0 | OXM16: SUB-TOTAL | OXT16: =SUM(OXT15:OXT15) -> 0 | OXU16: SUB-TOTAL | OYB16: =SUM(OYB15:OYB15) -> 0 | OYC16: SUB-TOTAL | OYJ16: =SUM(OYJ15:OYJ15) -> 0 | OYK16: SUB-TOTAL | OYR16: =SUM(OYR15:OYR15) -> 0 | OYS16: SUB-TOTAL | OYZ16: =SUM(OYZ15:OYZ15) -> 0 | OZA16: SUB-TOTAL | OZH16: =SUM(OZH15:OZH15) -> 0 | OZI16: SUB-TOTAL | OZP16: =SUM(OZP15:OZP15) -> 0 | OZQ16: SUB-TOTAL | OZX16: =SUM(OZX15:OZX15) -> 0 | OZY16: SUB-TOTAL | PAF16: =SUM(PAF15:PAF15) -> 0 | PAG16: SUB-TOTAL | PAN16: =SUM(PAN15:PAN15) -> 0 | PAO16: SUB-TOTAL | PAV16: =SUM(PAV15:PAV15) -> 0 | PAW16: SUB-TOTAL | PBD16: =SUM(PBD15:PBD15) -> 0 | PBE16: SUB-TOTAL | PBL16: =SUM(PBL15:PBL15) -> 0 | PBM16: SUB-TOTAL | PBT16: =SUM(PBT15:PBT15) -> 0 | PBU16: SUB-TOTAL | PCB16: =SUM(PCB15:PCB15) -> 0 | PCC16: SUB-TOTAL | PCJ16: =SUM(PCJ15:PCJ15) -> 0 | PCK16: SUB-TOTAL | PCR16: =SUM(PCR15:PCR15) -> 0 | PCS16: SUB-TOTAL | PCZ16: =SUM(PCZ15:PCZ15) -> 0 | PDA16: SUB-TOTAL | PDH16: =SUM(PDH15:PDH15) -> 0 | PDI16: SUB-TOTAL | PDP16: =SUM(PDP15:PDP15) -> 0 | PDQ16: SUB-TOTAL | PDX16: =SUM(PDX15:PDX15) -> 0 | PDY16: SUB-TOTAL | PEF16: =SUM(PEF15:PEF15) -> 0 | PEG16: SUB-TOTAL | PEN16: =SUM(PEN15:PEN15) -> 0 | PEO16: SUB-TOTAL | PEV16: =SUM(PEV15:PEV15) -> 0 | PEW16: SUB-TOTAL | PFD16: =SUM(PFD15:PFD15) -> 0 | PFE16: SUB-TOTAL | PFL16: =SUM(PFL15:PFL15) -> 0 | PFM16: SUB-TOTAL | PFT16: =SUM(PFT15:PFT15) -> 0 | PFU16: SUB-TOTAL | PGB16: =SUM(PGB15:PGB15) -> 0 | PGC16: SUB-TOTAL | PGJ16: =SUM(PGJ15:PGJ15) -> 0 | PGK16: SUB-TOTAL | PGR16: =SUM(PGR15:PGR15) -> 0 | PGS16: SUB-TOTAL | PGZ16: =SUM(PGZ15:PGZ15) -> 0 | PHA16: SUB-TOTAL | PHH16: =SUM(PHH15:PHH15) -> 0 | PHI16: SUB-TOTAL | PHP16: =SUM(PHP15:PHP15) -> 0 | PHQ16: SUB-TOTAL | PHX16: =SUM(PHX15:PHX15) -> 0 | PHY16: SUB-TOTAL | PIF16: =SUM(PIF15:PIF15) -> 0 | PIG16: SUB-TOTAL | PIN16: =SUM(PIN15:PIN15) -> 0 | PIO16: SUB-TOTAL | PIV16: =SUM(PIV15:PIV15) -> 0 | PIW16: SUB-TOTAL | PJD16: =SUM(PJD15:PJD15) -> 0 | PJE16: SUB-TOTAL | PJL16: =SUM(PJL15:PJL15) -> 0 | PJM16: SUB-TOTAL | PJT16: =SUM(PJT15:PJT15) -> 0 | PJU16: SUB-TOTAL | PKB16: =SUM(PKB15:PKB15) -> 0 | PKC16: SUB-TOTAL | PKJ16: =SUM(PKJ15:PKJ15) -> 0 | PKK16: SUB-TOTAL | PKR16: =SUM(PKR15:PKR15) -> 0 | PKS16: SUB-TOTAL | PKZ16: =SUM(PKZ15:PKZ15) -> 0 | PLA16: SUB-TOTAL | PLH16: =SUM(PLH15:PLH15) -> 0 | PLI16: SUB-TOTAL | PLP16: =SUM(PLP15:PLP15) -> 0 | PLQ16: SUB-TOTAL | PLX16: =SUM(PLX15:PLX15) -> 0 | PLY16: SUB-TOTAL | PMF16: =SUM(PMF15:PMF15) -> 0 | PMG16: SUB-TOTAL | PMN16: =SUM(PMN15:PMN15) -> 0 | PMO16: SUB-TOTAL | PMV16: =SUM(PMV15:PMV15) -> 0 | PMW16: SUB-TOTAL | PND16: =SUM(PND15:PND15) -> 0 | PNE16: SUB-TOTAL | PNL16: =SUM(PNL15:PNL15) -> 0 | PNM16: SUB-TOTAL | PNT16: =SUM(PNT15:PNT15) -> 0 | PNU16: SUB-TOTAL | POB16: =SUM(POB15:POB15) -> 0 | POC16: SUB-TOTAL | POJ16: =SUM(POJ15:POJ15) -> 0 | POK16: SUB-TOTAL | POR16: =SUM(POR15:POR15) -> 0 | POS16: SUB-TOTAL | POZ16: =SUM(POZ15:POZ15) -> 0 | PPA16: SUB-TOTAL | PPH16: =SUM(PPH15:PPH15) -> 0 | PPI16: SUB-TOTAL | PPP16: =SUM(PPP15:PPP15) -> 0 | PPQ16: SUB-TOTAL | PPX16: =SUM(PPX15:PPX15) -> 0 | PPY16: SUB-TOTAL | PQF16: =SUM(PQF15:PQF15) -> 0 | PQG16: SUB-TOTAL | PQN16: =SUM(PQN15:PQN15) -> 0 | PQO16: SUB-TOTAL | PQV16: =SUM(PQV15:PQV15) -> 0 | PQW16: SUB-TOTAL | PRD16: =SUM(PRD15:PRD15) -> 0 | PRE16: SUB-TOTAL | PRL16: =SUM(PRL15:PRL15) -> 0 | PRM16: SUB-TOTAL | PRT16: =SUM(PRT15:PRT15) -> 0 | PRU16: SUB-TOTAL | PSB16: =SUM(PSB15:PSB15) -> 0 | PSC16: SUB-TOTAL | PSJ16: =SUM(PSJ15:PSJ15) -> 0 | PSK16: SUB-TOTAL | PSR16: =SUM(PSR15:PSR15) -> 0 | PSS16: SUB-TOTAL | PSZ16: =SUM(PSZ15:PSZ15) -> 0 | PTA16: SUB-TOTAL | PTH16: =SUM(PTH15:PTH15) -> 0 | PTI16: SUB-TOTAL | PTP16: =SUM(PTP15:PTP15) -> 0 | PTQ16: SUB-TOTAL | PTX16: =SUM(PTX15:PTX15) -> 0 | PTY16: SUB-TOTAL | PUF16: =SUM(PUF15:PUF15) -> 0 | PUG16: SUB-TOTAL | PUN16: =SUM(PUN15:PUN15) -> 0 | PUO16: SUB-TOTAL | PUV16: =SUM(PUV15:PUV15) -> 0 | PUW16: SUB-TOTAL | PVD16: =SUM(PVD15:PVD15) -> 0 | PVE16: SUB-TOTAL | PVL16: =SUM(PVL15:PVL15) -> 0 | PVM16: SUB-TOTAL | PVT16: =SUM(PVT15:PVT15) -> 0 | PVU16: SUB-TOTAL | PWB16: =SUM(PWB15:PWB15) -> 0 | PWC16: SUB-TOTAL | PWJ16: =SUM(PWJ15:PWJ15) -> 0 | PWK16: SUB-TOTAL | PWR16: =SUM(PWR15:PWR15) -> 0 | PWS16: SUB-TOTAL | PWZ16: =SUM(PWZ15:PWZ15) -> 0 | PXA16: SUB-TOTAL | PXH16: =SUM(PXH15:PXH15) -> 0 | PXI16: SUB-TOTAL | PXP16: =SUM(PXP15:PXP15) -> 0 | PXQ16: SUB-TOTAL | PXX16: =SUM(PXX15:PXX15) -> 0 | PXY16: SUB-TOTAL | PYF16: =SUM(PYF15:PYF15) -> 0 | PYG16: SUB-TOTAL | PYN16: =SUM(PYN15:PYN15) -> 0 | PYO16: SUB-TOTAL | PYV16: =SUM(PYV15:PYV15) -> 0 | PYW16: SUB-TOTAL | PZD16: =SUM(PZD15:PZD15) -> 0 | PZE16: SUB-TOTAL | PZL16: =SUM(PZL15:PZL15) -> 0 | PZM16: SUB-TOTAL | PZT16: =SUM(PZT15:PZT15) -> 0 | PZU16: SUB-TOTAL | QAB16: =SUM(QAB15:QAB15) -> 0 | QAC16: SUB-TOTAL | QAJ16: =SUM(QAJ15:QAJ15) -> 0 | QAK16: SUB-TOTAL | QAR16: =SUM(QAR15:QAR15) -> 0 | QAS16: SUB-TOTAL | QAZ16: =SUM(QAZ15:QAZ15) -> 0 | QBA16: SUB-TOTAL | QBH16: =SUM(QBH15:QBH15) -> 0 | QBI16: SUB-TOTAL | QBP16: =SUM(QBP15:QBP15) -> 0 | QBQ16: SUB-TOTAL | QBX16: =SUM(QBX15:QBX15) -> 0 | QBY16: SUB-TOTAL | QCF16: =SUM(QCF15:QCF15) -> 0 | QCG16: SUB-TOTAL | QCN16: =SUM(QCN15:QCN15) -> 0 | QCO16: SUB-TOTAL | QCV16: =SUM(QCV15:QCV15) -> 0 | QCW16: SUB-TOTAL | QDD16: =SUM(QDD15:QDD15) -> 0 | QDE16: SUB-TOTAL | QDL16: =SUM(QDL15:QDL15) -> 0 | QDM16: SUB-TOTAL | QDT16: =SUM(QDT15:QDT15) -> 0 | QDU16: SUB-TOTAL | QEB16: =SUM(QEB15:QEB15) -> 0 | QEC16: SUB-TOTAL | QEJ16: =SUM(QEJ15:QEJ15) -> 0 | QEK16: SUB-TOTAL | QER16: =SUM(QER15:QER15) -> 0 | QES16: SUB-TOTAL | QEZ16: =SUM(QEZ15:QEZ15) -> 0 | QFA16: SUB-TOTAL | QFH16: =SUM(QFH15:QFH15) -> 0 | QFI16: SUB-TOTAL | QFP16: =SUM(QFP15:QFP15) -> 0 | QFQ16: SUB-TOTAL | QFX16: =SUM(QFX15:QFX15) -> 0 | QFY16: SUB-TOTAL | QGF16: =SUM(QGF15:QGF15) -> 0 | QGG16: SUB-TOTAL | QGN16: =SUM(QGN15:QGN15) -> 0 | QGO16: SUB-TOTAL | QGV16: =SUM(QGV15:QGV15) -> 0 | QGW16: SUB-TOTAL | QHD16: =SUM(QHD15:QHD15) -> 0 | QHE16: SUB-TOTAL | QHL16: =SUM(QHL15:QHL15) -> 0 | QHM16: SUB-TOTAL | QHT16: =SUM(QHT15:QHT15) -> 0 | QHU16: SUB-TOTAL | QIB16: =SUM(QIB15:QIB15) -> 0 | QIC16: SUB-TOTAL | QIJ16: =SUM(QIJ15:QIJ15) -> 0 | QIK16: SUB-TOTAL | QIR16: =SUM(QIR15:QIR15) -> 0 | QIS16: SUB-TOTAL | QIZ16: =SUM(QIZ15:QIZ15) -> 0 | QJA16: SUB-TOTAL | QJH16: =SUM(QJH15:QJH15) -> 0 | QJI16: SUB-TOTAL | QJP16: =SUM(QJP15:QJP15) -> 0 | QJQ16: SUB-TOTAL | QJX16: =SUM(QJX15:QJX15) -> 0 | QJY16: SUB-TOTAL | QKF16: =SUM(QKF15:QKF15) -> 0 | QKG16: SUB-TOTAL | QKN16: =SUM(QKN15:QKN15) -> 0 | QKO16: SUB-TOTAL | QKV16: =SUM(QKV15:QKV15) -> 0 | QKW16: SUB-TOTAL | QLD16: =SUM(QLD15:QLD15) -> 0 | QLE16: SUB-TOTAL | QLL16: =SUM(QLL15:QLL15) -> 0 | QLM16: SUB-TOTAL | QLT16: =SUM(QLT15:QLT15) -> 0 | QLU16: SUB-TOTAL | QMB16: =SUM(QMB15:QMB15) -> 0 | QMC16: SUB-TOTAL | QMJ16: =SUM(QMJ15:QMJ15) -> 0 | QMK16: SUB-TOTAL | QMR16: =SUM(QMR15:QMR15) -> 0 | QMS16: SUB-TOTAL | QMZ16: =SUM(QMZ15:QMZ15) -> 0 | QNA16: SUB-TOTAL | QNH16: =SUM(QNH15:QNH15) -> 0 | QNI16: SUB-TOTAL | QNP16: =SUM(QNP15:QNP15) -> 0 | QNQ16: SUB-TOTAL | QNX16: =SUM(QNX15:QNX15) -> 0 | QNY16: SUB-TOTAL | QOF16: =SUM(QOF15:QOF15) -> 0 | QOG16: SUB-TOTAL | QON16: =SUM(QON15:QON15) -> 0 | QOO16: SUB-TOTAL | QOV16: =SUM(QOV15:QOV15) -> 0 | QOW16: SUB-TOTAL | QPD16: =SUM(QPD15:QPD15) -> 0 | QPE16: SUB-TOTAL | QPL16: =SUM(QPL15:QPL15) -> 0 | QPM16: SUB-TOTAL | QPT16: =SUM(QPT15:QPT15) -> 0 | QPU16: SUB-TOTAL | QQB16: =SUM(QQB15:QQB15) -> 0 | QQC16: SUB-TOTAL | QQJ16: =SUM(QQJ15:QQJ15) -> 0 | QQK16: SUB-TOTAL | QQR16: =SUM(QQR15:QQR15) -> 0 | QQS16: SUB-TOTAL | QQZ16: =SUM(QQZ15:QQZ15) -> 0 | QRA16: SUB-TOTAL | QRH16: =SUM(QRH15:QRH15) -> 0 | QRI16: SUB-TOTAL | QRP16: =SUM(QRP15:QRP15) -> 0 | QRQ16: SUB-TOTAL | QRX16: =SUM(QRX15:QRX15) -> 0 | QRY16: SUB-TOTAL | QSF16: =SUM(QSF15:QSF15) -> 0 | QSG16: SUB-TOTAL | QSN16: =SUM(QSN15:QSN15) -> 0 | QSO16: SUB-TOTAL | QSV16: =SUM(QSV15:QSV15) -> 0 | QSW16: SUB-TOTAL | QTD16: =SUM(QTD15:QTD15) -> 0 | QTE16: SUB-TOTAL | QTL16: =SUM(QTL15:QTL15) -> 0 | QTM16: SUB-TOTAL | QTT16: =SUM(QTT15:QTT15) -> 0 | QTU16: SUB-TOTAL | QUB16: =SUM(QUB15:QUB15) -> 0 | QUC16: SUB-TOTAL | QUJ16: =SUM(QUJ15:QUJ15) -> 0 | QUK16: SUB-TOTAL | QUR16: =SUM(QUR15:QUR15) -> 0 | QUS16: SUB-TOTAL | QUZ16: =SUM(QUZ15:QUZ15) -> 0 | QVA16: SUB-TOTAL | QVH16: =SUM(QVH15:QVH15) -> 0 | QVI16: SUB-TOTAL | QVP16: =SUM(QVP15:QVP15) -> 0 | QVQ16: SUB-TOTAL | QVX16: =SUM(QVX15:QVX15) -> 0 | QVY16: SUB-TOTAL | QWF16: =SUM(QWF15:QWF15) -> 0 | QWG16: SUB-TOTAL | QWN16: =SUM(QWN15:QWN15) -> 0 | QWO16: SUB-TOTAL | QWV16: =SUM(QWV15:QWV15) -> 0 | QWW16: SUB-TOTAL | QXD16: =SUM(QXD15:QXD15) -> 0 | QXE16: SUB-TOTAL | QXL16: =SUM(QXL15:QXL15) -> 0 | QXM16: SUB-TOTAL | QXT16: =SUM(QXT15:QXT15) -> 0 | QXU16: SUB-TOTAL | QYB16: =SUM(QYB15:QYB15) -> 0 | QYC16: SUB-TOTAL | QYJ16: =SUM(QYJ15:QYJ15) -> 0 | QYK16: SUB-TOTAL | QYR16: =SUM(QYR15:QYR15) -> 0 | QYS16: SUB-TOTAL | QYZ16: =SUM(QYZ15:QYZ15) -> 0 | QZA16: SUB-TOTAL | QZH16: =SUM(QZH15:QZH15) -> 0 | QZI16: SUB-TOTAL | QZP16: =SUM(QZP15:QZP15) -> 0 | QZQ16: SUB-TOTAL | QZX16: =SUM(QZX15:QZX15) -> 0 | QZY16: SUB-TOTAL | RAF16: =SUM(RAF15:RAF15) -> 0 | RAG16: SUB-TOTAL | RAN16: =SUM(RAN15:RAN15) -> 0 | RAO16: SUB-TOTAL | RAV16: =SUM(RAV15:RAV15) -> 0 | RAW16: SUB-TOTAL | RBD16: =SUM(RBD15:RBD15) -> 0 | RBE16: SUB-TOTAL | RBL16: =SUM(RBL15:RBL15) -> 0 | RBM16: SUB-TOTAL | RBT16: =SUM(RBT15:RBT15) -> 0 | RBU16: SUB-TOTAL | RCB16: =SUM(RCB15:RCB15) -> 0 | RCC16: SUB-TOTAL | RCJ16: =SUM(RCJ15:RCJ15) -> 0 | RCK16: SUB-TOTAL | RCR16: =SUM(RCR15:RCR15) -> 0 | RCS16: SUB-TOTAL | RCZ16: =SUM(RCZ15:RCZ15) -> 0 | RDA16: SUB-TOTAL | RDH16: =SUM(RDH15:RDH15) -> 0 | RDI16: SUB-TOTAL | RDP16: =SUM(RDP15:RDP15) -> 0 | RDQ16: SUB-TOTAL | RDX16: =SUM(RDX15:RDX15) -> 0 | RDY16: SUB-TOTAL | REF16: =SUM(REF15:REF15) -> 0 | REG16: SUB-TOTAL | REN16: =SUM(REN15:REN15) -> 0 | REO16: SUB-TOTAL | REV16: =SUM(REV15:REV15) -> 0 | REW16: SUB-TOTAL | RFD16: =SUM(RFD15:RFD15) -> 0 | RFE16: SUB-TOTAL | RFL16: =SUM(RFL15:RFL15) -> 0 | RFM16: SUB-TOTAL | RFT16: =SUM(RFT15:RFT15) -> 0 | RFU16: SUB-TOTAL | RGB16: =SUM(RGB15:RGB15) -> 0 | RGC16: SUB-TOTAL | RGJ16: =SUM(RGJ15:RGJ15) -> 0 | RGK16: SUB-TOTAL | RGR16: =SUM(RGR15:RGR15) -> 0 | RGS16: SUB-TOTAL | RGZ16: =SUM(RGZ15:RGZ15) -> 0 | RHA16: SUB-TOTAL | RHH16: =SUM(RHH15:RHH15) -> 0 | RHI16: SUB-TOTAL | RHP16: =SUM(RHP15:RHP15) -> 0 | RHQ16: SUB-TOTAL | RHX16: =SUM(RHX15:RHX15) -> 0 | RHY16: SUB-TOTAL | RIF16: =SUM(RIF15:RIF15) -> 0 | RIG16: SUB-TOTAL | RIN16: =SUM(RIN15:RIN15) -> 0 | RIO16: SUB-TOTAL | RIV16: =SUM(RIV15:RIV15) -> 0 | RIW16: SUB-TOTAL | RJD16: =SUM(RJD15:RJD15) -> 0 | RJE16: SUB-TOTAL | RJL16: =SUM(RJL15:RJL15) -> 0 | RJM16: SUB-TOTAL | RJT16: =SUM(RJT15:RJT15) -> 0 | RJU16: SUB-TOTAL | RKB16: =SUM(RKB15:RKB15) -> 0 | RKC16: SUB-TOTAL | RKJ16: =SUM(RKJ15:RKJ15) -> 0 | RKK16: SUB-TOTAL | RKR16: =SUM(RKR15:RKR15) -> 0 | RKS16: SUB-TOTAL | RKZ16: =SUM(RKZ15:RKZ15) -> 0 | RLA16: SUB-TOTAL | RLH16: =SUM(RLH15:RLH15) -> 0 | RLI16: SUB-TOTAL | RLP16: =SUM(RLP15:RLP15) -> 0 | RLQ16: SUB-TOTAL | RLX16: =SUM(RLX15:RLX15) -> 0 | RLY16: SUB-TOTAL | RMF16: =SUM(RMF15:RMF15) -> 0 | RMG16: SUB-TOTAL | RMN16: =SUM(RMN15:RMN15) -> 0 | RMO16: SUB-TOTAL | RMV16: =SUM(RMV15:RMV15) -> 0 | RMW16: SUB-TOTAL | RND16: =SUM(RND15:RND15) -> 0 | RNE16: SUB-TOTAL | RNL16: =SUM(RNL15:RNL15) -> 0 | RNM16: SUB-TOTAL | RNT16: =SUM(RNT15:RNT15) -> 0 | RNU16: SUB-TOTAL | ROB16: =SUM(ROB15:ROB15) -> 0 | ROC16: SUB-TOTAL | ROJ16: =SUM(ROJ15:ROJ15) -> 0 | ROK16: SUB-TOTAL | ROR16: =SUM(ROR15:ROR15) -> 0 | ROS16: SUB-TOTAL | ROZ16: =SUM(ROZ15:ROZ15) -> 0 | RPA16: SUB-TOTAL | RPH16: =SUM(RPH15:RPH15) -> 0 | RPI16: SUB-TOTAL | RPP16: =SUM(RPP15:RPP15) -> 0 | RPQ16: SUB-TOTAL | RPX16: =SUM(RPX15:RPX15) -> 0 | RPY16: SUB-TOTAL | RQF16: =SUM(RQF15:RQF15) -> 0 | RQG16: SUB-TOTAL | RQN16: =SUM(RQN15:RQN15) -> 0 | RQO16: SUB-TOTAL | RQV16: =SUM(RQV15:RQV15) -> 0 | RQW16: SUB-TOTAL | RRD16: =SUM(RRD15:RRD15) -> 0 | RRE16: SUB-TOTAL | RRL16: =SUM(RRL15:RRL15) -> 0 | RRM16: SUB-TOTAL | RRT16: =SUM(RRT15:RRT15) -> 0 | RRU16: SUB-TOTAL | RSB16: =SUM(RSB15:RSB15) -> 0 | RSC16: SUB-TOTAL | RSJ16: =SUM(RSJ15:RSJ15) -> 0 | RSK16: SUB-TOTAL | RSR16: =SUM(RSR15:RSR15) -> 0 | RSS16: SUB-TOTAL | RSZ16: =SUM(RSZ15:RSZ15) -> 0 | RTA16: SUB-TOTAL | RTH16: =SUM(RTH15:RTH15) -> 0 | RTI16: SUB-TOTAL | RTP16: =SUM(RTP15:RTP15) -> 0 | RTQ16: SUB-TOTAL | RTX16: =SUM(RTX15:RTX15) -> 0 | RTY16: SUB-TOTAL | RUF16: =SUM(RUF15:RUF15) -> 0 | RUG16: SUB-TOTAL | RUN16: =SUM(RUN15:RUN15) -> 0 | RUO16: SUB-TOTAL | RUV16: =SUM(RUV15:RUV15) -> 0 | RUW16: SUB-TOTAL | RVD16: =SUM(RVD15:RVD15) -> 0 | RVE16: SUB-TOTAL | RVL16: =SUM(RVL15:RVL15) -> 0 | RVM16: SUB-TOTAL | RVT16: =SUM(RVT15:RVT15) -> 0 | RVU16: SUB-TOTAL | RWB16: =SUM(RWB15:RWB15) -> 0 | RWC16: SUB-TOTAL | RWJ16: =SUM(RWJ15:RWJ15) -> 0 | RWK16: SUB-TOTAL | RWR16: =SUM(RWR15:RWR15) -> 0 | RWS16: SUB-TOTAL | RWZ16: =SUM(RWZ15:RWZ15) -> 0 | RXA16: SUB-TOTAL | RXH16: =SUM(RXH15:RXH15) -> 0 | RXI16: SUB-TOTAL | RXP16: =SUM(RXP15:RXP15) -> 0 | RXQ16: SUB-TOTAL | RXX16: =SUM(RXX15:RXX15) -> 0 | RXY16: SUB-TOTAL | RYF16: =SUM(RYF15:RYF15) -> 0 | RYG16: SUB-TOTAL | RYN16: =SUM(RYN15:RYN15) -> 0 | RYO16: SUB-TOTAL | RYV16: =SUM(RYV15:RYV15) -> 0 | RYW16: SUB-TOTAL | RZD16: =SUM(RZD15:RZD15) -> 0 | RZE16: SUB-TOTAL | RZL16: =SUM(RZL15:RZL15) -> 0 | RZM16: SUB-TOTAL | RZT16: =SUM(RZT15:RZT15) -> 0 | RZU16: SUB-TOTAL | SAB16: =SUM(SAB15:SAB15) -> 0 | SAC16: SUB-TOTAL | SAJ16: =SUM(SAJ15:SAJ15) -> 0 | SAK16: SUB-TOTAL | SAR16: =SUM(SAR15:SAR15) -> 0 | SAS16: SUB-TOTAL | SAZ16: =SUM(SAZ15:SAZ15) -> 0 | SBA16: SUB-TOTAL | SBH16: =SUM(SBH15:SBH15) -> 0 | SBI16: SUB-TOTAL | SBP16: =SUM(SBP15:SBP15) -> 0 | SBQ16: SUB-TOTAL | SBX16: =SUM(SBX15:SBX15) -> 0 | SBY16: SUB-TOTAL | SCF16: =SUM(SCF15:SCF15) -> 0 | SCG16: SUB-TOTAL | SCN16: =SUM(SCN15:SCN15) -> 0 | SCO16: SUB-TOTAL | SCV16: =SUM(SCV15:SCV15) -> 0 | SCW16: SUB-TOTAL | SDD16: =SUM(SDD15:SDD15) -> 0 | SDE16: SUB-TOTAL | SDL16: =SUM(SDL15:SDL15) -> 0 | SDM16: SUB-TOTAL | SDT16: =SUM(SDT15:SDT15) -> 0 | SDU16: SUB-TOTAL | SEB16: =SUM(SEB15:SEB15) -> 0 | SEC16: SUB-TOTAL | SEJ16: =SUM(SEJ15:SEJ15) -> 0 | SEK16: SUB-TOTAL | SER16: =SUM(SER15:SER15) -> 0 | SES16: SUB-TOTAL | SEZ16: =SUM(SEZ15:SEZ15) -> 0 | SFA16: SUB-TOTAL | SFH16: =SUM(SFH15:SFH15) -> 0 | SFI16: SUB-TOTAL | SFP16: =SUM(SFP15:SFP15) -> 0 | SFQ16: SUB-TOTAL | SFX16: =SUM(SFX15:SFX15) -> 0 | SFY16: SUB-TOTAL | SGF16: =SUM(SGF15:SGF15) -> 0 | SGG16: SUB-TOTAL | SGN16: =SUM(SGN15:SGN15) -> 0 | SGO16: SUB-TOTAL | SGV16: =SUM(SGV15:SGV15) -> 0 | SGW16: SUB-TOTAL | SHD16: =SUM(SHD15:SHD15) -> 0 | SHE16: SUB-TOTAL | SHL16: =SUM(SHL15:SHL15) -> 0 | SHM16: SUB-TOTAL | SHT16: =SUM(SHT15:SHT15) -> 0 | SHU16: SUB-TOTAL | SIB16: =SUM(SIB15:SIB15) -> 0 | SIC16: SUB-TOTAL | SIJ16: =SUM(SIJ15:SIJ15) -> 0 | SIK16: SUB-TOTAL | SIR16: =SUM(SIR15:SIR15) -> 0 | SIS16: SUB-TOTAL | SIZ16: =SUM(SIZ15:SIZ15) -> 0 | SJA16: SUB-TOTAL | SJH16: =SUM(SJH15:SJH15) -> 0 | SJI16: SUB-TOTAL | SJP16: =SUM(SJP15:SJP15) -> 0 | SJQ16: SUB-TOTAL | SJX16: =SUM(SJX15:SJX15) -> 0 | SJY16: SUB-TOTAL | SKF16: =SUM(SKF15:SKF15) -> 0 | SKG16: SUB-TOTAL | SKN16: =SUM(SKN15:SKN15) -> 0 | SKO16: SUB-TOTAL | SKV16: =SUM(SKV15:SKV15) -> 0 | SKW16: SUB-TOTAL | SLD16: =SUM(SLD15:SLD15) -> 0 | SLE16: SUB-TOTAL | SLL16: =SUM(SLL15:SLL15) -> 0 | SLM16: SUB-TOTAL | SLT16: =SUM(SLT15:SLT15) -> 0 | SLU16: SUB-TOTAL | SMB16: =SUM(SMB15:SMB15) -> 0 | SMC16: SUB-TOTAL | SMJ16: =SUM(SMJ15:SMJ15) -> 0 | SMK16: SUB-TOTAL | SMR16: =SUM(SMR15:SMR15) -> 0 | SMS16: SUB-TOTAL | SMZ16: =SUM(SMZ15:SMZ15) -> 0 | SNA16: SUB-TOTAL | SNH16: =SUM(SNH15:SNH15) -> 0 | SNI16: SUB-TOTAL | SNP16: =SUM(SNP15:SNP15) -> 0 | SNQ16: SUB-TOTAL | SNX16: =SUM(SNX15:SNX15) -> 0 | SNY16: SUB-TOTAL | SOF16: =SUM(SOF15:SOF15) -> 0 | SOG16: SUB-TOTAL | SON16: =SUM(SON15:SON15) -> 0 | SOO16: SUB-TOTAL | SOV16: =SUM(SOV15:SOV15) -> 0 | SOW16: SUB-TOTAL | SPD16: =SUM(SPD15:SPD15) -> 0 | SPE16: SUB-TOTAL | SPL16: =SUM(SPL15:SPL15) -> 0 | SPM16: SUB-TOTAL | SPT16: =SUM(SPT15:SPT15) -> 0 | SPU16: SUB-TOTAL | SQB16: =SUM(SQB15:SQB15) -> 0 | SQC16: SUB-TOTAL | SQJ16: =SUM(SQJ15:SQJ15) -> 0 | SQK16: SUB-TOTAL | SQR16: =SUM(SQR15:SQR15) -> 0 | SQS16: SUB-TOTAL | SQZ16: =SUM(SQZ15:SQZ15) -> 0 | SRA16: SUB-TOTAL | SRH16: =SUM(SRH15:SRH15) -> 0 | SRI16: SUB-TOTAL | SRP16: =SUM(SRP15:SRP15) -> 0 | SRQ16: SUB-TOTAL | SRX16: =SUM(SRX15:SRX15) -> 0 | SRY16: SUB-TOTAL | SSF16: =SUM(SSF15:SSF15) -> 0 | SSG16: SUB-TOTAL | SSN16: =SUM(SSN15:SSN15) -> 0 | SSO16: SUB-TOTAL | SSV16: =SUM(SSV15:SSV15) -> 0 | SSW16: SUB-TOTAL | STD16: =SUM(STD15:STD15) -> 0 | STE16: SUB-TOTAL | STL16: =SUM(STL15:STL15) -> 0 | STM16: SUB-TOTAL | STT16: =SUM(STT15:STT15) -> 0 | STU16: SUB-TOTAL | SUB16: =SUM(SUB15:SUB15) -> 0 | SUC16: SUB-TOTAL | SUJ16: =SUM(SUJ15:SUJ15) -> 0 | SUK16: SUB-TOTAL | SUR16: =SUM(SUR15:SUR15) -> 0 | SUS16: SUB-TOTAL | SUZ16: =SUM(SUZ15:SUZ15) -> 0 | SVA16: SUB-TOTAL | SVH16: =SUM(SVH15:SVH15) -> 0 | SVI16: SUB-TOTAL | SVP16: =SUM(SVP15:SVP15) -> 0 | SVQ16: SUB-TOTAL | SVX16: =SUM(SVX15:SVX15) -> 0 | SVY16: SUB-TOTAL | SWF16: =SUM(SWF15:SWF15) -> 0 | SWG16: SUB-TOTAL | SWN16: =SUM(SWN15:SWN15) -> 0 | SWO16: SUB-TOTAL | SWV16: =SUM(SWV15:SWV15) -> 0 | SWW16: SUB-TOTAL | SXD16: =SUM(SXD15:SXD15) -> 0 | SXE16: SUB-TOTAL | SXL16: =SUM(SXL15:SXL15) -> 0 | SXM16: SUB-TOTAL | SXT16: =SUM(SXT15:SXT15) -> 0 | SXU16: SUB-TOTAL | SYB16: =SUM(SYB15:SYB15) -> 0 | SYC16: SUB-TOTAL | SYJ16: =SUM(SYJ15:SYJ15) -> 0 | SYK16: SUB-TOTAL | SYR16: =SUM(SYR15:SYR15) -> 0 | SYS16: SUB-TOTAL | SYZ16: =SUM(SYZ15:SYZ15) -> 0 | SZA16: SUB-TOTAL | SZH16: =SUM(SZH15:SZH15) -> 0 | SZI16: SUB-TOTAL | SZP16: =SUM(SZP15:SZP15) -> 0 | SZQ16: SUB-TOTAL | SZX16: =SUM(SZX15:SZX15) -> 0 | SZY16: SUB-TOTAL | TAF16: =SUM(TAF15:TAF15) -> 0 | TAG16: SUB-TOTAL | TAN16: =SUM(TAN15:TAN15) -> 0 | TAO16: SUB-TOTAL | TAV16: =SUM(TAV15:TAV15) -> 0 | TAW16: SUB-TOTAL | TBD16: =SUM(TBD15:TBD15) -> 0 | TBE16: SUB-TOTAL | TBL16: =SUM(TBL15:TBL15) -> 0 | TBM16: SUB-TOTAL | TBT16: =SUM(TBT15:TBT15) -> 0 | TBU16: SUB-TOTAL | TCB16: =SUM(TCB15:TCB15) -> 0 | TCC16: SUB-TOTAL | TCJ16: =SUM(TCJ15:TCJ15) -> 0 | TCK16: SUB-TOTAL | TCR16: =SUM(TCR15:TCR15) -> 0 | TCS16: SUB-TOTAL | TCZ16: =SUM(TCZ15:TCZ15) -> 0 | TDA16: SUB-TOTAL | TDH16: =SUM(TDH15:TDH15) -> 0 | TDI16: SUB-TOTAL | TDP16: =SUM(TDP15:TDP15) -> 0 | TDQ16: SUB-TOTAL | TDX16: =SUM(TDX15:TDX15) -> 0 | TDY16: SUB-TOTAL | TEF16: =SUM(TEF15:TEF15) -> 0 | TEG16: SUB-TOTAL | TEN16: =SUM(TEN15:TEN15) -> 0 | TEO16: SUB-TOTAL | TEV16: =SUM(TEV15:TEV15) -> 0 | TEW16: SUB-TOTAL | TFD16: =SUM(TFD15:TFD15) -> 0 | TFE16: SUB-TOTAL | TFL16: =SUM(TFL15:TFL15) -> 0 | TFM16: SUB-TOTAL | TFT16: =SUM(TFT15:TFT15) -> 0 | TFU16: SUB-TOTAL | TGB16: =SUM(TGB15:TGB15) -> 0 | TGC16: SUB-TOTAL | TGJ16: =SUM(TGJ15:TGJ15) -> 0 | TGK16: SUB-TOTAL | TGR16: =SUM(TGR15:TGR15) -> 0 | TGS16: SUB-TOTAL | TGZ16: =SUM(TGZ15:TGZ15) -> 0 | THA16: SUB-TOTAL | THH16: =SUM(THH15:THH15) -> 0 | THI16: SUB-TOTAL | THP16: =SUM(THP15:THP15) -> 0 | THQ16: SUB-TOTAL | THX16: =SUM(THX15:THX15) -> 0 | THY16: SUB-TOTAL | TIF16: =SUM(TIF15:TIF15) -> 0 | TIG16: SUB-TOTAL | TIN16: =SUM(TIN15:TIN15) -> 0 | TIO16: SUB-TOTAL | TIV16: =SUM(TIV15:TIV15) -> 0 | TIW16: SUB-TOTAL | TJD16: =SUM(TJD15:TJD15) -> 0 | TJE16: SUB-TOTAL | TJL16: =SUM(TJL15:TJL15) -> 0 | TJM16: SUB-TOTAL | TJT16: =SUM(TJT15:TJT15) -> 0 | TJU16: SUB-TOTAL | TKB16: =SUM(TKB15:TKB15) -> 0 | TKC16: SUB-TOTAL | TKJ16: =SUM(TKJ15:TKJ15) -> 0 | TKK16: SUB-TOTAL | TKR16: =SUM(TKR15:TKR15) -> 0 | TKS16: SUB-TOTAL | TKZ16: =SUM(TKZ15:TKZ15) -> 0 | TLA16: SUB-TOTAL | TLH16: =SUM(TLH15:TLH15) -> 0 | TLI16: SUB-TOTAL | TLP16: =SUM(TLP15:TLP15) -> 0 | TLQ16: SUB-TOTAL | TLX16: =SUM(TLX15:TLX15) -> 0 | TLY16: SUB-TOTAL | TMF16: =SUM(TMF15:TMF15) -> 0 | TMG16: SUB-TOTAL | TMN16: =SUM(TMN15:TMN15) -> 0 | TMO16: SUB-TOTAL | TMV16: =SUM(TMV15:TMV15) -> 0 | TMW16: SUB-TOTAL | TND16: =SUM(TND15:TND15) -> 0 | TNE16: SUB-TOTAL | TNL16: =SUM(TNL15:TNL15) -> 0 | TNM16: SUB-TOTAL | TNT16: =SUM(TNT15:TNT15) -> 0 | TNU16: SUB-TOTAL | TOB16: =SUM(TOB15:TOB15) -> 0 | TOC16: SUB-TOTAL | TOJ16: =SUM(TOJ15:TOJ15) -> 0 | TOK16: SUB-TOTAL | TOR16: =SUM(TOR15:TOR15) -> 0 | TOS16: SUB-TOTAL | TOZ16: =SUM(TOZ15:TOZ15) -> 0 | TPA16: SUB-TOTAL | TPH16: =SUM(TPH15:TPH15) -> 0 | TPI16: SUB-TOTAL | TPP16: =SUM(TPP15:TPP15) -> 0 | TPQ16: SUB-TOTAL | TPX16: =SUM(TPX15:TPX15) -> 0 | TPY16: SUB-TOTAL | TQF16: =SUM(TQF15:TQF15) -> 0 | TQG16: SUB-TOTAL | TQN16: =SUM(TQN15:TQN15) -> 0 | TQO16: SUB-TOTAL | TQV16: =SUM(TQV15:TQV15) -> 0 | TQW16: SUB-TOTAL | TRD16: =SUM(TRD15:TRD15) -> 0 | TRE16: SUB-TOTAL | TRL16: =SUM(TRL15:TRL15) -> 0 | TRM16: SUB-TOTAL | TRT16: =SUM(TRT15:TRT15) -> 0 | TRU16: SUB-TOTAL | TSB16: =SUM(TSB15:TSB15) -> 0 | TSC16: SUB-TOTAL | TSJ16: =SUM(TSJ15:TSJ15) -> 0 | TSK16: SUB-TOTAL | TSR16: =SUM(TSR15:TSR15) -> 0 | TSS16: SUB-TOTAL | TSZ16: =SUM(TSZ15:TSZ15) -> 0 | TTA16: SUB-TOTAL | TTH16: =SUM(TTH15:TTH15) -> 0 | TTI16: SUB-TOTAL | TTP16: =SUM(TTP15:TTP15) -> 0 | TTQ16: SUB-TOTAL | TTX16: =SUM(TTX15:TTX15) -> 0 | TTY16: SUB-TOTAL | TUF16: =SUM(TUF15:TUF15) -> 0 | TUG16: SUB-TOTAL | TUN16: =SUM(TUN15:TUN15) -> 0 | TUO16: SUB-TOTAL | TUV16: =SUM(TUV15:TUV15) -> 0 | TUW16: SUB-TOTAL | TVD16: =SUM(TVD15:TVD15) -> 0 | TVE16: SUB-TOTAL | TVL16: =SUM(TVL15:TVL15) -> 0 | TVM16: SUB-TOTAL | TVT16: =SUM(TVT15:TVT15) -> 0 | TVU16: SUB-TOTAL | TWB16: =SUM(TWB15:TWB15) -> 0 | TWC16: SUB-TOTAL | TWJ16: =SUM(TWJ15:TWJ15) -> 0 | TWK16: SUB-TOTAL | TWR16: =SUM(TWR15:TWR15) -> 0 | TWS16: SUB-TOTAL | TWZ16: =SUM(TWZ15:TWZ15) -> 0 | TXA16: SUB-TOTAL | TXH16: =SUM(TXH15:TXH15) -> 0 | TXI16: SUB-TOTAL | TXP16: =SUM(TXP15:TXP15) -> 0 | TXQ16: SUB-TOTAL | TXX16: =SUM(TXX15:TXX15) -> 0 | TXY16: SUB-TOTAL | TYF16: =SUM(TYF15:TYF15) -> 0 | TYG16: SUB-TOTAL | TYN16: =SUM(TYN15:TYN15) -> 0 | TYO16: SUB-TOTAL | TYV16: =SUM(TYV15:TYV15) -> 0 | TYW16: SUB-TOTAL | TZD16: =SUM(TZD15:TZD15) -> 0 | TZE16: SUB-TOTAL | TZL16: =SUM(TZL15:TZL15) -> 0 | TZM16: SUB-TOTAL | TZT16: =SUM(TZT15:TZT15) -> 0 | TZU16: SUB-TOTAL | UAB16: =SUM(UAB15:UAB15) -> 0 | UAC16: SUB-TOTAL | UAJ16: =SUM(UAJ15:UAJ15) -> 0 | UAK16: SUB-TOTAL | UAR16: =SUM(UAR15:UAR15) -> 0 | UAS16: SUB-TOTAL | UAZ16: =SUM(UAZ15:UAZ15) -> 0 | UBA16: SUB-TOTAL | UBH16: =SUM(UBH15:UBH15) -> 0 | UBI16: SUB-TOTAL | UBP16: =SUM(UBP15:UBP15) -> 0 | UBQ16: SUB-TOTAL | UBX16: =SUM(UBX15:UBX15) -> 0 | UBY16: SUB-TOTAL | UCF16: =SUM(UCF15:UCF15) -> 0 | UCG16: SUB-TOTAL | UCN16: =SUM(UCN15:UCN15) -> 0 | UCO16: SUB-TOTAL | UCV16: =SUM(UCV15:UCV15) -> 0 | UCW16: SUB-TOTAL | UDD16: =SUM(UDD15:UDD15) -> 0 | UDE16: SUB-TOTAL | UDL16: =SUM(UDL15:UDL15) -> 0 | UDM16: SUB-TOTAL | UDT16: =SUM(UDT15:UDT15) -> 0 | UDU16: SUB-TOTAL | UEB16: =SUM(UEB15:UEB15) -> 0 | UEC16: SUB-TOTAL | UEJ16: =SUM(UEJ15:UEJ15) -> 0 | UEK16: SUB-TOTAL | UER16: =SUM(UER15:UER15) -> 0 | UES16: SUB-TOTAL | UEZ16: =SUM(UEZ15:UEZ15) -> 0 | UFA16: SUB-TOTAL | UFH16: =SUM(UFH15:UFH15) -> 0 | UFI16: SUB-TOTAL | UFP16: =SUM(UFP15:UFP15) -> 0 | UFQ16: SUB-TOTAL | UFX16: =SUM(UFX15:UFX15) -> 0 | UFY16: SUB-TOTAL | UGF16: =SUM(UGF15:UGF15) -> 0 | UGG16: SUB-TOTAL | UGN16: =SUM(UGN15:UGN15) -> 0 | UGO16: SUB-TOTAL | UGV16: =SUM(UGV15:UGV15) -> 0 | UGW16: SUB-TOTAL | UHD16: =SUM(UHD15:UHD15) -> 0 | UHE16: SUB-TOTAL | UHL16: =SUM(UHL15:UHL15) -> 0 | UHM16: SUB-TOTAL | UHT16: =SUM(UHT15:UHT15) -> 0 | UHU16: SUB-TOTAL | UIB16: =SUM(UIB15:UIB15) -> 0 | UIC16: SUB-TOTAL | UIJ16: =SUM(UIJ15:UIJ15) -> 0 | UIK16: SUB-TOTAL | UIR16: =SUM(UIR15:UIR15) -> 0 | UIS16: SUB-TOTAL | UIZ16: =SUM(UIZ15:UIZ15) -> 0 | UJA16: SUB-TOTAL | UJH16: =SUM(UJH15:UJH15) -> 0 | UJI16: SUB-TOTAL | UJP16: =SUM(UJP15:UJP15) -> 0 | UJQ16: SUB-TOTAL | UJX16: =SUM(UJX15:UJX15) -> 0 | UJY16: SUB-TOTAL | UKF16: =SUM(UKF15:UKF15) -> 0 | UKG16: SUB-TOTAL | UKN16: =SUM(UKN15:UKN15) -> 0 | UKO16: SUB-TOTAL | UKV16: =SUM(UKV15:UKV15) -> 0 | UKW16: SUB-TOTAL | ULD16: =SUM(ULD15:ULD15) -> 0 | ULE16: SUB-TOTAL | ULL16: =SUM(ULL15:ULL15) -> 0 | ULM16: SUB-TOTAL | ULT16: =SUM(ULT15:ULT15) -> 0 | ULU16: SUB-TOTAL | UMB16: =SUM(UMB15:UMB15) -> 0 | UMC16: SUB-TOTAL | UMJ16: =SUM(UMJ15:UMJ15) -> 0 | UMK16: SUB-TOTAL | UMR16: =SUM(UMR15:UMR15) -> 0 | UMS16: SUB-TOTAL | UMZ16: =SUM(UMZ15:UMZ15) -> 0 | UNA16: SUB-TOTAL | UNH16: =SUM(UNH15:UNH15) -> 0 | UNI16: SUB-TOTAL | UNP16: =SUM(UNP15:UNP15) -> 0 | UNQ16: SUB-TOTAL | UNX16: =SUM(UNX15:UNX15) -> 0 | UNY16: SUB-TOTAL | UOF16: =SUM(UOF15:UOF15) -> 0 | UOG16: SUB-TOTAL | UON16: =SUM(UON15:UON15) -> 0 | UOO16: SUB-TOTAL | UOV16: =SUM(UOV15:UOV15) -> 0 | UOW16: SUB-TOTAL | UPD16: =SUM(UPD15:UPD15) -> 0 | UPE16: SUB-TOTAL | UPL16: =SUM(UPL15:UPL15) -> 0 | UPM16: SUB-TOTAL | UPT16: =SUM(UPT15:UPT15) -> 0 | UPU16: SUB-TOTAL | UQB16: =SUM(UQB15:UQB15) -> 0 | UQC16: SUB-TOTAL | UQJ16: =SUM(UQJ15:UQJ15) -> 0 | UQK16: SUB-TOTAL | UQR16: =SUM(UQR15:UQR15) -> 0 | UQS16: SUB-TOTAL | UQZ16: =SUM(UQZ15:UQZ15) -> 0 | URA16: SUB-TOTAL | URH16: =SUM(URH15:URH15) -> 0 | URI16: SUB-TOTAL | URP16: =SUM(URP15:URP15) -> 0 | URQ16: SUB-TOTAL | URX16: =SUM(URX15:URX15) -> 0 | URY16: SUB-TOTAL | USF16: =SUM(USF15:USF15) -> 0 | USG16: SUB-TOTAL | USN16: =SUM(USN15:USN15) -> 0 | USO16: SUB-TOTAL | USV16: =SUM(USV15:USV15) -> 0 | USW16: SUB-TOTAL | UTD16: =SUM(UTD15:UTD15) -> 0 | UTE16: SUB-TOTAL | UTL16: =SUM(UTL15:UTL15) -> 0 | UTM16: SUB-TOTAL | UTT16: =SUM(UTT15:UTT15) -> 0 | UTU16: SUB-TOTAL | UUB16: =SUM(UUB15:UUB15) -> 0 | UUC16: SUB-TOTAL | UUJ16: =SUM(UUJ15:UUJ15) -> 0 | UUK16: SUB-TOTAL | UUR16: =SUM(UUR15:UUR15) -> 0 | UUS16: SUB-TOTAL | UUZ16: =SUM(UUZ15:UUZ15) -> 0 | UVA16: SUB-TOTAL | UVH16: =SUM(UVH15:UVH15) -> 0 | UVI16: SUB-TOTAL | UVP16: =SUM(UVP15:UVP15) -> 0 | UVQ16: SUB-TOTAL | UVX16: =SUM(UVX15:UVX15) -> 0 | UVY16: SUB-TOTAL | UWF16: =SUM(UWF15:UWF15) -> 0 | UWG16: SUB-TOTAL | UWN16: =SUM(UWN15:UWN15) -> 0 | UWO16: SUB-TOTAL | UWV16: =SUM(UWV15:UWV15) -> 0 | UWW16: SUB-TOTAL | UXD16: =SUM(UXD15:UXD15) -> 0 | UXE16: SUB-TOTAL | UXL16: =SUM(UXL15:UXL15) -> 0 | UXM16: SUB-TOTAL | UXT16: =SUM(UXT15:UXT15) -> 0 | UXU16: SUB-TOTAL | UYB16: =SUM(UYB15:UYB15) -> 0 | UYC16: SUB-TOTAL | UYJ16: =SUM(UYJ15:UYJ15) -> 0 | UYK16: SUB-TOTAL | UYR16: =SUM(UYR15:UYR15) -> 0 | UYS16: SUB-TOTAL | UYZ16: =SUM(UYZ15:UYZ15) -> 0 | UZA16: SUB-TOTAL | UZH16: =SUM(UZH15:UZH15) -> 0 | UZI16: SUB-TOTAL | UZP16: =SUM(UZP15:UZP15) -> 0 | UZQ16: SUB-TOTAL | UZX16: =SUM(UZX15:UZX15) -> 0 | UZY16: SUB-TOTAL | VAF16: =SUM(VAF15:VAF15) -> 0 | VAG16: SUB-TOTAL | VAN16: =SUM(VAN15:VAN15) -> 0 | VAO16: SUB-TOTAL | VAV16: =SUM(VAV15:VAV15) -> 0 | VAW16: SUB-TOTAL | VBD16: =SUM(VBD15:VBD15) -> 0 | VBE16: SUB-TOTAL | VBL16: =SUM(VBL15:VBL15) -> 0 | VBM16: SUB-TOTAL | VBT16: =SUM(VBT15:VBT15) -> 0 | VBU16: SUB-TOTAL | VCB16: =SUM(VCB15:VCB15) -> 0 | VCC16: SUB-TOTAL | VCJ16: =SUM(VCJ15:VCJ15) -> 0 | VCK16: SUB-TOTAL | VCR16: =SUM(VCR15:VCR15) -> 0 | VCS16: SUB-TOTAL | VCZ16: =SUM(VCZ15:VCZ15) -> 0 | VDA16: SUB-TOTAL | VDH16: =SUM(VDH15:VDH15) -> 0 | VDI16: SUB-TOTAL | VDP16: =SUM(VDP15:VDP15) -> 0 | VDQ16: SUB-TOTAL | VDX16: =SUM(VDX15:VDX15) -> 0 | VDY16: SUB-TOTAL | VEF16: =SUM(VEF15:VEF15) -> 0 | VEG16: SUB-TOTAL | VEN16: =SUM(VEN15:VEN15) -> 0 | VEO16: SUB-TOTAL | VEV16: =SUM(VEV15:VEV15) -> 0 | VEW16: SUB-TOTAL | VFD16: =SUM(VFD15:VFD15) -> 0 | VFE16: SUB-TOTAL | VFL16: =SUM(VFL15:VFL15) -> 0 | VFM16: SUB-TOTAL | VFT16: =SUM(VFT15:VFT15) -> 0 | VFU16: SUB-TOTAL | VGB16: =SUM(VGB15:VGB15) -> 0 | VGC16: SUB-TOTAL | VGJ16: =SUM(VGJ15:VGJ15) -> 0 | VGK16: SUB-TOTAL | VGR16: =SUM(VGR15:VGR15) -> 0 | VGS16: SUB-TOTAL | VGZ16: =SUM(VGZ15:VGZ15) -> 0 | VHA16: SUB-TOTAL | VHH16: =SUM(VHH15:VHH15) -> 0 | VHI16: SUB-TOTAL | VHP16: =SUM(VHP15:VHP15) -> 0 | VHQ16: SUB-TOTAL | VHX16: =SUM(VHX15:VHX15) -> 0 | VHY16: SUB-TOTAL | VIF16: =SUM(VIF15:VIF15) -> 0 | VIG16: SUB-TOTAL | VIN16: =SUM(VIN15:VIN15) -> 0 | VIO16: SUB-TOTAL | VIV16: =SUM(VIV15:VIV15) -> 0 | VIW16: SUB-TOTAL | VJD16: =SUM(VJD15:VJD15) -> 0 | VJE16: SUB-TOTAL | VJL16: =SUM(VJL15:VJL15) -> 0 | VJM16: SUB-TOTAL | VJT16: =SUM(VJT15:VJT15) -> 0 | VJU16: SUB-TOTAL | VKB16: =SUM(VKB15:VKB15) -> 0 | VKC16: SUB-TOTAL | VKJ16: =SUM(VKJ15:VKJ15) -> 0 | VKK16: SUB-TOTAL | VKR16: =SUM(VKR15:VKR15) -> 0 | VKS16: SUB-TOTAL | VKZ16: =SUM(VKZ15:VKZ15) -> 0 | VLA16: SUB-TOTAL | VLH16: =SUM(VLH15:VLH15) -> 0 | VLI16: SUB-TOTAL | VLP16: =SUM(VLP15:VLP15) -> 0 | VLQ16: SUB-TOTAL | VLX16: =SUM(VLX15:VLX15) -> 0 | VLY16: SUB-TOTAL | VMF16: =SUM(VMF15:VMF15) -> 0 | VMG16: SUB-TOTAL | VMN16: =SUM(VMN15:VMN15) -> 0 | VMO16: SUB-TOTAL | VMV16: =SUM(VMV15:VMV15) -> 0 | VMW16: SUB-TOTAL | VND16: =SUM(VND15:VND15) -> 0 | VNE16: SUB-TOTAL | VNL16: =SUM(VNL15:VNL15) -> 0 | VNM16: SUB-TOTAL | VNT16: =SUM(VNT15:VNT15) -> 0 | VNU16: SUB-TOTAL | VOB16: =SUM(VOB15:VOB15) -> 0 | VOC16: SUB-TOTAL | VOJ16: =SUM(VOJ15:VOJ15) -> 0 | VOK16: SUB-TOTAL | VOR16: =SUM(VOR15:VOR15) -> 0 | VOS16: SUB-TOTAL | VOZ16: =SUM(VOZ15:VOZ15) -> 0 | VPA16: SUB-TOTAL | VPH16: =SUM(VPH15:VPH15) -> 0 | VPI16: SUB-TOTAL | VPP16: =SUM(VPP15:VPP15) -> 0 | VPQ16: SUB-TOTAL | VPX16: =SUM(VPX15:VPX15) -> 0 | VPY16: SUB-TOTAL | VQF16: =SUM(VQF15:VQF15) -> 0 | VQG16: SUB-TOTAL | VQN16: =SUM(VQN15:VQN15) -> 0 | VQO16: SUB-TOTAL | VQV16: =SUM(VQV15:VQV15) -> 0 | VQW16: SUB-TOTAL | VRD16: =SUM(VRD15:VRD15) -> 0 | VRE16: SUB-TOTAL | VRL16: =SUM(VRL15:VRL15) -> 0 | VRM16: SUB-TOTAL | VRT16: =SUM(VRT15:VRT15) -> 0 | VRU16: SUB-TOTAL | VSB16: =SUM(VSB15:VSB15) -> 0 | VSC16: SUB-TOTAL | VSJ16: =SUM(VSJ15:VSJ15) -> 0 | VSK16: SUB-TOTAL | VSR16: =SUM(VSR15:VSR15) -> 0 | VSS16: SUB-TOTAL | VSZ16: =SUM(VSZ15:VSZ15) -> 0 | VTA16: SUB-TOTAL | VTH16: =SUM(VTH15:VTH15) -> 0 | VTI16: SUB-TOTAL | VTP16: =SUM(VTP15:VTP15) -> 0 | VTQ16: SUB-TOTAL | VTX16: =SUM(VTX15:VTX15) -> 0 | VTY16: SUB-TOTAL | VUF16: =SUM(VUF15:VUF15) -> 0 | VUG16: SUB-TOTAL | VUN16: =SUM(VUN15:VUN15) -> 0 | VUO16: SUB-TOTAL | VUV16: =SUM(VUV15:VUV15) -> 0 | VUW16: SUB-TOTAL | VVD16: =SUM(VVD15:VVD15) -> 0 | VVE16: SUB-TOTAL | VVL16: =SUM(VVL15:VVL15) -> 0 | VVM16: SUB-TOTAL | VVT16: =SUM(VVT15:VVT15) -> 0 | VVU16: SUB-TOTAL | VWB16: =SUM(VWB15:VWB15) -> 0 | VWC16: SUB-TOTAL | VWJ16: =SUM(VWJ15:VWJ15) -> 0 | VWK16: SUB-TOTAL | VWR16: =SUM(VWR15:VWR15) -> 0 | VWS16: SUB-TOTAL | VWZ16: =SUM(VWZ15:VWZ15) -> 0 | VXA16: SUB-TOTAL | VXH16: =SUM(VXH15:VXH15) -> 0 | VXI16: SUB-TOTAL | VXP16: =SUM(VXP15:VXP15) -> 0 | VXQ16: SUB-TOTAL | VXX16: =SUM(VXX15:VXX15) -> 0 | VXY16: SUB-TOTAL | VYF16: =SUM(VYF15:VYF15) -> 0 | VYG16: SUB-TOTAL | VYN16: =SUM(VYN15:VYN15) -> 0 | VYO16: SUB-TOTAL | VYV16: =SUM(VYV15:VYV15) -> 0 | VYW16: SUB-TOTAL | VZD16: =SUM(VZD15:VZD15) -> 0 | VZE16: SUB-TOTAL | VZL16: =SUM(VZL15:VZL15) -> 0 | VZM16: SUB-TOTAL | VZT16: =SUM(VZT15:VZT15) -> 0 | VZU16: SUB-TOTAL | WAB16: =SUM(WAB15:WAB15) -> 0 | WAC16: SUB-TOTAL | WAJ16: =SUM(WAJ15:WAJ15) -> 0 | WAK16: SUB-TOTAL | WAR16: =SUM(WAR15:WAR15) -> 0 | WAS16: SUB-TOTAL | WAZ16: =SUM(WAZ15:WAZ15) -> 0 | WBA16: SUB-TOTAL | WBH16: =SUM(WBH15:WBH15) -> 0 | WBI16: SUB-TOTAL | WBP16: =SUM(WBP15:WBP15) -> 0 | WBQ16: SUB-TOTAL | WBX16: =SUM(WBX15:WBX15) -> 0 | WBY16: SUB-TOTAL | WCF16: =SUM(WCF15:WCF15) -> 0 | WCG16: SUB-TOTAL | WCN16: =SUM(WCN15:WCN15) -> 0 | WCO16: SUB-TOTAL | WCV16: =SUM(WCV15:WCV15) -> 0 | WCW16: SUB-TOTAL | WDD16: =SUM(WDD15:WDD15) -> 0 | WDE16: SUB-TOTAL | WDL16: =SUM(WDL15:WDL15) -> 0 | WDM16: SUB-TOTAL | WDT16: =SUM(WDT15:WDT15) -> 0 | WDU16: SUB-TOTAL | WEB16: =SUM(WEB15:WEB15) -> 0 | WEC16: SUB-TOTAL | WEJ16: =SUM(WEJ15:WEJ15) -> 0 | WEK16: SUB-TOTAL | WER16: =SUM(WER15:WER15) -> 0 | WES16: SUB-TOTAL | WEZ16: =SUM(WEZ15:WEZ15) -> 0 | WFA16: SUB-TOTAL | WFH16: =SUM(WFH15:WFH15) -> 0 | WFI16: SUB-TOTAL | WFP16: =SUM(WFP15:WFP15) -> 0 | WFQ16: SUB-TOTAL | WFX16: =SUM(WFX15:WFX15) -> 0 | WFY16: SUB-TOTAL | WGF16: =SUM(WGF15:WGF15) -> 0 | WGG16: SUB-TOTAL | WGN16: =SUM(WGN15:WGN15) -> 0 | WGO16: SUB-TOTAL | WGV16: =SUM(WGV15:WGV15) -> 0 | WGW16: SUB-TOTAL | WHD16: =SUM(WHD15:WHD15) -> 0 | WHE16: SUB-TOTAL | WHL16: =SUM(WHL15:WHL15) -> 0 | WHM16: SUB-TOTAL | WHT16: =SUM(WHT15:WHT15) -> 0 | WHU16: SUB-TOTAL | WIB16: =SUM(WIB15:WIB15) -> 0 | WIC16: SUB-TOTAL | WIJ16: =SUM(WIJ15:WIJ15) -> 0 | WIK16: SUB-TOTAL | WIR16: =SUM(WIR15:WIR15) -> 0 | WIS16: SUB-TOTAL | WIZ16: =SUM(WIZ15:WIZ15) -> 0 | WJA16: SUB-TOTAL | WJH16: =SUM(WJH15:WJH15) -> 0 | WJI16: SUB-TOTAL | WJP16: =SUM(WJP15:WJP15) -> 0 | WJQ16: SUB-TOTAL | WJX16: =SUM(WJX15:WJX15) -> 0 | WJY16: SUB-TOTAL | WKF16: =SUM(WKF15:WKF15) -> 0 | WKG16: SUB-TOTAL | WKN16: =SUM(WKN15:WKN15) -> 0 | WKO16: SUB-TOTAL | WKV16: =SUM(WKV15:WKV15) -> 0 | WKW16: SUB-TOTAL | WLD16: =SUM(WLD15:WLD15) -> 0 | WLE16: SUB-TOTAL | WLL16: =SUM(WLL15:WLL15) -> 0 | WLM16: SUB-TOTAL | WLT16: =SUM(WLT15:WLT15) -> 0 | WLU16: SUB-TOTAL | WMB16: =SUM(WMB15:WMB15) -> 0 | WMC16: SUB-TOTAL | WMJ16: =SUM(WMJ15:WMJ15) -> 0 | WMK16: SUB-TOTAL | WMR16: =SUM(WMR15:WMR15) -> 0 | WMS16: SUB-TOTAL | WMZ16: =SUM(WMZ15:WMZ15) -> 0 | WNA16: SUB-TOTAL | WNH16: =SUM(WNH15:WNH15) -> 0 | WNI16: SUB-TOTAL | WNP16: =SUM(WNP15:WNP15) -> 0 | WNQ16: SUB-TOTAL | WNX16: =SUM(WNX15:WNX15) -> 0 | WNY16: SUB-TOTAL | WOF16: =SUM(WOF15:WOF15) -> 0 | WOG16: SUB-TOTAL | WON16: =SUM(WON15:WON15) -> 0 | WOO16: SUB-TOTAL | WOV16: =SUM(WOV15:WOV15) -> 0 | WOW16: SUB-TOTAL | WPD16: =SUM(WPD15:WPD15) -> 0 | WPE16: SUB-TOTAL | WPL16: =SUM(WPL15:WPL15) -> 0 | WPM16: SUB-TOTAL | WPT16: =SUM(WPT15:WPT15) -> 0 | WPU16: SUB-TOTAL | WQB16: =SUM(WQB15:WQB15) -> 0 | WQC16: SUB-TOTAL | WQJ16: =SUM(WQJ15:WQJ15) -> 0 | WQK16: SUB-TOTAL | WQR16: =SUM(WQR15:WQR15) -> 0 | WQS16: SUB-TOTAL | WQZ16: =SUM(WQZ15:WQZ15) -> 0 | WRA16: SUB-TOTAL | WRH16: =SUM(WRH15:WRH15) -> 0 | WRI16: SUB-TOTAL | WRP16: =SUM(WRP15:WRP15) -> 0 | WRQ16: SUB-TOTAL | WRX16: =SUM(WRX15:WRX15) -> 0 | WRY16: SUB-TOTAL | WSF16: =SUM(WSF15:WSF15) -> 0 | WSG16: SUB-TOTAL | WSN16: =SUM(WSN15:WSN15) -> 0 | WSO16: SUB-TOTAL | WSV16: =SUM(WSV15:WSV15) -> 0 | WSW16: SUB-TOTAL | WTD16: =SUM(WTD15:WTD15) -> 0 | WTE16: SUB-TOTAL | WTL16: =SUM(WTL15:WTL15) -> 0 | WTM16: SUB-TOTAL | WTT16: =SUM(WTT15:WTT15) -> 0 | WTU16: SUB-TOTAL | WUB16: =SUM(WUB15:WUB15) -> 0 | WUC16: SUB-TOTAL | WUJ16: =SUM(WUJ15:WUJ15) -> 0 | WUK16: SUB-TOTAL | WUR16: =SUM(WUR15:WUR15) -> 0 | WUS16: SUB-TOTAL | WUZ16: =SUM(WUZ15:WUZ15) -> 0 | WVA16: SUB-TOTAL | WVH16: =SUM(WVH15:WVH15) -> 0 | WVI16: SUB-TOTAL | WVP16: =SUM(WVP15:WVP15) -> 0 | WVQ16: SUB-TOTAL | WVX16: =SUM(WVX15:WVX15) -> 0 | WVY16: SUB-TOTAL | WWF16: =SUM(WWF15:WWF15) -> 0 | WWG16: SUB-TOTAL | WWN16: =SUM(WWN15:WWN15) -> 0 | WWO16: SUB-TOTAL | WWV16: =SUM(WWV15:WWV15) -> 0 | WWW16: SUB-TOTAL | WXD16: =SUM(WXD15:WXD15) -> 0 | WXE16: SUB-TOTAL | WXL16: =SUM(WXL15:WXL15) -> 0 | WXM16: SUB-TOTAL | WXT16: =SUM(WXT15:WXT15) -> 0 | WXU16: SUB-TOTAL | WYB16: =SUM(WYB15:WYB15) -> 0 | WYC16: SUB-TOTAL | WYJ16: =SUM(WYJ15:WYJ15) -> 0 | WYK16: SUB-TOTAL | WYR16: =SUM(WYR15:WYR15) -> 0 | WYS16: SUB-TOTAL | WYZ16: =SUM(WYZ15:WYZ15) -> 0 | WZA16: SUB-TOTAL | WZH16: =SUM(WZH15:WZH15) -> 0 | WZI16: SUB-TOTAL | WZP16: =SUM(WZP15:WZP15) -> 0 | WZQ16: SUB-TOTAL | WZX16: =SUM(WZX15:WZX15) -> 0 | WZY16: SUB-TOTAL | XAF16: =SUM(XAF15:XAF15) -> 0 | XAG16: SUB-TOTAL | XAN16: =SUM(XAN15:XAN15) -> 0 | XAO16: SUB-TOTAL | XAV16: =SUM(XAV15:XAV15) -> 0 | XAW16: SUB-TOTAL | XBD16: =SUM(XBD15:XBD15) -> 0 | XBE16: SUB-TOTAL | XBL16: =SUM(XBL15:XBL15) -> 0 | XBM16: SUB-TOTAL | XBT16: =SUM(XBT15:XBT15) -> 0 | XBU16: SUB-TOTAL | XCB16: =SUM(XCB15:XCB15) -> 0 | XCC16: SUB-TOTAL | XCJ16: =SUM(XCJ15:XCJ15) -> 0 | XCK16: SUB-TOTAL | XCR16: =SUM(XCR15:XCR15) -> 0 | XCS16: SUB-TOTAL | XCZ16: =SUM(XCZ15:XCZ15) -> 0 | XDA16: SUB-TOTAL | XDH16: =SUM(XDH15:XDH15) -> 0 | XDI16: SUB-TOTAL | XDP16: =SUM(XDP15:XDP15) -> 0 | XDQ16: SUB-TOTAL | XDX16: =SUM(XDX15:XDX15) -> 0 | XDY16: SUB-TOTAL | XEF16: =SUM(XEF15:XEF15) -> 0 | XEG16: SUB-TOTAL | XEN16: =SUM(XEN15:XEN15) -> 0 | XEO16: SUB-TOTAL | XEV16: =SUM(XEV15:XEV15) -> 0 | XEW16: SUB-TOTAL | XFD16: =SUM(XFD15:XFD15) -> 0
A17: 3.0 | C17: SERVIÇOS DE ALVENARIA E DREANAGEM - ARES-CONDICIONADOS
A18: 3.1 | B18: 89446 | C18: =IF(ISNUMBER(SEARCH("NÃO DESONERADO",RESUMO!$C$5)),VLOOKUP(B18,'COMP SIN ND'!$F$7:$J$7527,2,0),VLOOKUP(B18,'COMP SIN D'!$G$7:$K$7527,2,0)) -> TUBO, PVC, SOLDÁVEL, DE 25MM, INSTALADO EM PRUMADA DE ÁGUA - FORNECIMENTO E INSTALAÇÃO. AF_06/2022 | D18: M | E18: 50 | F18: =IF(ISNUMBER(SEARCH("NÃO DESONERADO",RESUMO!$C$5)),VLOOKUP(B18,'COMP SIN ND'!$F$7:$J$7527,5,0),VLOOKUP(B18,'COMP SIN D'!$G$7:$K$7527,5,0)) -> 4.99 | G18: =TRUNC((F18*(1+$H$6))*(1+$H$4),2) -> 6.24 | H18: =TRUNC(G18*E18,2) -> 312
A19: 3.2 | B19: 89364 | C19: =IF(ISNUMBER(SEARCH("NÃO DESONERADO",RESUMO!$C$5)),VLOOKUP(B19,'COMP SIN ND'!$F$7:$J$7527,2,0),VLOOKUP(B19,'COMP SIN D'!$G$7:$K$7527,2,0)) -> CURVA 90 GRAUS, PVC, SOLDÁVEL, DN 25MM, INSTALADO EM RAMAL OU SUB-RAMAL DE ÁGUA - FORNECIMENTO E INSTALAÇÃO. AF_06/2022 | D19: UND | E19: 10 | F19: =IF(ISNUMBER(SEARCH("NÃO DESONERADO",RESUMO!$C$5)),VLOOKUP(B19,'COMP SIN ND'!$F$7:$J$7527,5,0),VLOOKUP(B19,'COMP SIN D'!$G$7:$K$7527,5,0)) -> 11.16 | G19: =TRUNC((F19*(1+$H$6))*(1+$H$4),2) -> 13.97 | H19: =TRUNC(G19*E19,2) -> 139.7
A20: 3.3 | B20: 91173 | C20: =IF(ISNUMBER(SEARCH("NÃO DESONERADO",RESUMO!$C$5)),VLOOKUP(B20,'COMP SIN ND'!$F$7:$J$7527,2,0),VLOOKUP(B20,'COMP SIN D'!$G$7:$K$7527,2,0)) -> FIXAÇÃO DE TUBOS VERTICAIS DE PVC ÁGUA, PVC ESGOTO, PVC ÁGUA PLUVIAL, CPVC, PPR, COBRE OU AÇO, DIÂMETROS MENORES OU IGUAIS A 40 MM, COM ABRAÇADEIRA METÁLICA RÍGIDA TIPO U PERFIL 1 1/4", FIXADA EM PERFILADO EM PAREDE. AF_09/2023_PS | D20: M | E20: 50 | F20: =IF(ISNUMBER(SEARCH("NÃO DESONERADO",RESUMO!$C$5)),VLOOKUP(B20,'COMP SIN ND'!$F$7:$J$7527,5,0),VLOOKUP(B20,'COMP SIN D'!$G$7:$K$7527,5,0)) -> 3.72 | G20: =TRUNC((F20*(1+$H$6))*(1+$H$4),2) -> 4.65 | H20: =TRUNC(G20*E20,2) -> 232.5
A21: 3.4 | B21: 93358 | C21: =IF(ISNUMBER(SEARCH("NÃO DESONERADO",RESUMO!$C$5)),VLOOKUP(B21,'COMP SIN ND'!$F$7:$J$7527,2,0),VLOOKUP(B21,'COMP SIN D'!$G$7:$K$7527,2,0)) -> ESCAVAÇÃO MANUAL DE VALA. AF_09/2024 | D21: M³ | E21: 0.75 | F21: =IF(ISNUMBER(SEARCH("NÃO DESONERADO",RESUMO!$C$5)),VLOOKUP(B21,'COMP SIN ND'!$F$7:$J$7527,5,0),VLOOKUP(B21,'COMP SIN D'!$G$7:$K$7527,5,0)) -> 80.38 | G21: =TRUNC((F21*(1+$H$6))*(1+$H$4),2) -> 100.63 | H21: =TRUNC(G21*E21,2) -> 75.47
A22: SUB-TOTAL | H22: =SUM(H18:H21) -> 759.67
A24: 4.0 | C24: SERVIÇOS DE BAIXA TENSÃO
A25: 4.1 | B25: 91926 | C25: CABO DE COBRE FLEXÍVEL ISOLADO, 2,5 MM², ANTI-CHAMA 450/750 V, PARA CIRCUITOS TERMINAIS - FORNECIMENTO E INSTALAÇÃO. AF_03/2023 | D25: M | E25: 650 | F25: =IF(ISNUMBER(SEARCH("NÃO DESONERADO",RESUMO!$C$5)),VLOOKUP(B25,'COMP SIN ND'!$F$7:$J$7527,5,0),VLOOKUP(B25,'COMP SIN D'!$G$7:$K$7527,5,0)) -> 4.43 | G25: =TRUNC((F25*(1+$H$6))*(1+$H$4),2) -> 5.54 | H25: =TRUNC(G25*E25,2) -> 3601
A26: 4.2 | B26: 91932 | C26: CABO DE COBRE FLEXÍVEL ISOLADO, 10,0 MM², ANTI-CHAMA 450/750 V, PARA CIRCUITOS TERMINAIS - FORNECIMENTO E INSTALAÇÃO. AF_03/2024 | D26: M | E26: 830 | F26: =IF(ISNUMBER(SEARCH("NÃO DESONERADO",RESUMO!$C$5)),VLOOKUP(B26,'COMP SIN ND'!$F$7:$J$7527,5,0),VLOOKUP(B26,'COMP SIN D'!$G$7:$K$7527,5,0)) -> 17.38 | G26: =TRUNC((F26*(1+$H$6))*(1+$H$4),2) -> 21.75 | H26: =TRUNC(G26*E26,2) -> 18052.5
A27: 4.3 | B27: 92992 | C27: CABO DE COBRE FLEXÍVEL ISOLADO, 95,0 MM², ANTI-CHAMA 0,6/1 KV, PARA CIRCUITOS TERMINAIS - FORNECIMENTO E INSTALAÇÃO. AF_03/2024 | D27: M | E27: 120 | F27: =IF(ISNUMBER(SEARCH("NÃO DESONERADO",RESUMO!$C$5)),VLOOKUP(B27,'COMP SIN ND'!$F$7:$J$7527,5,0),VLOOKUP(B27,'COMP SIN D'!$G$7:$K$7527,5,0)) -> 105.67 | G27: =TRUNC((F27*(1+$H$6))*(1+$H$4),2) -> 132.29 | H27: =TRUNC(G27*E27,2) -> 15874.8
A28: 4.4 | B28: 92988 | C28: CABO DE COBRE FLEXÍVEL ISOLADO, 50,0 MM², ANTI-CHAMA 0,6/1 KV, PARA CIRCUITOS TERMINAIS - FORNECIMENTO E INSTALAÇÃO. AF_03/2025 | D28: M | E28: 30 | F28: =IF(ISNUMBER(SEARCH("NÃO DESONERADO",RESUMO!$C$5)),VLOOKUP(B28,'COMP SIN ND'!$F$7:$J$7527,5,0),VLOOKUP(B28,'COMP SIN D'!$G$7:$K$7527,5,0)) -> 58.94 | G28: =TRUNC((F28*(1+$H$6))*(1+$H$4),2) -> 73.79 | H28: =TRUNC(G28*E28,2) -> 2213.7
A29: 4.5 | B29: =COMPOSIÇÕES!A19 -> COMP 02 | C29: QUADRO DE PROTEÇÃO EM AÇO GALVANIZADO- SOBREPOR IP 54 | D29: UND | E29: 1 | F29: =COMPOSIÇÕES!H30 -> 792.69 | G29: =TRUNC((F29*(1+$H$6))*(1+$H$4),2) -> 992.44 | H29: =TRUNC(G29*E29,2) -> 992.44
A30: 4.6 | B30: 93662 | C30: =IF(ISNUMBER(SEARCH("NÃO DESONERADO",RESUMO!$C$5)),VLOOKUP(B30,'COMP SIN ND'!$F$7:$J$7527,2,0),VLOOKUP(B30,'COMP SIN D'!$G$7:$K$7527,2,0)) -> DISJUNTOR BIPOLAR TIPO DIN, CORRENTE NOMINAL DE 20A - FORNECIMENTO E INSTALAÇÃO. AF_10/2020 | D30: UND | E30: 1 | F30: =IF(ISNUMBER(SEARCH("NÃO DESONERADO",RESUMO!$C$5)),VLOOKUP(B30,'COMP SIN ND'!$F$7:$J$7527,5,0),VLOOKUP(B30,'COMP SIN D'!$G$7:$K$7527,5,0)) -> 61.37 | G30: =TRUNC((F30*(1+$H$6))*(1+$H$4),2) -> 76.83 | H30: =TRUNC(G30*E30,2) -> 76.83
A31: 4.7 | B31: 93655 | C31: =IF(ISNUMBER(SEARCH("NÃO DESONERADO",RESUMO!$C$5)),VLOOKUP(B31,'COMP SIN ND'!$F$7:$J$7527,2,0),VLOOKUP(B31,'COMP SIN D'!$G$7:$K$7527,2,0)) -> DISJUNTOR MONOPOLAR TIPO DIN, CORRENTE NOMINAL DE 20A - FORNECIMENTO E INSTALAÇÃO. AF_10/2020 | D31: UND | E31: 3 | F31: =IF(ISNUMBER(SEARCH("NÃO DESONERADO",RESUMO!$C$5)),VLOOKUP(B31,'COMP SIN ND'!$F$7:$J$7527,5,0),VLOOKUP(B31,'COMP SIN D'!$G$7:$K$7527,5,0)) -> 13.82 | G31: =TRUNC((F31*(1+$H$6))*(1+$H$4),2) -> 17.3 | H31: =TRUNC(G31*E31,2) -> 51.9
A32: 4.8 | B32: 93669 | C32: =IF(ISNUMBER(SEARCH("NÃO DESONERADO",RESUMO!$C$5)),VLOOKUP(B32,'COMP SIN ND'!$F$7:$J$7527,2,0),VLOOKUP(B32,'COMP SIN D'!$G$7:$K$7527,2,0)) -> DISJUNTOR TRIPOLAR TIPO DIN, CORRENTE NOMINAL DE 20A - FORNECIMENTO E INSTALAÇÃO. AF_10/2020 | D32: UND | E32: 1 | F32: =IF(ISNUMBER(SEARCH("NÃO DESONERADO",RESUMO!$C$5)),VLOOKUP(B32,'COMP SIN ND'!$F$7:$J$7527,5,0),VLOOKUP(B32,'COMP SIN D'!$G$7:$K$7527,5,0)) -> 77.84 | G32: =TRUNC((F32*(1+$H$6))*(1+$H$4),2) -> 97.45 | H32: =TRUNC(G32*E32,2) -> 97.45
A33: 4.9 | B33: 93666 | C33: =IF(ISNUMBER(SEARCH("NÃO DESONERADO",RESUMO!$C$5)),VLOOKUP(B33,'COMP SIN ND'!$F$7:$J$7527,2,0),VLOOKUP(B33,'COMP SIN D'!$G$7:$K$7527,2,0)) -> DISJUNTOR BIPOLAR TIPO DIN, CORRENTE NOMINAL DE 50A - FORNECIMENTO E INSTALAÇÃO. AF_10/2020 | D33: UND | E33: 7 | F33: =IF(ISNUMBER(SEARCH("NÃO DESONERADO",RESUMO!$C$5)),VLOOKUP(B33,'COMP SIN ND'!$F$7:$J$7527,5,0),VLOOKUP(B33,'COMP SIN D'!$G$7:$K$7527,5,0)) -> 74.22 | G33: =TRUNC((F33*(1+$H$6))*(1+$H$4),2) -> 92.92 | H33: =TRUNC(G33*E33,2) -> 650.44
A34: 4.10 | B34: 101896 | C34: =IF(ISNUMBER(SEARCH("NÃO DESONERADO",RESUMO!$C$5)),VLOOKUP(B34,'COMP SIN ND'!$F$7:$J$7527,2,0),VLOOKUP(B34,'COMP SIN D'!$G$7:$K$7527,2,0)) -> DISJUNTOR TERMOMAGNÉTICO TRIPOLAR , CORRENTE NOMINAL DE 200A - FORNECIMENTO E INSTALAÇÃO. AF_10/2020 | D34: UND | E34: 2 | F34: =IF(ISNUMBER(SEARCH("NÃO DESONERADO",RESUMO!$C$5)),VLOOKUP(B34,'COMP SIN ND'!$F$7:$J$7527,5,0),VLOOKUP(B34,'COMP SIN D'!$G$7:$K$7527,5,0)) -> 645.52 | G34: =TRUNC((F34*(1+$H$6))*(1+$H$4),2) -> 808.19 | H34: =TRUNC(G34*E34,2) -> 1616.38
A35: 4.11 | B35: =COMPOSIÇÕES!A33 -> COMP 03 | C35: DISPOSITIVO DPS CLASSE II, 1 POLO, TENSÃO MÁXIMA DE 175V, CORRENTE MÁXIMA DE 45 KA (TIPO AC) | D35: UND | E35: 4 | F35: =COMPOSIÇÕES!H44 -> 120.58 | G35: =TRUNC((F35*(1+$H$6))*(1+$H$4),2) -> 150.96 | H35: =TRUNC(G35*E35,2) -> 603.84
A36: 4.12 | B36: 91854 | C36: ELETRODUTO FLEXÍVEL CONRRUGADO, PVC, DN 25MM (3/4''), PARA CIRCUITOS TERMINAIS - INSTALADO EM PAREDE | D36: M | E36: 50 | F36: =IF(ISNUMBER(SEARCH("NÃO DESONERADO",RESUMO!$C$5)),VLOOKUP(B36,'COMP SIN ND'!$F$7:$J$7527,5,0),VLOOKUP(B36,'COMP SIN D'!$G$7:$K$7527,5,0)) -> 9.36 | G36: =TRUNC((F36*(1+$H$6))*(1+$H$4),2) -> 11.71 | H36: =TRUNC(G36*E36,2) -> 585.5
A37: 4.13 | B37: 97669 | C37: =IF(ISNUMBER(SEARCH("NÃO DESONERADO",RESUMO!$C$5)),VLOOKUP(B37,'COMP SIN ND'!$F$7:$J$7527,2,0),VLOOKUP(B37,'COMP SIN D'!$G$7:$K$7527,2,0)) -> ELETRODUTO FLEXÍVEL CORRUGADO, PEAD, DN 90 (3"), PARA REDE ENTERRADA DE DISTRIBUIÇÃO DE ENERGIA ELÉTRICA - FORNECIMENTO E INSTALAÇÃO. AF_12/2021 | D37: M | E37: 10 | F37: =IF(ISNUMBER(SEARCH("NÃO DESONERADO",RESUMO!$C$5)),VLOOKUP(B37,'COMP SIN ND'!$F$7:$J$7527,5,0),VLOOKUP(B37,'COMP SIN D'!$G$7:$K$7527,5,0)) -> 16.58 | G37: =TRUNC((F37*(1+$H$6))*(1+$H$4),2) -> 20.75 | H37: =TRUNC(G37*E37,2) -> 207.5
A38: 4.14 | B38: 91939 | C38: =IF(ISNUMBER(SEARCH("NÃO DESONERADO",RESUMO!$C$5)),VLOOKUP(B38,'COMP SIN ND'!$F$7:$J$7527,2,0),VLOOKUP(B38,'COMP SIN D'!$G$7:$K$7527,2,0)) -> CAIXA RETANGULAR 4" X 2" ALTA (2,00 M DO PISO), PVC, INSTALADA EM PAREDE - FORNECIMENTO E INSTALAÇÃO. AF_03/2023 | D38: UND | E38: 17 | F38: =IF(ISNUMBER(SEARCH("NÃO DESONERADO",RESUMO!$C$5)),VLOOKUP(B38,'COMP SIN ND'!$F$7:$J$7527,5,0),VLOOKUP(B38,'COMP SIN D'!$G$7:$K$7527,5,0)) -> 30.17 | G38: =TRUNC((F38*(1+$H$6))*(1+$H$4),2) -> 37.77 | H38: =TRUNC(G38*E38,2) -> 642.09
A39: 4.15 | B39: 91992 | C39: =IF(ISNUMBER(SEARCH("NÃO DESONERADO",RESUMO!$C$5)),VLOOKUP(B39,'COMP SIN ND'!$F$7:$J$7527,2,0),VLOOKUP(B39,'COMP SIN D'!$G$7:$K$7527,2,0)) -> TOMADA ALTA DE EMBUTIR (1 MÓDULO), 2P+T 10 A, INCLUINDO SUPORTE E PLACA - FORNECIMENTO E INSTALAÇÃO. AF_03/2023 | D39: UND | E39: 6 | F39: =IF(ISNUMBER(SEARCH("NÃO DESONERADO",RESUMO!$C$5)),VLOOKUP(B39,'COMP SIN ND'!$F$7:$J$7527,5,0),VLOOKUP(B39,'COMP SIN D'!$G$7:$K$7527,5,0)) -> 42.13 | G39: =TRUNC((F39*(1+$H$6))*(1+$H$4),2) -> 52.74 | H39: =TRUNC(G39*E39,2) -> 316.44
A40: 4.16 | B40: =COMPOSIÇÕES!A46 -> COMP 04 | C40: ELETROCALHA METÁLICA PERFURADA 150X50X3000MM | D40: UND | E40: 1 | F40: =COMPOSIÇÕES!H57 -> 133.64 | G40: =TRUNC((F40*(1+$H$6))*(1+$H$4),2) -> 167.31 | H40: =TRUNC(G40*E40,2) -> 167.31
A41: 4.17 | B41: =COMPOSIÇÕES!A59 -> COMP 05 | C41: PERFILADO PERFURADO SIMPLES 38 X 38 MM, CHAPA 22 | D41: M | E41: 6 | F41: =COMPOSIÇÕES!H70 -> 56.73 | G41: =TRUNC((F41*(1+$H$6))*(1+$H$4),2) -> 71.02 | H41: =TRUNC(G41*E41,2) -> 426.12
A42: 4.18 | B42: =COMPOSIÇÕES!A72 -> COMP 06 | C42: PLACA 4X2'' COM FURO | D42: UND | E42: 11 | F42: =COMPOSIÇÕES!H82 -> 6.91 | G42: =TRUNC((F42*(1+$H$6))*(1+$H$4),2) -> 8.65 | H42: =TRUNC(G42*E42,2) -> 95.15
A43: 4.19 | B43: =COMPOSIÇÕES!A84 -> COMP 07 | C43: SAÍDA HORIZONTAL PRÉ-GALVANIZADA PARA ELETRODUTO 3/4'' | D43: UND | E43: 14 | F43: =COMPOSIÇÕES!H95 -> 11.61 | G43: =TRUNC((F43*(1+$H$6))*(1+$H$4),2) -> 14.53 | H43: =TRUNC(G43*E43,2) -> 203.42
A44: 4.20 | B44: =COMPOSIÇÕES!A97 -> COMP 08 | C44: TAMPA DE ENCAIXE 150X3000MM, ZINCADA PARA ELETROCALHA METÁLICA | D44: UND | E44: 1 | F44: =COMPOSIÇÕES!H108 -> 60.76 | G44: =TRUNC((F44*(1+$H$6))*(1+$H$4),2) -> 76.07 | H44: =TRUNC(G44*E44,2) -> 76.07
A45: 4.21 | B45: =COMPOSIÇÕES!A110 -> COMP 09 | C45: FITA ISOLANTE ADESIVA ANTICHAMA, EM ROLO DE 19MMX20M | D45: UND | E45: 5 | F45: =COMPOSIÇÕES!H121 -> 17.36 | G45: =TRUNC((F45*(1+$H$6))*(1+$H$4),2) -> 21.73 | H45: =TRUNC(G45*E45,2) -> 108.65
A46: 4.22 | B46: =COMPOSIÇÕES!A123 -> COMP 10 | C46: TÊ HORIZONTAL 90°, PARA ELETROCALHA PERFURADA OU LISA, 150X50MM, PRÉ-ZINCADA | D46: UND | E46: 1 | F46: =COMPOSIÇÕES!H134 -> 54.95 | G46: =TRUNC((F46*(1+$H$6))*(1+$H$4),2) -> 68.79 | H46: =TRUNC(G46*E46,2) -> 68.79
A47: 4.23 | B47: =COMPOSIÇÕES!A136 -> COMP 11 | C47: CURVA DE INVERSÃO 90°, PARA ELETROCALHA PERFURADA OU LISA, 150X75MM | D47: UND | E47: 1 | F47: =COMPOSIÇÕES!H147 -> 57.91 | G47: =TRUNC((F47*(1+$H$6))*(1+$H$4),2) -> 72.5 | H47: =TRUNC(G47*E47,2) -> 72.5
A48: SUB-TOTAL | H48: =SUM(H25:H47) -> 46800.82
A49: 5.0 | C49: SERVIÇOS FINAIS
A50: 5.1 | B50: COMP 12 | C50: LIMPEZA NO FINAL DA OBRA | D50: H | E50: 40 | F50: =COMPOSIÇÕES!G13 -> 20.32 | G50: =TRUNC((F50*(1+$H$6))*(1+$H$4),2) -> 25.44 | H50: =TRUNC(G50*E50,2) -> 1017.6
A51: SUB-TOTAL | H51: =SUM(H50:H50) -> 1017.6
A58: TOTAL GERAL DO ORÇAMENTO | H58: =H51+H48+H22+H16+H13 -> 114196.79
A59: IMPORTA O VALOR TOTAL DO CONTRATO: CENTO E QUATORZE MIL CENTO E NOVENTA E SEIS REAIS E SETENTA E NOVE CENTAVOS.

Sheet COMPOSIÇÕES
A1: SECRETARIA DE ESTADO DE INFRAESTRUTURA E LOGÍSTICA - SINFRA
A2: PROJETO: | B2: =RESUMO!B2 -> PROJETO EXECUTIVO DE CLIMATIZAÇÃO - AEROPORTO REGIONAL DE CÁCERES CCX - MT | E2: =RESUMO!C3 -> BDI: | F2: =BDI!E16 -> 0.252
A3: =RESUMO!A3 -> ENDEREÇO: | B3: =RESUMO!B3 -> AEROPORTO REGIONAL DE CÁCERES, CARRAPATINHO , CÁCERES-MT | E3: =RESUMO!C4 -> DATA: | F3: =RESUMO!D4 -> 45603
A4: =RESUMO!A4 -> MUNICÍPIO: | B4: =RESUMO!B4 -> CÁCERES/MT | E4: =RESUMO!C5 -> Boletim SINAPI / SETEMBRO 2024 (NÃO DESONERADO)
A5: =RESUMO!A5 -> ASSUNTO: | B5: =RESUMO!B5 -> PLANILHA ORÇAMENTÁRIA - PROJETO EXECUTIVO DE CLIMATIZAÇÃO - AEROPORTO REGIONAL DE CÁCERES CCX - MT
A7: PLANILHA DE COMPOSIÇÃO UNITÁRIA DE SERVIÇO E COTAÇÃO UNITÁRIA DE INSUMOS
A8: OBS.: Coeficientes retirados de serviços análogos do Sinapi
A10: COMP 12 | D10: LIMPEZA NO FINAL DA OBRA
A12: Código | B12: Boletim | D12: MÃO DE OBRA | E12: Unid | F12: Qtde | G12: Custo Unitário | H12: Custo Total
A13: 88316 | B13: SINAPI | D13: SERVENTE COM ENCARGOS COMPLEMENTARES | E13: H | F13: 1 | G13: =IF(ISNUMBER(SEARCH("NÃO DESONERADO",RESUMO!$C$5)),VLOOKUP(A13,'COMP SIN ND'!$F$7:$J$7527,5,0),VLOOKUP(A13,'COMP SIN D'!$G$7:$K$7527,5,0)) -> 20.32 | H13: =TRUNC(G13*F13,2) -> 20.32
D14: TOTAL | H14: =SUM(H13:H13) -> 20.32
D16: CUSTO DIRETO | H16: =H14 -> 20.32
A19: COMP 02 | D19: =ORÇAMENTO!C29 -> QUADRO DE PROTEÇÃO EM AÇO GALVANIZADO- SOBREPOR IP 54
A21: Código | B21: Boletim | D21: MÃO DE OBRA | E21: Unid | F21: Qtde | G21: Custo Unitário | H21: Custo Total
A22: 88309 | B22: SINAPI | D22: PEDREIRO COM ENCARGOS COMPLEMENTARES | E22: H | F22: 2 | G22: =IF(ISNUMBER(SEARCH("NÃO DESONERADO",RESUMO!$C$5)),VLOOKUP(A22,'COMP SIN ND'!$F$7:$J$7527,5,0),VLOOKUP(A22,'COMP SIN D'!$G$7:$K$7527,5,0)) -> 25.62 | H22: =TRUNC(F22*G22,2) -> 51.24
A23: 88264 | B23: SINAPI | D23: ELETRICISTA COM ENCARGOS COMPLEMENTARES | E23: H | F23: 4 | G23: =IF(ISNUMBER(SEARCH("NÃO DESONERADO",RESUMO!$C$5)),VLOOKUP(A23,'COMP SIN ND'!$F$7:$J$7527,5,0),VLOOKUP(A23,'COMP SIN D'!$G$7:$K$7527,5,0)) -> 26.68 | H23: =TRUNC(F23*G23,2) -> 106.72
D24: TOTAL | H24: =SUM(H22:H23) -> 157.96
A26: Código | B26: Boletim | D26: MATERIAIS | E26: Unid | F26: Qtde | G26: Custo Unitário | H26: Custo Total
A27: 13395 | B27: SINAPI / INSUMO | D27: QUADRO DE DISTRIBUICAO COM BARRAMENTO TRIFASICO, DE EMBUTIR, EM CHAPA DE ACO GALVANIZADO, PARA 18 DISJUNTORES DIN, 100 A, INCLUINDO BARRAMENTO | E27: UND | F27: 1 | G27: =VLOOKUP(A27,INSUMOS!$A$1:E5103,5,0) -> 634.73 | H27: =TRUNC(F27*G27,2) -> 634.73
D28: TOTAL | H28: =SUM(H27:H27) -> 634.73
A30: REF. M . DE OBRA | B30: ORSE/9725 | D30: CUSTO DIRETO | H30: =H24+H28 -> 792.69
A33: COMP 03 | D33: =ORÇAMENTO!C35 -> DISPOSITIVO DPS CLASSE II, 1 POLO, TENSÃO MÁXIMA DE 175V, CORRENTE MÁXIMA DE 45 KA (TIPO AC)
A35: Código | B35: Boletim | D35: MÃO DE OBRA | E35: Unid | F35: Qtde | G35: Custo Unitário | H35: Custo Total
A36: 88247 | B36: SINAPI | D36: AUXILIAR DE ELETRICISTA COM ENCARGOS COMPLEMENTARES | E36: H | F36: 0.3333 | G36: =IF(ISNUMBER(SEARCH("NÃO DESONERADO",RESUMO!$C$5)),VLOOKUP(A36,'COMP SIN ND'!$F$7:$J$7527,5,0),VLOOKUP(A36,'COMP SIN D'!$G$7:$K$7527,5,0)) -> 21.96 | H36: =TRUNC(F36*G36,2) -> 7.31
A37: 88264 | B37: SINAPI | D37: ELETRICISTA COM ENCARGOS COMPLEMENTARES | E37: H | F37: 0.6 | G37: =IF(ISNUMBER(SEARCH("NÃO DESONERADO",RESUMO!$C$5)),VLOOKUP(A37,'COMP SIN ND'!$F$7:$J$7527,5,0),VLOOKUP(A37,'COMP SIN D'!$G$7:$K$7527,5,0)) -> 26.68 | H37: =TRUNC(F37*G37,2) -> 16
D38: TOTAL | H38: =SUM(H36:H37) -> 23.31
A40: Código | B40: Boletim | D40: MATERIAIS | E40: Unid | F40: Qtde | G40: Custo Unitário | H40: Custo Total
A41: 39467 | B41: SINAPI/INSUMOS | D41: DISPOSITIVO DPS CLASSE I, 1 POLO, TENSÃO MÁXIMA DE 175V, CORRENTE MÁXIMA DE 45 KA (TIPO AC) | E41: UND | F41: 1 | G41: 97.27 | H41: =TRUNC(F41*G41,2) -> 97.27
D42: TOTAL | H42: =SUM(H41:H41) -> 97.27
A44: REF. M . DE OBRA | B44: CPOS/37.24.042 | D44: CUSTO DIRETO | H44: =H38+H42 -> 120.58
A46: COMP 04 | D46: =ORÇAMENTO!C40 -> ELETROCALHA METÁLICA PERFURADA 150X50X3000MM
A48: Código | B48: Boletim | D48: MÃO DE OBRA | E48: Unid | F48: Qtde | G48: Custo Unitário | H48: Custo Total
A49: 88247 | B49: SINAPI | D49: AUXILIAR DE ELETRICISTA COM ENCARGOS COMPLEMENTARES | E49: H | F49: 1 | G49: =IF(ISNUMBER(SEARCH("NÃO DESONERADO",RESUMO!$C$5)),VLOOKUP(A49,'COMP SIN ND'!$F$7:$J$7527,5,0),VLOOKUP(A49,'COMP SIN D'!$G$7:$K$7527,5,0)) -> 21.96 | H49: =TRUNC(F49*G49,2) -> 21.96
A50: 88264 | B50: SINAPI | D50: ELETRICISTA COM ENCARGOS COMPLEMENTARES | E50: H | F50: 1 | G50: =IF(ISNUMBER(SEARCH("NÃO DESONERADO",RESUMO!$C$5)),VLOOKUP(A50,'COMP SIN ND'!$F$7:$J$7527,5,0),VLOOKUP(A50,'COMP SIN D'!$G$7:$K$7527,5,0)) -> 26.68 | H50: =TRUNC(F50*G50,2) -> 26.68
D51: TOTAL | H51: =SUM(H49:H50) -> 48.64
A53: Código | B53: Boletim | D53: MATERIAIS | E53: Unid | F53: Qtde | G53: Custo Unitário | H53: Custo Total
A54: 859 | B54: ORSE | D54: =D46 -> ELETROCALHA METÁLICA PERFURADA 150X50X3000MM | E54: UND | F54: 1 | G54: 85 | H54: =TRUNC(F54*G54,2) -> 85
D55: TOTAL | H55: =SUM(H54:H54) -> 85
A57: REF. M . DE OBRA | B57: ORSE/00748 | D57: CUSTO DIRETO | H57: =H51+H55 -> 133.64
A59: COMP 05 | D59: =ORÇAMENTO!C41 -> PERFILADO PERFURADO SIMPLES 38 X 38 MM, CHAPA 22
A61: Código | B61: Boletim | D61: MÃO DE OBRA | E61: Unid | F61: Qtde | G61: Custo Unitário | H61: Custo Total
A62: 88247 | B62: SINAPI | D62: AUXILIAR DE ELETRICISTA COM ENCARGOS COMPLEMENTARES | E62: H | F62: 1 | G62: =IF(ISNUMBER(SEARCH("NÃO DESONERADO",RESUMO!$C$5)),VLOOKUP(A62,'COMP SIN ND'!$F$7:$J$7527,5,0),VLOOKUP(A62,'COMP SIN D'!$G$7:$K$7527,5,0)) -> 21.96 | H62: =TRUNC(F62*G62,2) -> 21.96
A63: 88264 | B63: SINAPI | D63: ELETRICISTA COM ENCARGOS COMPLEMENTARES | E63: H | F63: 1 | G63: =IF(ISNUMBER(SEARCH("NÃO DESONERADO",RESUMO!$C$5)),VLOOKUP(A63,'COMP SIN ND'!$F$7:$J$7527,5,0),VLOOKUP(A63,'COMP SIN D'!$G$7:$K$7527,5,0)) -> 26.68 | H63: =TRUNC(F63*G63,2) -> 26.68
D64: TOTAL | H64: =SUM(H62:H63) -> 48.64
A66: Código | B66: Boletim | D66: MATERIAIS | E66: Unid | F66: Qtde | G66: Custo Unitário | H66: Custo Total
A67: 39028 | B67: SINAPI/INSUMOS | D67: =D59 -> PERFILADO PERFURADO SIMPLES 38 X 38 MM, CHAPA 22 | E67: M | F67: 1 | G67: =VLOOKUP(A67,INSUMOS!$A$1:E5156,5,0) -> 8.09 | H67: =TRUNC(F67*G67,2) -> 8.09
D68: TOTAL | H68: =SUM(H67:H67) -> 8.09
A70: REF. M . DE OBRA | B70: ORSE/13606 | D70: CUSTO DIRETO | H70: =H64+H68 -> 56.73
A72: COMP 06 | D72: =ORÇAMENTO!C42 -> PLACA 4X2'' COM FURO
A74: Código | B74: Boletim | D74: MÃO DE OBRA | E74: Unid | F74: Qtde | G74: Custo Unitário | H74: Custo Total
A75: 88247 | B75: SINAPI | D75: AUXILIAR DE ELETRICISTA COM ENCARGOS COMPLEMENTARES | E75: H | F75: 0.16 | G75: =IF(ISNUMBER(SEARCH("NÃO DESONERADO",RESUMO!$C$5)),VLOOKUP(A75,'COMP SIN ND'!$F$7:$J$7527,5,0),VLOOKUP(A75,'COMP SIN D'!$G$7:$K$7527,5,0)) -> 21.96 | H75: =TRUNC(F75*G75,2) -> 3.51
D76: TOTAL | H76: =SUM(H75:H75) -> 3.51
A78: Código | B78: Boletim | D78: MATERIAIS | E78: Unid | F78: Qtde | G78: Custo Unitário | H78: Custo Total
A79: 908 | B79: ORSE | D79: =D72 -> PLACA 4X2'' COM FURO | E79: UND | F79: 1 | G79: 3.4 | H79: =TRUNC(F79*G79,2) -> 3.4
D80: TOTAL | H80: =SUM(H79:H79) -> 3.4
A82: REF. M . DE OBRA | B82: ORSE/9517 | D82: CUSTO DIRETO | H82: =H76+H80 -> 6.91
A84: COMP 07 | D84: =ORÇAMENTO!C43 -> SAÍDA HORIZONTAL PRÉ-GALVANIZADA PARA ELETRODUTO 3/4''
A86: Código | B86: Boletim | D86: MÃO DE OBRA | E86: Unid | F86: Qtde | G86: Custo Unitário | H86: Custo Total
A87: 88247 | B87: SINAPI | D87: AUXILIAR DE ELETRICISTA COM ENCARGOS COMPLEMENTARES | E87: H | F87: 0.151 | G87: =IF(ISNUMBER(SEARCH("NÃO DESONERADO",RESUMO!$C$5)),VLOOKUP(A87,'COMP SIN ND'!$F$7:$J$7527,5,0),VLOOKUP(A87,'COMP SIN D'!$G$7:$K$7527,5,0)) -> 21.96 | H87: =TRUNC(F87*G87,2) -> 3.31
A88: 88264 | B88: SINAPI | D88: ELETRICISTA COM ENCARGOS COMPLEMENTARES | E88: H | F88: 0.151 | G88: =IF(ISNUMBER(SEARCH("NÃO DESONERADO",RESUMO!$C$5)),VLOOKUP(A88,'COMP SIN ND'!$F$7:$J$7527,5,0),VLOOKUP(A88,'COMP SIN D'!$G$7:$K$7527,5,0)) -> 26.68 | H88: =TRUNC(F88*G88,2) -> 4.02
D89: TOTAL | H89: =SUM(H87:H88) -> 7.33
A91: Código | B91: Boletim | D91: MATERIAIS | E91: Unid | F91: Qtde | G91: Custo Unitário | H91: Custo Total
A92: 37518 | B92: SBC/INSUMOS | D92: =D84 -> SAÍDA HORIZONTAL PRÉ-GALVANIZADA PARA ELETRODUTO 3/4'' | E92: UND | F92: 1 | G92: 4.28 | H92: =TRUNC(F92*G92,2) -> 4.28
D93: TOTAL | H93: =SUM(H92:H92) -> 4.28
A95: REF. M . DE OBRA | B95: SBC/063756 | D95: CUSTO DIRETO | H95: =H89+H93 -> 11.61
A97: COMP 08 | D97: =ORÇAMENTO!C44 -> TAMPA DE ENCAIXE 150X3000MM, ZINCADA PARA ELETROCALHA METÁLICA
A99: Código | B99: Boletim | D99: MÃO DE OBRA | E99: Unid | F99: Qtde | G99: Custo Unitário | H99: Custo Total
A100: 88247 | B100: SINAPI | D100: AUXILIAR DE ELETRICISTA COM ENCARGOS COMPLEMENTARES | E100: H | F100: 0.2 | G100: =IF(ISNUMBER(SEARCH("NÃO DESONERADO",RESUMO!$C$5)),VLOOKUP(A100,'COMP SIN ND'!$F$7:$J$7527,5,0),VLOOKUP(A100,'COMP SIN D'!$G$7:$K$7527,5,0)) -> 21.96 | H100: =TRUNC(F100*G100,2) -> 4.39
A101: 88264 | B101: SINAPI | D101: ELETRICISTA COM ENCARGOS COMPLEMENTARES | E101: H | F101: 0.2 | G101: =IF(ISNUMBER(SEARCH("NÃO DESONERADO",RESUMO!$C$5)),VLOOKUP(A101,'COMP SIN ND'!$F$7:$J$7527,5,0),VLOOKUP(A101,'COMP SIN D'!$G$7:$K$7527,5,0)) -> 26.68 | H101: =TRUNC(F101*G101,2) -> 5.33
D102: TOTAL | H102: =SUM(H100:H101) -> 9.72
A104: Código | B104: Boletim | D104: MATERIAIS | E104: Unid | F104: Qtde | G104: Custo Unitário | H104: Custo Total
A105: E00872 | B105: SEDOP | D105: =D97 -> TAMPA DE ENCAIXE 150X3000MM, ZINCADA PARA ELETROCALHA METÁLICA | E105: UND | F105: 1 | G105: 51.04 | H105: =TRUNC(F105*G105,2) -> 51.04
D106: TOTAL | H106: =SUM(H105:H105) -> 51.04
A108: REF. M . DE OBRA | B108: SEDOP/1716020 | D108: CUSTO DIRETO | H108: =H102+H106 -> 60.76
A110: COMP 09 | D110: =ORÇAMENTO!C45 -> FITA ISOLANTE ADESIVA ANTICHAMA, EM ROLO DE 19MMX20M
A112: Código | B112: Boletim | D112: MÃO DE OBRA | E112: Unid | F112: Qtde | G112: Custo Unitário | H112: Custo Total
A113: 88247 | B113: SINAPI | D113: AUXILIAR DE ELETRICISTA COM ENCARGOS COMPLEMENTARES | E113: H | F113: 0.4 | G113: =IF(ISNUMBER(SEARCH("NÃO DESONERADO",RESUMO!$C$5)),VLOOKUP(A113,'COMP SIN ND'!$F$7:$J$7527,5,0),VLOOKUP(A113,'COMP SIN D'!$G$7:$K$7527,5,0)) -> 21.96 | H113: =TRUNC(F113*G113,2) -> 8.78
A114: 88264 | B114: SINAPI | D114: ELETRICISTA COM ENCARGOS COMPLEMENTARES | E114: H | F114: 0.4 | G114: =IF(ISNUMBER(SEARCH("NÃO DESONERADO",RESUMO!$C$5)),VLOOKUP(A114,'COMP SIN ND'!$F$7:$J$7527,5,0),VLOOKUP(A114,'COMP SIN D'!$G$7:$K$7527,5,0)) -> 26.68 | H114: =TRUNC(F114*G114,2) -> 10.67
D115: TOTAL | H115: =SUM(H113:H113) -> 8.78
A117: Código | B117: Boletim | D117: MATERIAIS | E117: Unid | F117: Qtde | G117: Custo Unitário | H117: Custo Total
A118: 3320 | B118: AGETOP CIVIL | D118: =D110 -> FITA ISOLANTE ADESIVA ANTICHAMA, EM ROLO DE 19MMX20M | E118: UND | F118: 1 | G118: 8.58 | H118: =TRUNC(F118*G118,2) -> 8.58
D119: TOTAL | H119: =SUM(H118:H118) -> 8.58
A121: REF. M . DE OBRA | B121: AGETOP CIVIL/071331 | D121: CUSTO DIRETO | H121: =H115+H119 -> 17.36
A123: COMP 10 | D123: =ORÇAMENTO!C46 -> TÊ HORIZONTAL 90°, PARA ELETROCALHA PERFURADA OU LISA, 150X50MM, PRÉ-ZINCADA
A125: Código | B125: Boletim | D125: MÃO DE OBRA | E125: Unid | F125: Qtde | G125: Custo Unitário | H125: Custo Total
A126: 88247 | B126: SINAPI | D126: AUXILIAR DE ELETRICISTA COM ENCARGOS COMPLEMENTARES | E126: H | F126: 0.5 | G126: =IF(ISNUMBER(SEARCH("NÃO DESONERADO",RESUMO!$C$5)),VLOOKUP(A126,'COMP SIN ND'!$F$7:$J$7527,5,0),VLOOKUP(A126,'COMP SIN D'!$G$7:$K$7527,5,0)) -> 21.96 | H126: =TRUNC(F126*G126,2) -> 10.98
A127: 88264 | B127: SINAPI | D127: ELETRICISTA COM ENCARGOS COMPLEMENTARES | E127: H | F127: 0.5 | G127: =IF(ISNUMBER(SEARCH("NÃO DESONERADO",RESUMO!$C$5)),VLOOKUP(A127,'COMP SIN ND'!$F$7:$J$7527,5,0),VLOOKUP(A127,'COMP SIN D'!$G$7:$K$7527,5,0)) -> 26.68 | H127: =TRUNC(F127*G127,2) -> 13.34
D128: TOTAL | H128: =SUM(H126:H127) -> 24.32
A130: Código | B130: Boletim | D130: MATERIAIS | E130: Unid | F130: Qtde | G130: Custo Unitário | H130: Custo Total
A131: 12125 | B131: EMOP | D131: =D123 -> TÊ HORIZONTAL 90°, PARA ELETROCALHA PERFURADA OU LISA, 150X50MM, PRÉ-ZINCADA | E131: UND | F131: 1 | G131: 30.63 | H131: =TRUNC(F131*G131,2) -> 30.63
D132: TOTAL | H132: =SUM(H131:H131) -> 30.63
A134: REF. M . DE OBRA | B134: EMOP/15.018.0751-0 | D134: CUSTO DIRETO | H134: =H128+H132 -> 54.95
A136: COMP 11 | D136: =ORÇAMENTO!C47 -> CURVA DE INVERSÃO 90°, PARA ELETROCALHA PERFURADA OU LISA, 150X75MM
A138: Código | B138: Boletim | D138: MÃO DE OBRA | E138: Unid | F138: Qtde | G138: Custo Unitário | H138: Custo Total
A139: 88247 | B139: SINAPI | D139: AUXILIAR DE ELETRICISTA COM ENCARGOS COMPLEMENTARES | E139: UND | F139: 0.5 | G139: =IF(ISNUMBER(SEARCH("NÃO DESONERADO",RESUMO!$C$5)),VLOOKUP(A139,'COMP SIN ND'!$F$7:$J$7527,5,0),VLOOKUP(A139,'COMP SIN D'!$G$7:$K$7527,5,0)) -> 21.96 | H139: =TRUNC(F139*G139,2) -> 10.98
A140: 88264 | B140: SINAPI | D140: ELETRICISTA COM ENCARGOS COMPLEMENTARES | E140: UND | F140: 0.5 | G140: =IF(ISNUMBER(SEARCH("NÃO DESONERADO",RESUMO!$C$5)),VLOOKUP(A140,'COMP SIN ND'!$F$7:$J$7527,5,0),VLOOKUP(A140,'COMP SIN D'!$G$7:$K$7527,5,0)) -> 26.68 | H140: =TRUNC(F140*G140,2) -> 13.34
D141: TOTAL | H141: =SUM(H139:H140) -> 24.32
A143: Código | B143: Boletim | D143: MATERIAIS | E143: Unid | F143: Qtde | G143: Custo Unitário | H143: Custo Total
A144: 12113 | B144: EMOP | D144: =D136 -> CURVA DE INVERSÃO 90°, PARA ELETROCALHA PERFURADA OU LISA, 150X75MM | E144: M | F144: 1 | G144: 33.59 | H144: =TRUNC(F144*G144,2) -> 33.59
D145: TOTAL | H145: =SUM(H144:H144) -> 33.59
...

Sheet CRONOGRAMA
A1: SECRETARIA DE ESTADO DE INFRAESTRUTURA E LOGÍSTICA - SINFRA
A2: =RESUMO!A2 -> OBRA: | B2: =RESUMO!B2 -> PROJETO EXECUTIVO DE CLIMATIZAÇÃO - AEROPORTO REGIONAL DE CÁCERES CCX - MT
A3: =RESUMO!A3 -> ENDEREÇO: | B3: =RESUMO!B3 -> AEROPORTO REGIONAL DE CÁCERES, CARRAPATINHO , CÁCERES-MT | E3: =RESUMO!C3 -> BDI: | F3: =RESUMO!D3 -> 0.252
A4: =RESUMO!A4 -> MUNICÍPIO: | B4: =RESUMO!B4 -> CÁCERES/MT | E4: =RESUMO!C4 -> DATA: | F4: =RESUMO!D4 -> 45603
A5: =RESUMO!A5 -> ASSUNTO: | B5: =RESUMO!B5 -> PLANILHA ORÇAMENTÁRIA - PROJETO EXECUTIVO DE CLIMATIZAÇÃO - AEROPORTO REGIONAL DE CÁCERES CCX - MT
A7: CRONOGRAMA FISICO FINANCEIRO
A9: ITEM | B9: DESCRIÇÃO / ETAPA | C9: Valor Total (R$) | D9: Mês 1 (R$) | E9: % Mês 1 | F9: Mês 2 (R$) | G9: % Mês 2 | H9: % TOTAL
A10: 1.0 | B10: ADMINISTRAÇÃO LOCAL | C10: 64760.32 | D10: 32380.16 | E10: 0.5 | F10: 32380.16 | G10: 0.5 | H10: =G10+E10 -> 1
A11: 2.0 | B11: MOBILIZAÇÃO E DESMOBILIZAÇÃO DE PESSOAL | C11: 858.38 | D11: 858.38 | E11: 1 | F11: 0 | G11: 0 | H11: =G11+E11 -> 1
A12: 3.0 | B12: SERVIÇOS DE ALVENARIA E DRENAGEM - ARES-CONDICIONADOS | C12: 759.67 | D12: 379.84 | E12: 0.5 | F12: 379.84 | G12: 0.5 | H12: =G12+E12 -> 1
A13: 4.0 | B13: SERVIÇOS DE BAIXA TENSÃO | C13: 46800.82 | D13: 23400.41 | E13: 0.5 | F13: 23400.41 | G13: 0.5 | H13: =G13+E13 -> 1
A14: 5.0 | B14: LIMPEZA NO FINAL DA OBRA | C14: 1017.6 | D14: 0 | E14: 0 | F14: 1017.6 | G14: 1 | H14: =G14+E14 -> 1
A15: Total | C15: 114196.79 | D15: 57018.79 | E15: 0.4992 | F15: 57178 | G15: 0.5008 | H15: =G15+E15 -> 1
E16: =RESUMO!A19 -> CÁCERES - MT / 07 DE NOVEMBRO DE 2024

Sheet BDI
A1: SECRETARIA DE ESTADO DE INFRAESTRUTURA E LOGÍSTICA - SINFRA
A3: COMPOSIÇÃO DE BDI PARA SERVIÇOS DE CONSTRUÇÃO E MANUNTEÇÃO DE ESTAÇÕES E REDES DE DISTRIBUIÇÃO DE ENERGIA ELÉTRICA - conforme Acórdão TCU 2622/2013
A4: Para condição de recolhimento de tributos previdenciários NÃO DESONERADA (SERVIÇO)
A5: ITEM COMPONENTE DO BDI | B5: 1° QUARTIL | C5: MÉDIO | D5: 3° QUARTIL | E5: BDI ADOTADO
A6: AC - Administração Central | B6: 0.0529 | C6: 0.0592 | D6: 0.0793 | E6: =C6 -> 0.0592
A7: SG - Seguro e Garantia | B7: 0.0025 | C7: 0.0051 | D7: 0.0056 | E7: =C7 -> 0.0051
A8: R - Risco | B8: 0.01 | C8: 0.0148 | D8: 0.0197 | E8: =C8 -> 0.0148
A9: DF - Despesas Financeiras | B9: 0.0101 | C9: 0.0107 | D9: 0.0111 | E9: =C9 -> 0.0107
A10: L - Lucro | B10: 0.08 | C10: 0.0831 | D10: 0.0951 | E10: =C10 -> 0.0831
A11: I - Impostos | E11: =SUM(E12:E14) -> 0.0565
D12: Alíquota Adotada - Programa de Integração Social (PIS): | E12: 0.0065
D13: Contribuição para o Financiamento da Seguridade Social (COFINS): | E13: 0.03
D14: Imposto Sobre Serviços (ISS)*: | E14: 0.02
D15: Contribuição Previdenciária sobre a Receita Bruta (CPRB)**: | E15: 0.045
D16: BDI: | E16: =TRUNC((((1+E6+E7+E8)*(1+E9)*(1+E10))/(1-E11))-1,4) -> 0.252
A18: A fórmula para estipulação da taxa de BDI adotada:
A22: Onde:
A23: AC: | B23: taxa de administração central;
A24: S: | B24: taxa de seguros;
A25: R: | B25: taxa de riscos;
A26: G: | B26: taxa de garantias;
A27: DF: | B27: taxa de despesas financeiras;
A28: L: | B28: taxa de lucro/remuneração;
A29: I: | B29: taxa de incidência de impostos
B30: (PIS + COFINS + ISS + INSS)
E32: Obs.: As empresas licitantes optantes pelo Simples Nacional deverão apresentar os percentuais de ISS*, PIS e COFINS discriminados
E33: na composição do BDI que sejam compatíveis com as alíquotas que a empresa se enquadra no Anexo IV da Lei Complementar n. 123/2006;
E34: * Lei Municipal 2.536 de 27 de setembro de 2011
E35: **Lei nº 13.161 de 31 de agosto de 2015

Sheet MEMORIAL DE CÁLCULO
A1: SECRETARIA DE ESTADO DE INFRAESTRUTURA E LOGÍSTICA - SINFRA
A2: =RESUMO!A2 -> OBRA: | B2: =RESUMO!B2 -> PROJETO EXECUTIVO DE CLIMATIZAÇÃO - AEROPORTO REGIONAL DE CÁCERES CCX - MT
A3: =RESUMO!A3 -> ENDEREÇO: | B3: =RESUMO!B3 -> AEROPORTO REGIONAL DE CÁCERES, CARRAPATINHO , CÁCERES-MT
A4: =RESUMO!A4 -> MUNICÍPIO: | B4: =RESUMO!B4 -> CÁCERES/MT | D4: =RESUMO!C5 -> Boletim SINAPI / SETEMBRO 2024 (NÃO DESONERADO) | G4: =RESUMO!C3 -> BDI: | H4: =BDI!E16 -> 0.252
A5: =RESUMO!A5 -> ASSUNTO: | B5: =RESUMO!B5 -> PLANILHA ORÇAMENTÁRIA - PROJETO EXECUTIVO DE CLIMATIZAÇÃO - AEROPORTO REGIONAL DE CÁCERES CCX - MT | G5: =RESUMO!C4 -> DATA: | H5: =RESUMO!D4 -> 45603
A7: PLANILHA ORÇAMENTÁRIA
A9: ITEM | B9: CÓDIGO /SINAPI | C9: DESCRIÇÃO | D9: UNIDADE | E9: QUANT. CONTRATO | F9: MEMORIAL DE CÁLCULO
A11: 1.0 | C11: =ORÇAMENTO!C12 -> ADMINISTRAÇÃO LOCAL
A12: 1.1 | B12: =ORÇAMENTO!B12 -> COMP 01 | C12: =ORÇAMENTO!C11 -> ADMINISTRAÇÃO LOCAL | D12: MÊS | E12: 2 | F12: 2 MESES DE OBRA: Considerando: engenheiro 4 horas * 22 dias = 88 hora/mês | 8 horas * 22 dias do servente, auxiliar e eletricista = 176 hora/mês
A13: 2.0 | C13: =ORÇAMENTO!C14 -> MOBILIZAÇÃO E DESMOBILIZAÇÃO DE PESSOAL
A14: 2.1 | B14: COMPMOB | C14: =ORÇAMENTO!C15 -> MOBILIZAÇÃO E DESMOBILIZAÇÃO DE PESSOAL | D14: UND | E14: 1 | F14: COMPMOB - Cotações de mobilização e desmobilização
A15: 3.0 | C15: SERVIÇOS DE ALVENARIA E DRENAGEM - ARES CONDICIONADOS
A16: 3.1 | B16: 89446 | C16: =IF(ISNUMBER(SEARCH("NÃO DESONERADO",RESUMO!$C$5)),VLOOKUP(B16,'COMP SIN ND'!$F$7:$J$7527,2,0),VLOOKUP(B16,'COMP SIN D'!$G$7:$K$7527,2,0)) -> TUBO, PVC, SOLDÁVEL, DE 25MM, INSTALADO EM PRUMADA DE ÁGUA - FORNECIMENTO E INSTALAÇÃO. AF_06/2022 | D16: M | E16: 50 | F16: 5 METROS DE TUBO, PVC 25MM UTILIZADOS POR AR-CONDICIONADO, TOTALIZANDO 50 METROS.
A17: 3.2 | B17: 89364 | C17: =IF(ISNUMBER(SEARCH("NÃO DESONERADO",RESUMO!$C$5)),VLOOKUP(B17,'COMP SIN ND'!$F$7:$J$7527,2,0),VLOOKUP(B17,'COMP SIN D'!$G$7:$K$7527,2,0)) -> CURVA 90 GRAUS, PVC, SOLDÁVEL, DN 25MM, INSTALADO EM RAMAL OU SUB-RAMAL DE ÁGUA - FORNECIMENTO E INSTALAÇÃO. AF_06/2022 | D17: UND | E17: 10 | F17: 1 CURVA PARA CADA 5 METROS DE TUBO PVC 25MM, TOTALIZANDO 10 CURVAS.
A18: 3.3 | B18: 91173 | C18: =IF(ISNUMBER(SEARCH("NÃO DESONERADO",RESUMO!$C$5)),VLOOKUP(B18,'COMP SIN ND'!$F$7:$J$7527,2,0),VLOOKUP(B18,'COMP SIN D'!$G$7:$K$7527,2,0)) -> FIXAÇÃO DE TUBOS VERTICAIS DE PVC ÁGUA, PVC ESGOTO, PVC ÁGUA PLUVIAL, CPVC, PPR, COBRE OU AÇO, DIÂMETROS MENORES OU IGUAIS A 40 MM, COM ABRAÇADEIRA METÁLICA RÍGIDA TIPO U PERFIL 1 1/4", FIXADA EM PERFILADO EM PAREDE. AF_09/2023_PS | D18: M | E18: 50 | F18: 1 METRO DE FIXAÇÃO PARA CADA METRO DE TUDO PVC 25MM, TOTALIZANDO 50 METROS.
A19: 3.4 | B19: 93358 | C19: =IF(ISNUMBER(SEARCH("NÃO DESONERADO",RESUMO!$C$5)),VLOOKUP(B19,'COMP SIN ND'!$F$7:$J$7527,2,0),VLOOKUP(B19,'COMP SIN D'!$G$7:$K$7527,2,0)) -> ESCAVAÇÃO MANUAL DE VALA. AF_09/2024 | D19: M³ | E19: 0.75 | F19: ESCAVAÇÃO REALIZADA PARA PASSAGEM DO ELETRODUTO DE 3'' DA CAIXA DE DERIVAÇÃO EXISTENTE PARA O NOVO QUADRO DE DISTRIBUIÇÃO DA CLIMATIZAÇÃO, ESCAVAÇÃO COMPREENDIDA EM 0,5m DE PROFUDIDADE, 0,3m E 5m DE COMPRIMENTO, LOGO 0,5*0,3*5 = 0,75m³.
A20: 4.0 | C20: SERVIÇOS DE BAIXA TENSÃO
A21: 4.1 | B21: 91926 | C21: =IF(ISNUMBER(SEARCH("NÃO DESONERADO",RESUMO!$C$5)),VLOOKUP(B21,'COMP SIN ND'!$F$7:$J$7527,2,0),VLOOKUP(B21,'COMP SIN D'!$G$7:$K$7527,2,0)) -> CABO DE COBRE FLEXÍVEL ISOLADO, 2,5 MM², ANTI-CHAMA 450/750 V, PARA CIRCUITOS TERMINAIS - FORNECIMENTO E INSTALAÇÃO. AF_03/2023 | D21: M | E21: 650 | F21: CABO UTILIZADO NA ALIMENTAÇÃO DOS CIRCUITOS DOS ARES-CONDICIONADOS DE 9000 BTU's, 12000 BTU's E 18000 BTU's, ALÉM DISSO UTILIZADO PARA AS TOMADAS DAS CORTINAS DE AR E MOTOR DA VENTILAÇÃO. CABOS COMPREENDIDOS EM 120m DE CABO AZUL CLARO, 200m DE CABO BRANCO, 80m CABO PRETO, 50m CABO VERMELHO E 200m DE CABO VERDE, TOTALIZANDO 650 METROS.
A22: 4.2 | B22: 91932 | C22: =IF(ISNUMBER(SEARCH("NÃO DESONERADO",RESUMO!$C$5)),VLOOKUP(B22,'COMP SIN ND'!$F$7:$J$7527,2,0),VLOOKUP(B22,'COMP SIN D'!$G$7:$K$7527,2,0)) -> CABO DE COBRE FLEXÍVEL ISOLADO, 10 MM², ANTI-CHAMA 450/750 V, PARA CIRCUITOS TERMINAIS - FORNECIMENTO E INSTALAÇÃO. AF_03/2023 | D22: M | E22: 830 | F22: CABO UTILIZADO NA ALIMENTAÇÃO DOS CIRCUITOS DOS ARES-CONDICIONADOS DE 60000 BTU's. CABOS COMPREENDIDOS EM 210m DE CABO PRETO, 160m DE CABO BRANCO, 180m DE CABO VERMELHO E 280 METROS DE CABO VERDE E AMARELO , TOTALIZANDO 830 METROS.
A23: 4.3 | B23: 92992 | C23: =IF(ISNUMBER(SEARCH("NÃO DESONERADO",RESUMO!$C$5)),VLOOKUP(B23,'COMP SIN ND'!$F$7:$J$7527,2,0),VLOOKUP(B23,'COMP SIN D'!$G$7:$K$7527,2,0)) -> CABO DE COBRE FLEXÍVEL ISOLADO, 95 MM², ANTI-CHAMA 0,6/1,0 KV, PARA REDE ENTERRADA DE DISTRIBUIÇÃO DE ENERGIA ELÉTRICA - FORNECIMENTO E INSTALAÇÃO. AF_12/2021 | D23: M | E23: 120 | F23: CABO UTILIZADO NA ALIMENTAÇÃO DO QUADRO DE CLIMATIZAÇÃO. CABOS COMPREENDIDOS EM 30m DE CABO PRETO, 30m DE CABO BRANCO, 30m DE CABO VERMELHO E 30m DE CABO AZUL CLARO, TOTALIZANDO 120 METROS.
A24: 4.4 | B24: 92988 | C24: =IF(ISNUMBER(SEARCH("NÃO DESONERADO",RESUMO!$C$5)),VLOOKUP(B24,'COMP SIN ND'!$F$7:$J$7527,2,0),VLOOKUP(B24,'COMP SIN D'!$G$7:$K$7527,2,0)) -> CABO DE COBRE FLEXÍVEL ISOLADO, 50 MM², ANTI-CHAMA 0,6/1,0 KV, PARA REDE ENTERRADA DE DISTRIBUIÇÃO DE ENERGIA ELÉTRICA - FORNECIMENTO E INSTALAÇÃO. AF_12/2021 | D24: M | E24: 30 | F24: CABO UTILIZADO PARA O ATERRAMENTO ENTRE OS QUADROS DE DISTRIBUIÇÃO E O NOVO QUADRO DE CLIMATIZAÇÃO, COMPREENDIDO EM 30m DE CABO VERDE, TOTALIZANDO 30 METROS.
A25: 4.5 | B25: COMP 02 | C25: QUADRO DE PROTEÇÃO EM AÇO GALVANIZADO- SOBREPOR IP 54 | D25: UND | E25: 1 | F25: 1 QUADRO DE DISTRIBUIÇÃO PARA DISTRIBUIÇÃO DOS NOVOS CIRCUITOS DE CLIMATIZAÇÃO.
A26: 4.6 | B26: 93662 | C26: =IF(ISNUMBER(SEARCH("NÃO DESONERADO",RESUMO!$C$5)),VLOOKUP(B26,'COMP SIN ND'!$F$7:$J$7527,2,0),VLOOKUP(B26,'COMP SIN D'!$G$7:$K$7527,2,0)) -> DISJUNTOR BIPOLAR TIPO DIN, CORRENTE NOMINAL DE 20A - FORNECIMENTO E INSTALAÇÃO. AF_10/2020 | D26: UND | E26: 1 | F26: 1 DISJUNTOR UTILIZADO PARA PROTEÇÃO DO CIRCUITO QUE ALIMENTA AS TOMADAS UTILIZADAS PARA AS CORTINAS DE AR.
A27: 4.7 | B27: 93655 | C27: =IF(ISNUMBER(SEARCH("NÃO DESONERADO",RESUMO!$C$5)),VLOOKUP(B27,'COMP SIN ND'!$F$7:$J$7527,2,0),VLOOKUP(B27,'COMP SIN D'!$G$7:$K$7527,2,0)) -> DISJUNTOR MONOPOLAR TIPO DIN, CORRENTE NOMINAL DE 20A - FORNECIMENTO E INSTALAÇÃO. AF_10/2020 | D27: UND | E27: 3 | F27: 3 DISJUNTORES PARA PROTEÇÃO DOS CIRCUITOS QUE ALIMENTAM OS ARES-CONDICIONADOS DE 9000 BTU's, 12000 BTU's E 18000 BTU's.
A28: 4.8 | B28: 93669 | C28: =IF(ISNUMBER(SEARCH("NÃO DESONERADO",RESUMO!$C$5)),VLOOKUP(B28,'COMP SIN ND'!$F$7:$J$7527,2,0),VLOOKUP(B28,'COMP SIN D'!$G$7:$K$7527,2,0)) -> DISJUNTOR TRIPOLAR TIPO DIN, CORRENTE NOMINAL DE 20A - FORNECIMENTO E INSTALAÇÃO. AF_10/2020 | D28: UND | E28: 1 | F28: 1 DISJUNTOR UTILIZADO PARA PROTEÇÃO DO CIRCUITO QUE ALIMENTA O MOTOR UTILIZADO NA MAQUINA DE VENTILAÇÃO.
A29: 4.9 | B29: 93666 | C29: =IF(ISNUMBER(SEARCH("NÃO DESONERADO",RESUMO!$C$5)),VLOOKUP(B29,'COMP SIN ND'!$F$7:$J$7527,2,0),VLOOKUP(B29,'COMP SIN D'!$G$7:$K$7527,2,0)) -> DISJUNTOR BIPOLAR TIPO DIN, CORRENTE NOMINAL DE 50A - FORNECIMENTO E INSTALAÇÃO. AF_10/2020 | D29: UND | E29: 7 | F29: 7 DISJUNTORES PARA PROTEÇÃO DOS CIRCUITOS QUE ALIMENTAM OS ARES-CONDICIONADOS DE 60000 BTU's.
A30: 4.10 | B30: 101896 | C30: =IF(ISNUMBER(SEARCH("NÃO DESONERADO",RESUMO!$C$5)),VLOOKUP(B30,'COMP SIN ND'!$F$7:$J$7527,2,0),VLOOKUP(B30,'COMP SIN D'!$G$7:$K$7527,2,0)) -> DISJUNTOR TERMOMAGNÉTICO TRIPOLAR , CORRENTE NOMINAL DE 200A - FORNECIMENTO E INSTALAÇÃO. AF_10/2020 | D30: UND | E30: 2 | F30: 1 DISJUNTOR UTILIZADO NO QUADRO PRINCIPAL PARA ALIMENTAR O QUADRO DE CLIMATIZAÇÃO E UM UTILIZADO NO GERAL DO QUADRO DE CLIMATIZAÇÃO.
A31: 4.11 | B31: COMP 03 | C31: DISPOSITIVO DPS CLASSE II, 1 POLO, TENSÃO MÁXIMA DE 175V, CORRENTE MÁXIMA DE 45 KA (TIPO AC) | D31: UND | E31: 4 | F31: 4 DPS's UTILIZADOS NO NOVO QUADRO DE CLIMATIZAÇÃO.
A32: 4.12 | B32: 91854 | C32: =IF(ISNUMBER(SEARCH("NÃO DESONERADO",RESUMO!$C$5)),VLOOKUP(B32,'COMP SIN ND'!$F$7:$J$7527,2,0),VLOOKUP(B32,'COMP SIN D'!$G$7:$K$7527,2,0)) -> ELETRODUTO FLEXÍVEL CORRUGADO, PVC, DN 25 MM (3/4"), PARA CIRCUITOS TERMINAIS, INSTALADO EM PAREDE - FORNECIMENTO E INSTALAÇÃO. AF_03/2023 | D32: M | E32: 50 | F32: ELETRODUTO UTILIZADO PARA PASSAGEM DOS CABOS DE ALIMENTAÇÃO EM TRECHOS QUE A INFRAESTRUTURA ATUAL NÃO CONTEMPLA, TOTALIZANDO 50m.
A33: 4.13 | B33: 97669 | C33: =IF(ISNUMBER(SEARCH("NÃO DESONERADO",RESUMO!$C$5)),VLOOKUP(B33,'COMP SIN ND'!$F$7:$J$7527,2,0),VLOOKUP(B33,'COMP SIN D'!$G$7:$K$7527,2,0)) -> ELETRODUTO FLEXÍVEL CORRUGADO, PEAD, DN 90 (3"), PARA REDE ENTERRADA DE DISTRIBUIÇÃO DE ENERGIA ELÉTRICA - FORNECIMENTO E INSTALAÇÃO. AF_12/2021 | D33: M | E33: 10 | F33: ELETRODUTO UTILIZADO PARA PASSAGEM DOS CABOS QUE SAEM DA CAIXA DE DERIVAÇÃO ATÉ O NOVO QUADRO DE CLIMATIZAÇÃO, TOTALIZANDO 10m.
A34: 4.14 | B34: 91939 | C34: =IF(ISNUMBER(SEARCH("NÃO DESONERADO",RESUMO!$C$5)),VLOOKUP(B34,'COMP SIN ND'!$F$7:$J$7527,2,0),VLOOKUP(B34,'COMP SIN D'!$G$7:$K$7527,2,0)) -> CAIXA RETANGULAR 4" X 2" ALTA (2,00 M DO PISO), PVC, INSTALADA EM PAREDE - FORNECIMENTO E INSTALAÇÃO. AF_03/2023 | D34: UND | E34: 17 | F34: CAIXAS UTILIZADAS PARA OS NOVOS CIRCUITOS DE CLIMATIZAÇÃO, COMPREENDIDAS EM 10 CAIXAS PARA OS ARES-CONDICIONADOS, 1 CAIXA PARA MOTOR DA VENTILAÇÃO E 6 CAIXAS PARA AS TOMADAS DAS CORTINAS DE AR, TOTALIZANDO 17.
A35: 4.15 | B35: 91992 | C35: =IF(ISNUMBER(SEARCH("NÃO DESONERADO",RESUMO!$C$5)),VLOOKUP(B35,'COMP SIN ND'!$F$7:$J$7527,2,0),VLOOKUP(B35,'COMP SIN D'!$G$7:$K$7527,2,0)) -> TOMADA ALTA DE EMBUTIR (1 MÓDULO), 2P+T 10 A, INCLUINDO SUPORTE E PLACA - FORNECIMENTO E INSTALAÇÃO. AF_03/2023 | D35: UND | E35: 6 | F35: TOMADAS UTILIZADAS PARA LIGAÇÃO DAS CORTINAS DE AR, TOTALIZANDO 6.
A36: 4.16 | B36: COMP 04 | C36: ELETROCALHA METÁLICA PERFURADA 150X50X3000MM | D36: UND | E36: 1 | F36: 3 METROS DE ELETROCALHA UTILIZADO PARA INTERLIGAR A INFRAESTRUTURA EXISTENTE ATÉ O NOVO QUADRO INSTALADO.
A37: 4.17 | B37: COMP 05 | C37: PERFILADO PERFURADO SIMPLES 38 X 38 MM, CHAPA 22 | D37: M | E37: 6 | F37: 6 METROS UTILIZADOS PARA PARA PASSAGEM DOS NOVOS CIRCUITOS EM TRECHO QUE A INFRAESTRUTURA ATUAL NÃO ATENDE.
A38: 4.18 | B38: COMP 06 | C38: PLACA 4X2'' COM FURO | D38: UND | E38: 11 | F38: 10 PLACAS UTILIZADAS NAS CAIXAS 4X2" QUE ENTREGAM OS CIRCUITOS PARA OS ARES-CONDICIONADOS E 1 PLACA PARA ENTREGA DO CIRCUITO PARA O MOTOR DE VENTILAÇÃO DE 1CV.
A39: 4.19 | B39: COMP 07 | C39: SAÍDA HORIZONTAL PRÉ-GALVANIZADA PARA ELETRODUTO 3/4'' | D39: UND | E39: 14 | F39: 14 PONTOS DE SAÍDA DA INFRAESTRUTURA EXISTENTE E PROJETADA.
A40: 4.20 | B40: COMP 08 | C40: TAMPA DE ENCAIXE 150X3000MM, ZINCADA PARA ELETROCALHA METÁLICA | D40: UND | E40: 1 | F40: TAMPA UTILIZADA PARA O TRECHO DA ELETROCALHA INSTALADA PARA INTERLIGAR O NOVO QUADRO DA CLIMATIZAÇÃO A INFRAESTRUTURA EXISTENTE.
A41: 4.21 | B41: COMP 09 | C41: FITA ISOLANTE ADESIVA ANTICHAMA, EM ROLO DE 19MMX20M | D41: UND | E41: 5 | F41: 5 ROLOS UTILIZADOS PARA REALIZAR DERIVAÇÕES E CONEXÕES ENTRE OS CABOS DA BAIXA TENSÃO DE MESMA SEÇÃO ATÉ 10mm².
A42: 4.22 | B42: COMP 10 | C42: TÊ HORIZONTAL 90°, PARA ELETROCALHA PERFURADA OU LISA, 150X50MM, PRÉ-ZINCADA | D42: UND | E42: 1 | F42: 1 TÊ PARA DERIVAÇÃO DA INFRAESTRUTURA EXISTENTE DE ELETROCALHA ATÉ O QUADRO NOVO DA CLIMATIZAÇÃO.
A43: 4.23 | B43: COMP 11 | C43: CURVA DE INVERSÃO 90°, PARA ELETROCALHA PERFURADA OU LISA, 150X75MM | D43: UND | E43: 1 | F43: CURVA UTLIZADA PARA DESCIDA DA ELETROCALHA ATÉ O QUADRO NOVO DA CLIMATIZAÇÃO.
A44: 5.0 | C44: SERVIÇOS FINAIS
A45: 5.1 | B45: =ORÇAMENTO!B50 -> COMP 12 | C45: =ORÇAMENTO!C50 -> LIMPEZA NO FINAL DA OBRA | D45: H | E45: 40 | F45: LIMPEZA NO FINAL DA OBRA - 8H/DIA X 5 DIAS = 40H.

Sheet CURVA ABC
A1: SECRETARIA DE ESTADO DE INFRAESTRUTURA E LOGÍSTICA - SINFRA
I13: CLASSE | J13: % | K13: Proporção de Itens | L13: Proporção de Valores
I15: A | J15: 0.8 | K15: =COUNTIF($J$22:$J$50,I15)/COUNTA($J$22:$J$50) -> 0.034482759 | L15: =SUMIF($J$22:$J$50,I15,$G$22:$G$50) -> 0.15808238
I16: B | J16: 0.85 | K16: =COUNTIF($J$22:$J$50,I16)/COUNTA($J$22:$J$50) -> 0 | L16: =SUMIF($J$22:$J$50,I16,$G$22:$G$50) -> 0
I17: C | J17: 1 | K17: =COUNTIF($J$22:$J$50,I17)/COUNTA($J$22:$J$50) -> 0.96551724 | L17: =SUMIF($J$22:$J$50,I17,$G$22:$G$50) -> 0.27482357
A19: DESCRIÇÃO | B19: UNIDADE | C19: QUANT. | D19: VALOR UNITÁRIO | E19: VALOR UNITÁRIO COM BDI | F19: VALOR TOTAL | G19: % | H19: Valor acumulado | J19: CLASSE
H20: R$ | I20: %AC
A21: =COMPOSIÇÕES!D150 -> ADMINISTRAÇÃO LOCAL | B21: UND | C21: 2 | D21: =ORÇAMENTO!F12 -> 25862.75 | E21: =ORÇAMENTO!G12 -> 32380.16 | F21: =ORÇAMENTO!H12 -> 64760.32 | G21: =F21/$F$52 -> 0.56709405 | H21: =F21 -> 64760.32 | I21: =G21 -> 0.56709405 | J21: =IF(I21<$J$15,$I$15,IF(I21<$J$16,$I$16,$I$17)) -> A
A22: =ORÇAMENTO!C26 -> CABO DE COBRE FLEXÍVEL ISOLADO, 10,0 MM², ANTI-CHAMA 450/750 V, PARA CIRCUITOS TERMINAIS - FORNECIMENTO E INSTALAÇÃO. AF_03/2024 | B22: =ORÇAMENTO!D26 -> M | C22: =ORÇAMENTO!E26 -> 830 | D22: =ORÇAMENTO!F26 -> 17.38 | E22: =ORÇAMENTO!G26 -> 21.75 | F22: =ORÇAMENTO!H26 -> 18052.5 | G22: =F22/$F$52 -> 0.15808238 | H22: =F22+H21 -> 82812.82 | I22: =G22+I21 -> 0.72517643 | J22: =IF(I22<$J$15,$I$15,IF(I22<$J$16,$I$16,$I$17)) -> A
A23: =ORÇAMENTO!C27 -> CABO DE COBRE FLEXÍVEL ISOLADO, 95,0 MM², ANTI-CHAMA 0,6/1 KV, PARA CIRCUITOS TERMINAIS - FORNECIMENTO E INSTALAÇÃO. AF_03/2024 | B23: =ORÇAMENTO!D27 -> M | C23: =ORÇAMENTO!E27 -> 120 | D23: =ORÇAMENTO!F27 -> 105.67 | E23: =ORÇAMENTO!G27 -> 132.29 | F23: =ORÇAMENTO!H27 -> 15874.8 | G23: =F23/$F$52 -> 0.13901266 | H23: =F23+H22 -> 98687.62 | I23: =G23+I22 -> 0.86418909 | J23: =IF(I23<$J$15,$I$15,IF(I23<$J$16,$I$16,$I$17)) -> C
A24: =ORÇAMENTO!C25 -> CABO DE COBRE FLEXÍVEL ISOLADO, 2,5 MM², ANTI-CHAMA 450/750 V, PARA CIRCUITOS TERMINAIS - FORNECIMENTO E INSTALAÇÃO. AF_03/2023 | B24: =ORÇAMENTO!D25 -> M | C24: =ORÇAMENTO!E25 -> 650 | D24: =ORÇAMENTO!F25 -> 4.43 | E24: =ORÇAMENTO!G25 -> 5.54 | F24: =ORÇAMENTO!H25 -> 3601 | G24: =F24/$F$52 -> 0.031533286 | H24: =F24+H23 -> 102288.62 | I24: =G24+I23 -> 0.89572238 | J24: =IF(I24<$J$15,$I$15,IF(I24<$J$16,$I$16,$I$17)) -> C
A25: =ORÇAMENTO!C28 -> CABO DE COBRE FLEXÍVEL ISOLADO, 50,0 MM², ANTI-CHAMA 0,6/1 KV, PARA CIRCUITOS TERMINAIS - FORNECIMENTO E INSTALAÇÃO. AF_03/2025 | B25: =ORÇAMENTO!D28 -> M | C25: =ORÇAMENTO!E28 -> 30 | D25: =ORÇAMENTO!F28 -> 58.94 | E25: =ORÇAMENTO!G28 -> 73.79 | F25: =ORÇAMENTO!H28 -> 2213.7 | G25: =F25/$F$52 -> 0.019384958 | H25: =F25+H24 -> 104502.32 | I25: =G25+I24 -> 0.91510733 | J25: =IF(I25<$J$15,$I$15,IF(I25<$J$16,$I$16,$I$17)) -> C
A26: =ORÇAMENTO!C34 -> DISJUNTOR TERMOMAGNÉTICO TRIPOLAR , CORRENTE NOMINAL DE 200A - FORNECIMENTO E INSTALAÇÃO. AF_10/2020 | B26: =ORÇAMENTO!D34 -> UND | C26: =ORÇAMENTO!E34 -> 2 | D26: =ORÇAMENTO!F34 -> 645.52 | E26: =ORÇAMENTO!G34 -> 808.19 | F26: =ORÇAMENTO!H34 -> 1616.38 | G26: =F26/$F$52 -> 0.014154338 | H26: =F26+H25 -> 106118.7 | I26: =G26+I25 -> 0.92926167 | J26: =IF(I26<$J$15,$I$15,IF(I26<$J$16,$I$16,$I$17)) -> C
A27: =ORÇAMENTO!C50 -> LIMPEZA NO FINAL DA OBRA | B27: =ORÇAMENTO!D50 -> H | C27: =ORÇAMENTO!E50 -> 40 | D27: =ORÇAMENTO!F50 -> 20.32 | E27: =ORÇAMENTO!G50 -> 25.44 | F27: =ORÇAMENTO!H50 -> 1017.6 | G27: =F27/$F$52 -> 0.0089109335 | H27: =F27+H26 -> 107136.3 | I27: =G27+I26 -> 0.93817261 | J27: =IF(I27<$J$15,$I$15,IF(I27<$J$16,$I$16,$I$17)) -> C
A28: =ORÇAMENTO!C29 -> QUADRO DE PROTEÇÃO EM AÇO GALVANIZADO- SOBREPOR IP 54 | B28: =ORÇAMENTO!D29 -> UND | C28: =ORÇAMENTO!E29 -> 1 | D28: =ORÇAMENTO!F29 -> 792.69 | E28: =ORÇAMENTO!G29 -> 992.44 | F28: =ORÇAMENTO!H29 -> 992.44 | G28: =F28/$F$52 -> 0.0086906121 | H28: =F28+H27 -> 108128.74 | I28: =G28+I27 -> 0.94686322 | J28: =IF(I28<$J$15,$I$15,IF(I28<$J$16,$I$16,$I$17)) -> C
A29: =ORÇAMENTO!C15 -> MOBILIZAÇÃO E DESMOBILIZAÇÃO DE PESSOAL | B29: =ORÇAMENTO!D15 -> UND | C29: =ORÇAMENTO!E15 -> 1 | D29: =ORÇAMENTO!F15 -> 685.61 | E29: =ORÇAMENTO!G15 -> 858.38 | F29: =ORÇAMENTO!H15 -> 858.38 | G29: =F29/$F$52 -> 0.0075166736 | H29: =F29+H28 -> 108987.12 | I29: =G29+I28 -> 0.95437989 | J29: =IF(I29<$J$15,$I$15,IF(I29<$J$16,$I$16,$I$17)) -> C
A30: =ORÇAMENTO!C33 -> DISJUNTOR BIPOLAR TIPO DIN, CORRENTE NOMINAL DE 50A - FORNECIMENTO E INSTALAÇÃO. AF_10/2020 | B30: =ORÇAMENTO!D33 -> UND | C30: =ORÇAMENTO!E33 -> 7 | D30: =ORÇAMENTO!F33 -> 74.22 | E30: =ORÇAMENTO!G33 -> 92.92 | F30: =ORÇAMENTO!H33 -> 650.44 | G30: =F30/$F$52 -> 0.0056957818 | H30: =F30+H29 -> 109637.56 | I30: =G30+I29 -> 0.96007567 | J30: =IF(I30<$J$15,$I$15,IF(I30<$J$16,$I$16,$I$17)) -> C
A31: =ORÇAMENTO!C35 -> DISPOSITIVO DPS CLASSE II, 1 POLO, TENSÃO MÁXIMA DE 175V, CORRENTE MÁXIMA DE 45 KA (TIPO AC) | B31: =ORÇAMENTO!D35 -> UND | C31: =ORÇAMENTO!E35 -> 4 | D31: =ORÇAMENTO!F35 -> 120.58 | E31: =ORÇAMENTO!G35 -> 150.96 | F31: =ORÇAMENTO!H35 -> 603.84 | G31: =F31/$F$52 -> 0.0052877143 | H31: =F31+H30 -> 110241.4 | I31: =G31+I30 -> 0.96536339 | J31: =IF(I31<$J$15,$I$15,IF(I31<$J$16,$I$16,$I$17)) -> C
A32: =ORÇAMENTO!C38 -> CAIXA RETANGULAR 4" X 2" ALTA (2,00 M DO PISO), PVC, INSTALADA EM PAREDE - FORNECIMENTO E INSTALAÇÃO. AF_03/2023 | B32: =ORÇAMENTO!D38 -> UND | C32: =ORÇAMENTO!E38 -> 17 | D32: =ORÇAMENTO!F38 -> 30.17 | E32: =ORÇAMENTO!G38 -> 37.77 | F32: =ORÇAMENTO!H38 -> 642.09 | G32: =F32/$F$52 -> 0.0056226624 | H32: =F32+H31 -> 110883.49 | I32: =G32+I31 -> 0.97098605 | J32: =IF(I32<$J$15,$I$15,IF(I32<$J$16,$I$16,$I$17)) -> C
A33: =ORÇAMENTO!C36 -> ELETRODUTO FLEXÍVEL CONRRUGADO, PVC, DN 25MM (3/4''), PARA CIRCUITOS TERMINAIS - INSTALADO EM PAREDE | B33: =ORÇAMENTO!D36 -> M | C33: =ORÇAMENTO!E36 -> 50 | D33: =ORÇAMENTO!F36 -> 9.36 | E33: =ORÇAMENTO!G36 -> 11.71 | F33: =ORÇAMENTO!H36 -> 585.5 | G33: =F33/$F$52 -> 0.0051271143 | H33: =F33+H32 -> 111468.99 | I33: =G33+I32 -> 0.97611316 | J33: =IF(I33<$J$15,$I$15,IF(I33<$J$16,$I$16,$I$17)) -> C
A34: =ORÇAMENTO!C41 -> PERFILADO PERFURADO SIMPLES 38 X 38 MM, CHAPA 22 | B34: =ORÇAMENTO!D41 -> M | C34: =ORÇAMENTO!E41 -> 6 | D34: =ORÇAMENTO!F41 -> 56.73 | E34: =ORÇAMENTO!G41 -> 71.02 | F34: =ORÇAMENTO!H41 -> 426.12 | G34: =F34/$F$52 -> 0.0037314534 | H34: =F34+H33 -> 111895.11 | I34: =G34+I33 -> 0.97984462 | J34: =IF(I34<$J$15,$I$15,IF(I34<$J$16,$I$16,$I$17)) -> C
A35: =ORÇAMENTO!C18 -> TUBO, PVC, SOLDÁVEL, DE 25MM, INSTALADO EM PRUMADA DE ÁGUA - FORNECIMENTO E INSTALAÇÃO. AF_06/2022 | B35: =ORÇAMENTO!D18 -> M | C35: =ORÇAMENTO!E18 -> 50 | D35: =ORÇAMENTO!F18 -> 4.99 | E35: =ORÇAMENTO!G18 -> 6.24 | F35: =ORÇAMENTO!H18 -> 312 | G35: =F35/$F$52 -> 0.0027321258 | H35: =F35+H34 -> 112207.11 | I35: =G35+I34 -> 0.98257674 | J35: =IF(I35<$J$15,$I$15,IF(I35<$J$16,$I$16,$I$17)) -> C
A36: =ORÇAMENTO!C39 -> TOMADA ALTA DE EMBUTIR (1 MÓDULO), 2P+T 10 A, INCLUINDO SUPORTE E PLACA - FORNECIMENTO E INSTALAÇÃO. AF_03/2023 | B36: =ORÇAMENTO!D39 -> UND | C36: =ORÇAMENTO!E39 -> 6 | D36: =ORÇAMENTO!F39 -> 42.13 | E36: =ORÇAMENTO!G39 -> 52.74 | F36: =ORÇAMENTO!H39 -> 316.44 | G36: =F36/$F$52 -> 0.0027710061 | H36: =F36+H35 -> 112523.55 | I36: =G36+I35 -> 0.98534775 | J36: =IF(I36<$J$15,$I$15,IF(I36<$J$16,$I$16,$I$17)) -> C
A37: =ORÇAMENTO!C20 -> FIXAÇÃO DE TUBOS VERTICAIS DE PVC ÁGUA, PVC ESGOTO, PVC ÁGUA PLUVIAL, CPVC, PPR, COBRE OU AÇO, DIÂMETROS MENORES OU IGUAIS A 40 MM, COM ABRAÇADEIRA METÁLICA RÍGIDA TIPO U PERFIL 1 1/4", FIXADA EM PERFILADO EM PAREDE. AF_09/2023_PS | B37: =ORÇAMENTO!D20 -> M | C37: =ORÇAMENTO!E20 -> 50 | D37: =ORÇAMENTO!F20 -> 3.72 | E37: =ORÇAMENTO!G20 -> 4.65 | F37: =ORÇAMENTO!H20 -> 232.5 | G37: =F37/$F$52 -> 0.0020359592 | H37: =F37+H36 -> 112756.05 | I37: =G37+I36 -> 0.98738371 | J37: =IF(I37<$J$15,$I$15,IF(I37<$J$16,$I$16,$I$17)) -> C
A38: =ORÇAMENTO!C37 -> ELETRODUTO FLEXÍVEL CORRUGADO, PEAD, DN 90 (3"), PARA REDE ENTERRADA DE DISTRIBUIÇÃO DE ENERGIA ELÉTRICA - FORNECIMENTO E INSTALAÇÃO. AF_12/2021 | B38: =ORÇAMENTO!D37 -> M | C38: =ORÇAMENTO!E37 -> 10 | D38: =ORÇAMENTO!F37 -> 16.58 | E38: =ORÇAMENTO!G37 -> 20.75 | F38: =ORÇAMENTO!H37 -> 207.5 | G38: =F38/$F$52 -> 0.0018170388 | H38: =F38+H37 -> 112963.55 | I38: =G38+I37 -> 0.98920075 | J38: =IF(I38<$J$15,$I$15,IF(I38<$J$16,$I$16,$I$17)) -> C
A39: =ORÇAMENTO!C43 -> SAÍDA HORIZONTAL PRÉ-GALVANIZADA PARA ELETRODUTO 3/4'' | B39: =ORÇAMENTO!D43 -> UND | C39: =ORÇAMENTO!E43 -> 14 | D39: =ORÇAMENTO!F43 -> 11.61 | E39: =ORÇAMENTO!G43 -> 14.53 | F39: =ORÇAMENTO!H43 -> 203.42 | G39: =F39/$F$52 -> 0.001781311 | H39: =F39+H38 -> 113166.97 | I39: =G39+I38 -> 0.99098206 | J39: =IF(I39<$J$15,$I$15,IF(I39<$J$16,$I$16,$I$17)) -> C
A40: =ORÇAMENTO!C40 -> ELETROCALHA METÁLICA PERFURADA 150X50X3000MM | B40: =ORÇAMENTO!D40 -> UND | C40: =ORÇAMENTO!E40 -> 1 | D40: =ORÇAMENTO!F40 -> 133.64 | E40: =ORÇAMENTO!G40 -> 167.31 | F40: =ORÇAMENTO!H40 -> 167.31 | G40: =F40/$F$52 -> 0.0014651025 | H40: =F40+H39 -> 113334.28 | I40: =G40+I39 -> 0.99244716 | J40: =IF(I40<$J$15,$I$15,IF(I40<$J$16,$I$16,$I$17)) -> C
A41: =ORÇAMENTO!C19 -> CURVA 90 GRAUS, PVC, SOLDÁVEL, DN 25MM, INSTALADO EM RAMAL OU SUB-RAMAL DE ÁGUA - FORNECIMENTO E INSTALAÇÃO. AF_06/2022 | B41: =ORÇAMENTO!D19 -> UND | C41: =ORÇAMENTO!E19 -> 10 | D41: =ORÇAMENTO!F19 -> 11.16 | E41: =ORÇAMENTO!G19 -> 13.97 | F41: =ORÇAMENTO!H19 -> 139.7 | G41: =F41/$F$52 -> 0.0012233269 | H41: =F41+H40 -> 113473.98 | I41: =G41+I40 -> 0.99367049 | J41: =IF(I41<$J$15,$I$15,IF(I41<$J$16,$I$16,$I$17)) -> C
A42: =ORÇAMENTO!C45 -> FITA ISOLANTE ADESIVA ANTICHAMA, EM ROLO DE 19MMX20M | B42: =ORÇAMENTO!D45 -> UND | C42: =ORÇAMENTO!E45 -> 5 | D42: =ORÇAMENTO!F45 -> 17.36 | E42: =ORÇAMENTO!G45 -> 21.73 | F42: =ORÇAMENTO!H45 -> 108.65 | G42: =F42/$F$52 -> 0.00095142779 | H42: =F42+H41 -> 113582.63 | I42: =G42+I41 -> 0.99462192 | J42: =IF(I42<$J$15,$I$15,IF(I42<$J$16,$I$16,$I$17)) -> C
A43: =ORÇAMENTO!C32 -> DISJUNTOR TRIPOLAR TIPO DIN, CORRENTE NOMINAL DE 20A - FORNECIMENTO E INSTALAÇÃO. AF_10/2020 | B43: =ORÇAMENTO!D32 -> UND | C43: =ORÇAMENTO!E32 -> 1 | D43: =ORÇAMENTO!F32 -> 77.84 | E43: =ORÇAMENTO!G32 -> 97.45 | F43: =ORÇAMENTO!H32 -> 97.45 | G43: =F43/$F$52 -> 0.00085335148 | H43: =F43+H42 -> 113680.08 | I43: =G43+I42 -> 0.99547527 | J43: =IF(I43<$J$15,$I$15,IF(I43<$J$16,$I$16,$I$17)) -> C
A44: =ORÇAMENTO!C42 -> PLACA 4X2'' COM FURO | B44: =ORÇAMENTO!D42 -> UND | C44: =ORÇAMENTO!E42 -> 11 | D44: =ORÇAMENTO!F42 -> 6.91 | E44: =ORÇAMENTO!G42 -> 8.65 | F44: =ORÇAMENTO!H42 -> 95.15 | G44: =F44/$F$52 -> 0.00083321081 | H44: =F44+H43 -> 113775.23 | I44: =G44+I43 -> 0.99630848 | J44: =IF(I44<$J$15,$I$15,IF(I44<$J$16,$I$16,$I$17)) -> C
A45: =ORÇAMENTO!C30 -> DISJUNTOR BIPOLAR TIPO DIN, CORRENTE NOMINAL DE 20A - FORNECIMENTO E INSTALAÇÃO. AF_10/2020 | B45: =ORÇAMENTO!D30 -> UND | C45: =ORÇAMENTO!E30 -> 1 | D45: =ORÇAMENTO!F30 -> 61.37 | E45: =ORÇAMENTO!G30 -> 76.83 | F45: =ORÇAMENTO!H30 -> 76.83 | G45: =F45/$F$52 -> 0.00067278599 | H45: =F45+H44 -> 113852.06 | I45: =G45+I44 -> 0.99698126 | J45: =IF(I45<$J$15,$I$15,IF(I45<$J$16,$I$16,$I$17)) -> C
A46: =ORÇAMENTO!C44 -> TAMPA DE ENCAIXE 150X3000MM, ZINCADA PARA ELETROCALHA METÁLICA | B46: =ORÇAMENTO!D44 -> UND | C46: =ORÇAMENTO!E44 -> 1 | D46: =ORÇAMENTO!F44 -> 60.76 | E46: =ORÇAMENTO!G44 -> 76.07 | F46: =ORÇAMENTO!H44 -> 76.07 | G46: =F46/$F$52 -> 0.00066613081 | H46: =F46+H45 -> 113928.13 | I46: =G46+I45 -> 0.99764739 | J46: =IF(I46<$J$15,$I$15,IF(I46<$J$16,$I$16,$I$17)) -> C
A47: =ORÇAMENTO!C47 -> CURVA DE INVERSÃO 90°, PARA ELETROCALHA PERFURADA OU LISA, 150X75MM | B47: =ORÇAMENTO!D47 -> UND | C47: =ORÇAMENTO!E47 -> 1 | D47: =ORÇAMENTO!F47 -> 57.91 | E47: =ORÇAMENTO!G47 -> 72.5 | F47: =ORÇAMENTO!H47 -> 72.5 | G47: =F47/$F$52 -> 0.00063486898 | H47: =F47+H46 -> 114000.63 | I47: =G47+I46 -> 0.99828226 | J47: =IF(I47<$J$15,$I$15,IF(I47<$J$16,$I$16,$I$17)) -> C
A48: =ORÇAMENTO!C21 -> ESCAVAÇÃO MANUAL DE VALA. AF_09/2024 | B48: =ORÇAMENTO!D21 -> M³ | C48: =ORÇAMENTO!E21 -> 0.75 | D48: =ORÇAMENTO!F21 -> 80.38 | E48: =ORÇAMENTO!G21 -> 100.63 | F48: =ORÇAMENTO!H21 -> 75.47 | G48: =F48/$F$52 -> 0.00066087672 | H48: =F48+H47 -> 114076.1 | I48: =G48+I47 -> 0.99894314 | J48: =IF(I48<$J$15,$I$15,IF(I48<$J$16,$I$16,$I$17)) -> C
A49: =ORÇAMENTO!C46 -> TÊ HORIZONTAL 90°, PARA ELETROCALHA PERFURADA OU LISA, 150X50MM, PRÉ-ZINCADA | B49: =ORÇAMENTO!D46 -> UND | C49: =ORÇAMENTO!E46 -> 1 | D49: =ORÇAMENTO!F46 -> 54.95 | E49: =ORÇAMENTO!G46 -> 68.79 | F49: =ORÇAMENTO!H46 -> 68.79 | G49: =F49/$F$52 -> 0.00060238121 | H49: =F49+H48 -> 114144.89 | I49: =G49+I48 -> 0.99954552 | J49: =IF(I49<$J$15,$I$15,IF(I49<$J$16,$I$16,$I$17)) -> C
A50: =ORÇAMENTO!C31 -> DISJUNTOR MONOPOLAR TIPO DIN, CORRENTE NOMINAL DE 20A - FORNECIMENTO E INSTALAÇÃO. AF_10/2020 | B50: =ORÇAMENTO!D31 -> UND | C50: =ORÇAMENTO!E31 -> 3 | D50: =ORÇAMENTO!F31 -> 13.82 | E50: =ORÇAMENTO!G31 -> 17.3 | F50: =ORÇAMENTO!H31 -> 51.9 | G50: =F50/$F$52 -> 0.00045447862 | H50: =F50+H49 -> 114196.79 | I50: =G50+I49 -> 1 | J50: =IF(I50<$J$15,$I$15,IF(I50<$J$16,$I$16,$I$17)) -> C
E52: TOTAL: | F52: =SUM(F21:F50) -> 114196.79

Sheet COMPMOB
C5: COMPMOB

Sheet COTAÇÕES

Sheet COMP SIN ND
A1: PCI.817.01 - CUSTO DE COMPOSIÇÕES - SINTÉTICO DATA DE EMISSÃO: 12/07/2024 23:41:04 DATA DE RT: 12/07/2024
A2: ENCARGOS SOCIAIS SOBRE PREÇOS DA MÃO-DE-OBRA: 106,84%(HORA) 65,40%(MÊS)
A3: ABRANGÊNCIA : NACIONAL LOCALIDADE : CUIABA DATA DE PREÇO : 06/2024 REFERÊNCIA COLETA : MEDIANO
A5: DESCRICAO DA CLASSE | B5: SIGLA DA CLASSE | C5: DESCRICAO DO TIPO 1 | D5: SIGLA DO TIPO 1 | E5: CODIGO DO AGRUPADOR | F5: CODIGO DA COMPOSICAO | G5: DESCRICAO DA COMPOSICAO | H5: UNIDADE | I5: ORIGEM DE PREÇO | J5: CUSTO TOTAL | K5: VINCULO | L5: CUSTO TOTAL | M5: VINCULO
A7: ASSENTAMENTO DE TUBOS E PECAS | B7: ASTU | C7: FORNEC E/OU ASSENT DE TUBO DE FERRO FUNDIDO JUNTA ELASTICA | D7: 0045 | F7: 97141 | G7: ASSENTAMENTO DE TUBO DE FERRO FUNDIDO PARA REDE DE ÁGUA, DN 80 MM, JUNTA ELÁSTICA, INSTALADO EM LOCAL COM NÍVEL ALTO DE INTERFERÊNCIAS (NÃO INCLUI FORNECIMENTO). AF_05/2024 | H7: M | I7: ATRIBUÍDO SÃO PAULO | J7: 4 | K7: CAIXA REFERENCIAL | L7: 4 | M7: CAIXA REFERENCIAL
A8: ASSENTAMENTO DE TUBOS E PECAS | B8: ASTU | C8: FORNEC E/OU ASSENT DE TUBO DE FERRO FUNDIDO JUNTA ELASTICA | D8: 0045 | F8: 97142 | G8: ASSENTAMENTO DE TUBO DE FERRO FUNDIDO PARA REDE DE ÁGUA, DN 100 MM, JUNTA ELÁSTICA, INSTALADO EM LOCAL COM NÍVEL ALTO DE INTERFERÊNCIAS (NÃO INCLUI FORNECIMENTO). AF_05/2024 | H8: M | I8: ATRIBUÍDO SÃO PAULO | J8: 4.6 | K8: CAIXA REFERENCIAL | L8: 4.6 | M8: CAIXA REFERENCIAL
A9: ASSENTAMENTO DE TUBOS E PECAS | B9: ASTU | C9: FORNEC E/OU ASSENT DE TUBO DE FERRO FUNDIDO JUNTA ELASTICA | D9: 0045 | F9: 97143 | G9: ASSENTAMENTO DE TUBO DE FERRO FUNDIDO PARA REDE DE ÁGUA, DN 150 MM, JUNTA ELÁSTICA, INSTALADO EM LOCAL COM NÍVEL ALTO DE INTERFERÊNCIAS (NÃO INCLUI FORNECIMENTO). AF_05/2024 | H9: M | I9: ATRIBUÍDO SÃO PAULO | J9: 6.04 | K9: CAIXA REFERENCIAL | L9: 6.04 | M9: CAIXA REFERENCIAL
A10: ASSENTAMENTO DE TUBOS E PECAS | B10: ASTU | C10: FORNEC E/OU ASSENT DE TUBO DE FERRO FUNDIDO JUNTA ELASTICA | D10: 0045 | F10: 97144 | G10: ASSENTAMENTO DE TUBO DE FERRO FUNDIDO PARA REDE DE ÁGUA, DN 200 MM, JUNTA ELÁSTICA, INSTALADO EM LOCAL COM NÍVEL ALTO DE INTERFERÊNCIAS (NÃO INCLUI FORNECIMENTO). AF_05/2024 | H10: M | I10: ATRIBUÍDO SÃO PAULO | J10: 7.5 | K10: CAIXA REFERENCIAL | L10: 7.5 | M10: CAIXA REFERENCIAL
A11: ASSENTAMENTO DE TUBOS E PECAS | B11: ASTU | C11: FORNEC E/OU ASSENT DE TUBO DE FERRO FUNDIDO JUNTA ELASTICA | D11: 0045 | F11: 97145 | G11: ASSENTAMENTO DE TUBO DE FERRO FUNDIDO PARA REDE DE ÁGUA, DN 250 MM, JUNTA ELÁSTICA, INSTALADO EM LOCAL COM NÍVEL ALTO DE INTERFERÊNCIAS (NÃO INCLUI FORNECIMENTO). AF_05/2024 | H11: M | I11: ATRIBUÍDO SÃO PAULO | J11: 8.97 | K11: CAIXA REFERENCIAL | L11: 8.97 | M11: CAIXA REFERENCIAL
A12: ASSENTAMENTO DE TUBOS E PECAS | B12: ASTU | C12: FORNEC E/OU ASSENT DE TUBO DE FERRO FUNDIDO JUNTA ELASTICA | D12: 0045 | F12: 97146 | G12: ASSENTAMENTO DE TUBO DE FERRO FUNDIDO PARA REDE DE ÁGUA, DN 300 MM, JUNTA ELÁSTICA, INSTALADO EM LOCAL COM NÍVEL ALTO DE INTERFERÊNCIAS (NÃO INCLUI FORNECIMENTO). AF_05/2024 | H12: M | I12: ATRIBUÍDO SÃO PAULO | J12: 10.44 | K12: CAIXA REFERENCIAL | L12: 10.44 | M12: CAIXA REFERENCIAL
A13: ASSENTAMENTO DE TUBOS E PECAS | B13: ASTU | C13: FORNEC E/OU ASSENT DE TUBO DE FERRO FUNDIDO JUNTA ELASTICA | D13: 0045 | F13: 97147 | G13: ASSENTAMENTO DE TUBO DE FERRO FUNDIDO PARA REDE DE ÁGUA, DN 350 MM, JUNTA ELÁSTICA, INSTALADO EM LOCAL COM NÍVEL ALTO DE INTERFERÊNCIAS (NÃO INCLUI FORNECIMENTO). AF_05/2024 | H13: M | I13: ATRIBUÍDO SÃO PAULO | J13: 11.93 | K13: CAIXA REFERENCIAL | L13: 11.93 | M13: CAIXA REFERENCIAL
A14: ASSENTAMENTO DE TUBOS E PECAS | B14: ASTU | C14: FORNEC E/OU ASSENT DE TUBO DE FERRO FUNDIDO JUNTA ELASTICA | D14: 0045 | F14: 97148 | G14: ASSENTAMENTO DE TUBO DE FERRO FUNDIDO PARA REDE DE ÁGUA, DN 400 MM, JUNTA ELÁSTICA, INSTALADO EM LOCAL COM NÍVEL ALTO DE INTERFERÊNCIAS (NÃO INCLUI FORNECIMENTO). AF_05/2024 | H14: M | I14: ATRIBUÍDO SÃO PAULO | J14: 13.4 | K14: CAIXA REFERENCIAL | L14: 13.4 | M14: CAIXA REFERENCIAL
A15: ASSENTAMENTO DE TUBOS E PECAS | B15: ASTU | C15: FORNEC E/OU ASSENT DE TUBO DE FERRO FUNDIDO JUNTA ELASTICA | D15: 0045 | F15: 97149 | G15: ASSENTAMENTO DE TUBO DE FERRO FUNDIDO PARA REDE DE ÁGUA, DN 450 MM, JUNTA ELÁSTICA, INSTALADO EM LOCAL COM NÍVEL ALTO DE INTERFERÊNCIAS (NÃO INCLUI FORNECIMENTO). AF_05/2024 | H15: M | I15: ATRIBUÍDO SÃO PAULO | J15: 14.91 | K15: CAIXA REFERENCIAL | L15: 14.91 | M15: CAIXA REFERENCIAL
A16: ASSENTAMENTO DE TUBOS E PECAS | B16: ASTU | C16: FORNEC E/OU ASSENT DE TUBO DE FERRO FUNDIDO JUNTA ELASTICA | D16: 0045 | F16: 97150 | G16: ASSENTAMENTO DE TUBO DE FERRO FUNDIDO PARA REDE DE ÁGUA, DN 500 MM, JUNTA ELÁSTICA, INSTALADO EM LOCAL COM NÍVEL ALTO DE INTERFERÊNCIAS (NÃO INCLUI FORNECIMENTO). AF_05/2024 | H16: M | I16: ATRIBUÍDO SÃO PAULO | J16: 19.73 | K16: CAIXA REFERENCIAL | L16: 19.73 | M16: CAIXA REFERENCIAL
A17: ASSENTAMENTO DE TUBOS E PECAS | B17: ASTU | C17: FORNEC E/OU ASSENT DE TUBO DE FERRO FUNDIDO JUNTA ELASTICA | D17: 0045 | F17: 97151 | G17: ASSENTAMENTO DE TUBO DE FERRO FUNDIDO PARA REDE DE ÁGUA, DN 600 MM, JUNTA ELÁSTICA, INSTALADO EM LOCAL COM NÍVEL ALTO DE INTERFERÊNCIAS (NÃO INCLUI FORNECIMENTO). AF_05/2024 | H17: M | I17: ATRIBUÍDO SÃO PAULO | J17: 23.24 | K17: CAIXA REFERENCIAL | L17: 23.24 | M17: CAIXA REFERENCIAL
A18: ASSENTAMENTO DE TUBOS E PECAS | B18: ASTU | C18: FORNEC E/OU ASSENT DE TUBO DE FERRO FUNDIDO JUNTA ELASTICA | D18: 0045 | F18: 97152 | G18: ASSENTAMENTO DE TUBO DE FERRO FUNDIDO PARA REDE DE ÁGUA, DN 700 MM, JUNTA ELÁSTICA, INSTALADO EM LOCAL COM NÍVEL ALTO DE INTERFERÊNCIAS (NÃO INCLUI FORNECIMENTO). AF_05/2024 | H18: M | I18: ATRIBUÍDO SÃO PAULO | J18: 26.44 | K18: CAIXA REFERENCIAL | L18: 26.44 | M18: CAIXA REFERENCIAL
... A7749: SERVICOS DIVERSOS | B7749: SEDI | C7749: OUTROS | D7749: 0318 | F7749: 101460 | G7749: VIGIA DIURNO COM ENCARGOS COMPLEMENTARES | H7749: MES | I7749: COEFICIENTE DE REPRESENTATIVIDADE | J7749: 3688.32 | K7749: ENCARGOS COMPLEMENTARES REFERENCIAL | L7749: 3688.32 | M7749: ENCARGOS COMPLEMENTARES REFERENCIAL

Sheet COMP SIN D
A1: PCI.817.01 - CUSTO DE COMPOSIÇÕES - SINTÉTICO DATA DE EMISSÃO: 12/07/2024 23:42:46 DATA DE RT: 12/07/2024
A2: ENCARGOS SOCIAIS DESONERADOS: 79,65%(HORA) 43,45%(MÊS)
A3: ABRANGÊNCIA : NACIONAL LOCALIDADE : CUIABA DATA DE PREÇO : 06/2024 REFERÊNCIA COLETA : MEDIANO
A5: DESCRICAO DA CLASSE | B5: SIGLA DA CLASSE | C5: DESCRICAO DO TIPO 1 | D5: SIGLA DO TIPO 1 | E5: CODIGO DO AGRUPADOR | F5: DESCRICAO DO AGRUPADOR | G5: CODIGO DA COMPOSICAO | H5: DESCRICAO DA COMPOSICAO | I5: UNIDADE | J5: ORIGEM DE PREÇO | K5: CUSTO TOTAL | L5: VINCULO
A7: ASSENTAMENTO DE TUBOS E PECAS | B7: ASTU | C7: FORNEC E/OU ASSENT DE TUBO DE FERRO FUNDIDO JUNTA ELASTICA | D7: 0045 | G7: 97141 | H7: ASSENTAMENTO DE TUBO DE FERRO FUNDIDO PARA REDE DE ÁGUA, DN 80 MM, JUNTA ELÁSTICA, INSTALADO EM LOCAL COM NÍVEL ALTO DE INTERFERÊNCIAS (NÃO INCLUI FORNECIMENTO). AF_05/2024 | I7: M | J7: ATRIBUÍDO SÃO PAULO | K7: 3.77 | L7: CAIXA REFERENCIAL
A8: ASSENTAMENTO DE TUBOS E PECAS | B8: ASTU | C8: FORNEC E/OU ASSENT DE TUBO DE FERRO FUNDIDO JUNTA ELASTICA | D8: 0045 | G8: 97142 | H8: ASSENTAMENTO DE TUBO DE FERRO FUNDIDO PARA REDE DE ÁGUA, DN 100 MM, JUNTA ELÁSTICA, INSTALADO EM LOCAL COM NÍVEL ALTO DE INTERFERÊNCIAS (NÃO INCLUI FORNECIMENTO). AF_05/2024 | I8: M | J8: ATRIBUÍDO SÃO PAULO | K8: 4.33 | L8: CAIXA REFERENCIAL
A9: ASSENTAMENTO DE TUBOS E PECAS | B9: ASTU | C9: FORNEC E/OU ASSENT DE TUBO DE FERRO FUNDIDO JUNTA ELASTICA | D9: 0045 | G9: 97143 | H9: ASSENTAMENTO DE TUBO DE FERRO FUNDIDO PARA REDE DE ÁGUA, DN 150 MM, JUNTA ELÁSTICA, INSTALADO EM LOCAL COM NÍVEL ALTO DE INTERFERÊNCIAS (NÃO INCLUI FORNECIMENTO). AF_05/2024 | I9: M | J9: ATRIBUÍDO SÃO PAULO | K9: 5.68 | L9: CAIXA REFERENCIAL
A10: ASSENTAMENTO DE TUBOS E PECAS | B10: ASTU | C10: FORNEC E/OU ASSENT DE TUBO DE FERRO FUNDIDO JUNTA ELASTICA | D10: 0045 | G10: 97144 | H10: ASSENTAMENTO DE TUBO DE FERRO FUNDIDO PARA REDE DE ÁGUA, DN 200 MM, JUNTA ELÁSTICA, INSTALADO EM LOCAL COM NÍVEL ALTO DE INTERFERÊNCIAS (NÃO INCLUI FORNECIMENTO). AF_05/2024 | I10: M | J10: ATRIBUÍDO SÃO PAULO | K10: 7.02 | L10: CAIXA REFERENCIAL
A11: ASSENTAMENTO DE TUBOS E PECAS | B11: ASTU | C11: FORNEC E/OU ASSENT DE TUBO DE FERRO FUNDIDO JUNTA ELASTICA | D11: 0045 | G11: 97145 | H11: ASSENTAMENTO DE TUBO DE FERRO FUNDIDO PARA REDE DE ÁGUA, DN 250 MM, JUNTA ELÁSTICA, INSTALADO EM LOCAL COM NÍVEL ALTO DE INTERFERÊNCIAS (NÃO INCLUI FORNECIMENTO). AF_05/2024 | I11: M | J11: ATRIBUÍDO SÃO PAULO | K11: 8.4 | L11: CAIXA REFERENCIAL
A12: ASSENTAMENTO DE TUBOS E PECAS | B12: ASTU | C12: FORNEC E/OU ASSENT DE TUBO DE FERRO FUNDIDO JUNTA ELASTICA | D12: 0045 | G12: 97146 | H12: ASSENTAMENTO DE TUBO DE FERRO FUNDIDO PARA REDE DE ÁGUA, DN 300 MM, JUNTA ELÁSTICA, INSTALADO EM LOCAL COM NÍVEL ALTO DE INTERFERÊNCIAS (NÃO INCLUI FORNECIMENTO). AF_05/2024 | I12: M | J12: ATRIBUÍDO SÃO PAULO | K12: 9.76 | L12: CAIXA REFERENCIAL
A13: ASSENTAMENTO DE TUBOS E PECAS | B13: ASTU | C13: FORNEC E/OU ASSENT DE TUBO DE FERRO FUNDIDO JUNTA ELASTICA | D13: 0045 | G13: 97147 | H13: ASSENTAMENTO DE TUBO DE FERRO FUNDIDO PARA REDE DE ÁGUA, DN 350 MM, JUNTA ELÁSTICA, INSTALADO EM LOCAL COM NÍVEL ALTO DE INTERFERÊNCIAS (NÃO INCLUI FORNECIMENTO). AF_05/2024 | I13: M | J13: ATRIBUÍDO SÃO PAULO | K13: 11.15 | L13: CAIXA REFERENCIAL
A14: ASSENTAMENTO DE TUBOS E PECAS | B14: ASTU | C14: FORNEC E/OU ASSENT DE TUBO DE FERRO FUNDIDO JUNTA ELASTICA | D14: 0045 | G14: 97148 | H14: ASSENTAMENTO DE TUBO DE FERRO FUNDIDO PARA REDE DE ÁGUA, DN 400 MM, JUNTA ELÁSTICA, INSTALADO EM LOCAL COM NÍVEL ALTO DE INTERFERÊNCIAS (NÃO INCLUI FORNECIMENTO). AF_05/2024 | I14: M | J14: ATRIBUÍDO SÃO PAULO | K14: 12.51 | L14: CAIXA REFERENCIAL
A15: ASSENTAMENTO DE TUBOS E PECAS | B15: ASTU | C15: FORNEC E/OU ASSENT DE TUBO DE FERRO FUNDIDO JUNTA ELASTICA | D15: 0045 | G15: 97149 | H15: ASSENTAMENTO DE TUBO DE FERRO FUNDIDO PARA REDE DE ÁGUA, DN 450 MM, JUNTA ELÁSTICA, INSTALADO EM LOCAL COM NÍVEL ALTO DE INTERFERÊNCIAS (NÃO INCLUI FORNECIMENTO). AF_05/2024 | I15: M | J15: ATRIBUÍDO SÃO PAULO | K15: 13.93 | L15: CAIXA REFERENCIAL
A16: ASSENTAMENTO DE TUBOS E PECAS | B16: ASTU | C16: FORNEC E/OU ASSENT DE TUBO DE FERRO FUNDIDO JUNTA ELASTICA | D16: 0045 | G16: 97150 | H16: ASSENTAMENTO DE TUBO DE FERRO FUNDIDO PARA REDE DE ÁGUA, DN 500 MM, JUNTA ELÁSTICA, INSTALADO EM LOCAL COM NÍVEL ALTO DE INTERFERÊNCIAS (NÃO INCLUI FORNECIMENTO). AF_05/2024 | I16: M | J16: ATRIBUÍDO SÃO PAULO | K16: 18.63 | L16: CAIXA REFERENCIAL
A17: ASSENTAMENTO DE TUBOS E PECAS | B17: ASTU | C17: FORNEC E/OU ASSENT DE TUBO DE FERRO FUNDIDO JUNTA ELASTICA | D17: 0045 | G17: 97151 | H17: ASSENTAMENTO DE TUBO DE FERRO FUNDIDO PARA REDE DE ÁGUA, DN 600 MM, JUNTA ELÁSTICA, INSTALADO EM LOCAL COM NÍVEL ALTO DE INTERFERÊNCIAS (NÃO INCLUI FORNECIMENTO). AF_05/2024 | I17: M | J17: ATRIBUÍDO SÃO PAULO | K17: 21.94 | L17: CAIXA REFERENCIAL
A18: ASSENTAMENTO DE TUBOS E PECAS | B18: ASTU | C18: FORNEC E/OU ASSENT DE TUBO DE FERRO FUNDIDO JUNTA ELASTICA | D18: 0045 | G18: 97152 | H18: ASSENTAMENTO DE TUBO DE FERRO FUNDIDO PARA REDE DE ÁGUA, DN 700 MM, JUNTA ELÁSTICA, INSTALADO EM LOCAL COM NÍVEL ALTO DE INTERFERÊNCIAS (NÃO INCLUI FORNECIMENTO). AF_05/2024 | I18: M | J18: ATRIBUÍDO SÃO PAULO | K18: 24.93 | L18: CAIXA REFERENCIAL
... A7749: SERVICOS DIVERSOS | B7749: SEDI | C7749: OUTROS | D7749: 0318 | G7749: 101460 | H7749: VIGIA DIURNO COM ENCARGOS COMPLEMENTARES | I7749: MES | J7749: COEFICIENTE DE REPRESENTATIVIDADE | K7749: 3329.48 | L7749: ENCARGOS COMPLEMENTARES REFERENCIAL

Sheet INSUMOS
A1: PRECOS DE INSUMOS - BANCO NACIONAL
A3: MES DE COLETA: 09/2024
A4: LOCALIDADE: 4160 - CUIABA
A5: ENCARGOS SOCIAIS (%) HORISTA 106,84 MENSALISTA 65,40
A7: CODIGO | B7: DESCRICAO DO INSUMO | C7: UNIDADE DE MEDIDA | D7: ORIGEM DO PRECO | E7: PRECO MEDIANO R$
A8: 38605 | B8: ABERTURA PARA ENCAIXE DE CUBA OU LAVATORIO EM BANCADA DE MARMORE/ GRANITO OU OUTRO TIPO DE PEDRA NATURAL | C8: UN | D8: CR | E8: 162.58
A9: 11270 | B9: ABRACADEIRA DE LATAO PARA FIXACAO DE CABO PARA-RAIO, DIMENSOES 32 X 24 X 24 MM | C9: UN | D9: AS | E9: 2.74
A10: 412 | B10: ABRACADEIRA DE NYLON PARA AMARRACAO DE CABOS, COMPRIMENTO DE *230* X *7,6* MM | C10: UN | D10: CR | E10: 1.44
A11: 414 | B11: ABRACADEIRA DE NYLON PARA AMARRACAO DE CABOS, COMPRIMENTO DE 100 X 2,5 MM | C11: UN | D11: CR | E11: 0.09
A12: 410 | B12: ABRACADEIRA DE NYLON PARA AMARRACAO DE CABOS, COMPRIMENTO DE 150 X *3,6* MM | C12: UN | D12: CR | E12: 0.22
A13: 411 | B13: ABRACADEIRA DE NYLON PARA AMARRACAO DE CABOS, COMPRIMENTO DE 200 X *4,6* MM | C13: UN | D13: C | E13: 0.28
A14: 408 | B14: ABRACADEIRA DE NYLON PARA AMARRACAO DE CABOS, COMPRIMENTO DE 390 X *4,6* MM | C14: UN | D14: CR | E14: 1.39
A15: 39131 | B15: ABRACADEIRA EM ACO PARA AMARRACAO DE ELETRODUTOS, TIPO D, COM 1 1/2" E CUNHA DE FIXACAO | C15: UN | D15: CR | E15: 4.08
A16: 394 | B16: ABRACADEIRA EM ACO PARA AMARRACAO DE ELETRODUTOS, TIPO D, COM 1 1/2" E PARAFUSO DE FIXACAO | C16: UN | D16: CR | E16: 4.13
A17: 39130 | B17: ABRACADEIRA EM ACO PARA AMARRACAO DE ELETRODUTOS, TIPO D, COM 1 1/4" E CUNHA DE FIXACAO | C17: UN | D17: CR | E17: 3.72
A18: 395 | B18: ABRACADEIRA EM ACO PARA AMARRACAO DE ELETRODUTOS, TIPO D, COM 1 1/4" E PARAFUSO DE FIXACAO | C18: UN | D18: CR | E18: 3.98
A19: 39127 | B19: ABRACADEIRA EM ACO PARA AMARRACAO DE ELETRODUTOS, TIPO D, COM 1/2" E CUNHA DE FIXACAO | C19: UN | D19: CR | E19: 1.96
... A4834: 41096 | B4834: VIGIA DIURNO (MENSALISTA) | C4834: MES | D4834: CR | E4834: 2334.92
A4836: TOTAL DE INSUMOS : 4827
